Workbook
Name \b: #N/A
Name \c: #N/A
Name \e: #N/A
Name \i: #N/A
Name \m: #N/A
Name \r: #N/A
Name \t: #N/A
Name \x: #N/A
Name \z: #N/A
Name _____________INF1: #REF!
Name _____________INF1: #REF!
Name _____________INF1: #REF!
Name _____________INF1: #REF!
Name _____________INF1: #REF!
Name ____________INF1: #REF!
Name ____________INF1: #REF!
Name ____________INF1: #REF!
Name ____________INF1: #REF!
Name ____________INF1: #REF!
Name ___________INF1: #REF!
Name ___________INF1: #REF!
Name __________AIU1: #REF!
Name __________AIU2: [1]BASE!$C$5
Name __________Cod1: #REF!
Name __________INF1: #REF!
Name __________Pa2: #REF!
Name __________Pa3: #REF!
Name __________Pa4: #REF!
Name __________Po2: [2]REAJUSTESACTA1PROVI!#REF!
Name __________ST166: #REF!
Name __________TPE8016: #REF!
Name __________TPE8020: #REF!
Name __________TPE8025: #REF!
Name __________TPN1002: #REF!
Name __________TPN1003: #REF!
Name __________TPN1004: #REF!
Name __________TPN1006: #REF!
Name __________TPN1008: #REF!
Name __________TPN1202: #REF!
Name __________TPN1203: #REF!
Name __________TPN1204: #REF!
Name __________TPN1206: #REF!
Name __________TPN1208: #REF!
Name __________TPN16012: #REF!
Name __________TPN1602: #REF!
Name __________TPN1603: #REF!
Name __________TPN1604: #REF!
Name __________TPN1606: #REF!
Name __________TPN1608: #REF!
Name __________TUZ22: #REF!
Name __________TUZ36: #REF!
Name __________TZ323: #REF!
Name __________TZ324: #REF!
Name _________AIU1: #REF!
Name _________AIU2: [1]BASE!$C$5
Name _________Cod1: #REF!
Name _________INF1: #REF!
Name _________key2: [3]INST!#REF!
Name _________Pa1: #REF!
Name _________Pa2: #REF!

Sheet CANT ELEC
A1: DESCRIPCIÓN | B1: TOMAS | C1: HERMÉTICAS | D1: PANELES 18W | E1: EMERGENCIA | F1: DATOS | G1: INTERRUPTOR | H1: TABLEROS
A2: SALON 1 | B2: 4 | C2: 9 | E2: 1 | F2: 1 | G2: 1
A3: SALON 2 | B3: 4 | C3: 6 | E3: 1 | F3: 1 | G3: 1
A4: SALON 3 | B4: 4 | C4: 6 | E4: 1 | F4: 1 | G4: 1
A5: SALON N2 | B5: 4 | C5: 9 | E5: 1 | F5: 1 | G5: 1
A6: BIBLIOTECA | B6: 6 | C6: 4 | E6: 1 | F6: 1 | G6: 1
A7: TIENDA | B7: 4 | D7: 4 | G7: 1
A8: COCINA | B8: 3 | C8: 2 | G8: 1
A9: COMEDOR | B9: 4 | C9: 4 | E9: 2 | F9: 1 | G9: 1
A10: BAÑOS | D10: 9 | G10: 6
A11: CORREDOR | B11: 1 | D11: 19 | E11: 9 | G11: 1 | H11: 2
A12: WIFI | B12: 3 | F12: 3
A17: TOTAL | B17: =SUM(B2:B16) -> 37 | C17: =SUM(C2:C16) -> 40 | D17: =SUM(D2:D16) -> 32 | E17: =SUM(E2:E16) -> 16 | F17: =SUM(F2:F16) -> 9 | G17: =SUM(G2:G16) -> 15 | H17: =SUM(H2:H16) -> 2
A20: ALIMENTADOR 3X12 | D20: ALIMENTADOR # 8AWG
A21: TD-01: 01 | B21: 15 | D21: 6
A22: TD-01: 02 | B22: 8
A23: TD-01: 03 | B23: 5
A24: TD-01: 04 | B24: 12
A25: TD-01: 05 | B25: 14
A26: TD-01: 06 | B26: 11
A27: TD-01: 07
A28: TD-01: 08
A29: TD-02: 01 | B29: 32 | D29: 6
A30: TD-02: 02 | B30: 31
A31: TD-02: 03 | B31: 35
A32: TD-02: 04 | B32: 12
A33: TD-02: 05 | B33: 5
A34: TD-02: 06 | B34: 23
A35: TD-02: 07 | B35: 28
A36: TD-02: 08 | B36: 27
A37: REGRESOS | B37: 20
A38: PRINCIPAL | D38: 18
A39: TOTAL | B39: =SUM(B21:B38) -> 278 | D39: 30

Sheet CAPITULOS
A1: PRESUPUESTO POR CAPITULOS
A3: 1 | B3: =+LOOKUP(A3,#REF!,#REF!) -> #REF! | C3: =+LOOKUP(A3,#REF!,#REF!) -> #REF! | D3: =+C3/$C$14 -> #REF!
A4: 2 | B4: =+LOOKUP(A4,#REF!,#REF!) -> #REF! | C4: =+LOOKUP(A4,#REF!,#REF!) -> #REF! | D4: =+C4/$C$14 -> #REF!
A5: 3 | B5: =+LOOKUP(A5,#REF!,#REF!) -> #REF! | C5: =+LOOKUP(A5,#REF!,#REF!) -> #REF! | D5: =+C5/$C$14 -> #REF!
A6: 4 | B6: =+LOOKUP(A6,#REF!,#REF!) -> #REF! | C6: =+LOOKUP(A6,#REF!,#REF!) -> #REF! | D6: =+C6/$C$14 -> #REF!
A7: 5 | B7: =+LOOKUP(A7,#REF!,#REF!) -> #REF! | C7: =+LOOKUP(A7,#REF!,#REF!) -> #REF! | D7: =+C7/$C$14 -> #REF!
A8: 6 | B8: =+LOOKUP(A8,#REF!,#REF!) -> #REF! | C8: =+LOOKUP(A8,#REF!,#REF!) -> #REF! | D8: =+C8/$C$14 -> #REF!
A9: 7 | B9: =+LOOKUP(A9,#REF!,#REF!) -> #REF! | C9: =+LOOKUP(A9,#REF!,#REF!) -> #REF! | D9: =+C9/$C$14 -> #REF!
A10: 8 | B10: =+LOOKUP(A10,#REF!,#REF!) -> #REF! | C10: =+LOOKUP(A10,#REF!,#REF!) -> #REF! | D10: =+C10/$C$14 -> #REF!
A11: 9 | B11: =+LOOKUP(A11,#REF!,#REF!) -> #REF! | C11: =+LOOKUP(A11,#REF!,#REF!) -> #REF! | D11: =+C11/$C$14 -> #REF!
A12: 10 | B12: =+#REF! -> #REF! | C12: =+#REF! -> #REF! | D12: =+C12/$C$14 -> #REF!
B14: COSTO OBRA CIVIL E INSTALACIONES ANTES DE A.U.I | C14: =SUM(C3:C12) -> #REF! | D14: =+C14/$C$14 -> #REF!
A16: =+A12+1 -> 11 | B16: ADMINISTRACIÓN | C16: =+#REF! -> #REF! | D16: =+C16/$C$14 -> #REF!
A17: =+A16+1 -> 12 | B17: UTILIDAD | C17: =+#REF! -> #REF! | D17: =+C17/$C$14 -> #REF!
B19: COSTO DIRECTO TOTAL | C19: =SUM(C14:C17) -> #REF! | D19: =+C19/$C$14 -> #REF!
A21: =+A17+1 -> 13 | B21: COSTOS REEMBOLSABLES DE OBRA | C21: =+#REF! -> #REF! | D21: =+C21/$C$14 -> #REF!
A22: =+A21+1 -> 14 | B22: INTERVENTORIA | C22: =+#REF! -> #REF! | D22: =+C22/$C$14 -> #REF!
A23: =+A22+1 -> 15 | B23: ESTRATEGIA SOCIAL | C23: =+#REF! -> #REF! | D23: =+C23/$C$14 -> #REF!
A24: =+A23+1 -> 16 | B24: OTROS | C24: =+#REF! -> #REF! | D24: =+C24/$C$14 -> #REF!
B26: COSTOS INDIRECTOS | C26: =SUM(C21:C24) -> #REF! | D26: =+C26/$C$14 -> #REF!
B29: COSTO TOTAL PROYECTO | C29: =+C19+C26 -> #REF! | D29: =+C29/$C$14 -> #REF!

Sheet FORM-INTER
C2: ANÁLISIS DE LA INTERVENTORÍA
B5: PROYECTO U OBRA:
B6: INTERVENTORIA
B7: COSTO TOTAL DE LA OBRA
B8: PLAZO DEL CONTRATO EN DÍAS | I8: =6*30 -> 180
B10: 1 | C10: PERSONAL DE LA INTERVENTORÍA
B11: Código | C11: Cargo | D11: Unidad | E11: Cantidad | F11: Dedicación | G11: Salario mensual | H11: Duración | I11: Subtotal
B12: 1.05 | C12: =+INDEX(#REF!,MATCH(B12,#REF!,0),2) -> #REF! | D12: mes | E12: 1 | F12: 0.1 | G12: 5000000 | H12: 6 | I12: =H12*G12*F12*E12 -> 3000000
B13: 1.11 | C13: =+INDEX(#REF!,MATCH(B13,#REF!,0),2) -> #REF! | D13: mes | E13: 1 | F13: 1 | G13: 3300000 | H13: 6 | I13: =H13*G13*F13*E13 -> 19800000
B14: 1.09 | C14: =+INDEX(#REF!,MATCH(B14,#REF!,0),2) -> #REF! | D14: mes | E14: 1 | F14: 0.6 | G14: 2600000 | H14: 6 | I14: =H14*G14*F14*E14 -> 9360000
B15: 2 | C15: APLICACIÓN DEL FAC TOR MULTIPLICADOR
B16: 2.1 | C16: SUBTOTAL COSTOS DEL PERSONAL | I16: =ROUND(SUM(I12:I14),0) -> 32160000
B17: 2.2 | C17: FACTOR MULTIPLICADOR | I17: =+FM!I40 -> 2
B18: 2.3 | C18: SUBTOTAL COSTOS DEL PERSONAL CON FACTOR MULTIPLICADOR | I18: =+ROUND(I16*I17,0) -> 64320000
B20: 3 | C20: EQUIPOS Y ENSAYOS
B21: Código | C21: Descripción | D21: Unidad | E21: Cantidad | F21: Dedicación | G21: Valor Unitario | H21: Duración | I21: Subtotal
B22: 3.2 | C22: Fallo Cilindros concreto en laboratorio Ø 6" | D22: global | E22: 1 | F22: 1 | G22: 226966.5 | H22: 6 | I22: =H22*G22*F22*E22 -> 1361799
B23: SUBTOTAL EQUIPOS Y ENSAYOS | I23: =ROUND(SUM(I22:I22),0) -> 1361799
B25: SUBTOTAL INTERVENTORÍA DE OBRA | I25: =I23+I18 -> 65681799
B26: IVA | H26: 0.19 | I26: =ROUND(I25*H26,0) -> 12479542
B27: TOTAL INTERVENTORÍA | I27: =I26+I25 -> 78161341

Sheet FM
B2: FACTOR MULTIPLICADOR INTERVENTORÍA
B3: ITEM | C3: DESCRIPCION | D3: PORCENTAJE PARCIAL | I3: PORCENTAJE TOTAL
B4: A | C4: SALARIO BÁSICO | I4: =SUM(D5) -> 1
C5: Nómina Total Mensual | D5: 1
B6: B | C6: PRESTACIONES SOCIALES | I6: =SUM(D7:D19) -> 0.5879
C7: Cesantías | D7: 0.0833
C8: Intereses sobre cesantías | D8: 0.01
C9: Primas | D9: 0.0833
C10: Vacaciones | D10: 0.0417
C11: SEGURIDAD SOCIAL
C12: Aportes a Salud | D12: 0.085
C13: Aportes a Pensión | D13: 0.12
C14: ARP | D14: 0.0696
C15: OTROS
C16: Sena | D16: 0.02
C17: ICBF | D17: 0.03
C18: Caja de compensación familiar | D18: 0.04
C19: Dotación | D19: 0.005
B20: C | C20: COSTOS DE PERFECCIONAMIENTO (ESTAMPILLA Y POLIZAS) | I20: =SUM(G21:G27) -> 0.16183106
C21: Póliza de Calidad , cumplimiento, salarios y prestaciones sociales | F21: =+'POLIZA INTERV'!H23 -> 702087 | G21: =F21/'FORM-INTER'!$I$16 -> 0.021831063
C22: IMPUESTOS | D22: =SUM(D23:D27) -> 0.14 | E22: =+'FORM-INTER'!I16 -> 32160000 | F22: =+E22*D22 -> 4502400 | K22: =+F22/'FORM-INTER'!I16 -> 0.14
C23: ESTAMPILLA PRO-CULTURA (2%) | D23: 0.02 | E23: =+E22 -> 32160000 | F23: =+E23*D23 -> 643200 | G23: =F23/'FORM-INTER'!$I$16 -> 0.02 | M23: ESTAMPILLA PRO-CULTURA (2%)
C24: ESTAMPILLA PRO-ADULTO MAYOR (4%) | D24: 0.04 | E24: =+E23 -> 32160000 | F24: =+E24*D24 -> 1286400 | G24: =F24/'FORM-INTER'!$I$16 -> 0.04 | M24: ESTAMPILLA PRO-ADULTO MAYOR (4%)
C25: ESTAMPILLA PRO-HOSPITAL (1%) | D25: 0.01 | E25: =+E24 -> 32160000 | F25: =+E25*D25 -> 321600 | G25: =F25/'FORM-INTER'!$I$16 -> 0.01 | M25: ESTAMPILLA PRO-HOSPITAL (1%)
C26: ESTAMPILLA PRO-DEPORTE (2%) | D26: 0.02 | E26: =+E25 -> 32160000 | F26: =+E26*D26 -> 643200 | G26: =F26/'FORM-INTER'!$I$16 -> 0.02 | M26: ESTAMPILLA PRO-DEPORTE (2%)
C27: CONTRIBUCIÓN CONTRATOS DE OBRA PÚBLICA (5%) | D27: 0.05 | E27: =+E26 -> 32160000 | F27: =+E27*D27 -> 1608000 | G27: =F27/'FORM-INTER'!$I$16 -> 0.05 | M27: CONTRIBUCIÓN CONTRATOS DE OBRA PÚBLICA (5%)
B28: D | C28: COSTOS DE OFICINA CONSULTOR | I28: =SUM(H29:H36) -> 0.16
C29: COSTOS OFICINA CONSULTOR | D29: VR TOPE MENSUAL | E29: % RECONOCIMENTO | F29: PLAZO CONTRATO | G29: VALOR A RECONOCER
C30: Costos oficina (arrendamiento oficina central, pago administración local y servicios públicos) | D30: 450000 | E30: 0.2 | F30: =+'FORM-INTER'!H12 -> 6 | G30: =+D30*E30*F30 -> 540000 | H30: =+ROUND(G30/'FORM-INTER'!$I$16,2) -> 0.02
C31: Papelería de la oficina del consultor para uso del proyecto (cafetería y otros gastos funcionamiento | D31: 420000 | E31: 0.2 | F31: =+F30 -> 6 | G31: =+D31*E31*F31 -> 504000 | H31: =+ROUND(G31/'FORM-INTER'!$I$16,2) -> 0.02
C32: Muebles y equipos de oficina, pago programas, sistematización y actualización tecnológica, rack. | D32: 380000 | E32: 0.2 | F32: =+F30 -> 6 | G32: =+D32*E32*F32 -> 456000 | H32: =+ROUND(G32/'FORM-INTER'!$I$16,2) -> 0.01
C33: Personal Administrativo, tecnico y no tecnico no facturado (sueldo + prestaciones), Auxiliar contable, secretaría, conductor, mensajero | D33: 1500000 | E33: 0.2 | F33: =+F30 -> 6 | G33: =+D33*E33*F33 -> 1800000 | H33: =+ROUND(G33/'FORM-INTER'!$I$16,2) -> 0.06
C34: Asesoria legal, contable y tributaria | D34: 1400000 | E34: 0.2 | F34: =+F30 -> 6 | G34: =+D34*E34*F34 -> 1680000 | H34: =+ROUND(G34/'FORM-INTER'!$I$16,2) -> 0.05
C35: Gastos bancarios | D35: 0 | E35: 0 | F35: 0 | G35: =+D35*E35*F35 -> 0 | H35: =+ROUND(G35/'FORM-INTER'!$I$16,2) -> 0
B37: E | C37: HONORARIOS (UTILIDADES) 5% | D37: 0.05 | I37: =+(I4+I6+I28)*D37 -> 0.087395
C38: TOTAL A+B+C+D+E | D38: Redondeado | I38: =+ROUND(SUM(I4:I37),2) -> 2 | J38: 1.99 | K38: =+J38-I38 -> -0.01
B40: FACTOR MULTIPLICADOR % | I40: =+I38 -> 2
F43: POLIZA | G43: TOTAL INT
F44: 783308 | G44: =+'FORM-INTER'!M27 -> 0
F45: 471570

Sheet APU 2 
B2: AUNAR ESFUERZOS PARA EL MEJORAMIENTO DE LA INFRAESTRUCTURA FÍSICA DE LA C.E.R. VICENTE ARBELAEZ DEL MUNICIPIO DE MARINILLA
B3: C.E.R. VICENTE ARBELAEZ
B5: 1 | C5: PRELIMINARES
B6: 1.1 | C6: RETIRO DE APARATOS SANITARIOS, lavamanos, lavaderos, orinales. Incluye: Cargue, transporte y botada de escombros en lugares autorizados por el Municipo y/o autoridad ambiental, recuperación de los materiales aprovechables o su transporte hasta el sitio donde lo disponga la interventoria y/o entidad contratante. | H6: un | I6: =+H114 -> #REF!
B7: 1.2 | C7: RETIRO DE PUERTAS Y/O VENTANAS CON REJAS (marco y ala). Incluye: Cargue, transporte y botada de escombros en lugares autorizados por el Municipo y/o autoridad ambiental, recuperación de los materiales aprovechables o su transporte hasta el sitio donde lo disponga la interventoria y/o entidad contratante. | D7: RETIRO DE PUERTAS Y/O VENTANAS CON REJAS (marco y ala). Incluye: Cargue, transporte y botada de escombros en lugares autorizados por el Municipo y/o autoridad ambiental, recuperación de los materiales aprovechables o su transporte hasta el sitio donde lo disponga la interventoria y/o entidad contratante. | E7: RETIRO DE PUERTAS Y/O VENTANAS CON REJAS (marco y ala). Incluye: Cargue, transporte y botada de escombros en lugares autorizados por el Municipo y/o autoridad ambiental, recuperación de los materiales aprovechables o su transporte hasta el sitio donde lo disponga la interventoria y/o entidad contratante. | F7: RETIRO DE PUERTAS Y/O VENTANAS CON REJAS (marco y ala). Incluye: Cargue, transporte y botada de escombros en lugares autorizados por el Municipo y/o autoridad ambiental, recuperación de los materiales aprovechables o su transporte hasta el sitio donde lo disponga la interventoria y/o entidad contratante. | G7: RETIRO DE PUERTAS Y/O VENTANAS CON REJAS (marco y ala). Incluye: Cargue, transporte y botada de escombros en lugares autorizados por el Municipo y/o autoridad ambiental, recuperación de los materiales aprovechables o su transporte hasta el sitio donde lo disponga la interventoria y/o entidad contratante. | H7: un | I7: =H153 -> #REF!
B8: 1.3 | C8: RETIRO DE CUBIERTA EN TEJA DE BARRO, O ASBESTO CEMENTO Y/O PLÁSTICA EXISTENTE. Incluye cargue, botada y/o recuperación de los materiales aprovechables, trasporte hasta el sitio de deposito y/o disposición final donde lo indique la interventoría y/o entidad contratante, medido a lo largo de la pendiente. | D8: RETIRO DE CUBIERTA EN TEJA DE BARRO, O ASBESTO CEMENTO Y/O PLÁSTICA EXISTENTE. Incluye cargue, botada y/o recuperación de los materiales aprovechables, trasporte hasta el sitio de deposito y/o disposición final donde lo indique la interventoría y/o entidad contratante, medido a lo largo de la pendiente. | E8: RETIRO DE CUBIERTA EN TEJA DE BARRO, O ASBESTO CEMENTO Y/O PLÁSTICA EXISTENTE. Incluye cargue, botada y/o recuperación de los materiales aprovechables, trasporte hasta el sitio de deposito y/o disposición final donde lo indique la interventoría y/o entidad contratante, medido a lo largo de la pendiente. | F8: RETIRO DE CUBIERTA EN TEJA DE BARRO, O ASBESTO CEMENTO Y/O PLÁSTICA EXISTENTE. Incluye cargue, botada y/o recuperación de los materiales aprovechables, trasporte hasta el sitio de deposito y/o disposición final donde lo indique la interventoría y/o entidad contratante, medido a lo largo de la pendiente. | G8: RETIRO DE CUBIERTA EN TEJA DE BARRO, O ASBESTO CEMENTO Y/O PLÁSTICA EXISTENTE. Incluye cargue, botada y/o recuperación de los materiales aprovechables, trasporte hasta el sitio de deposito y/o disposición final donde lo indique la interventoría y/o entidad contratante, medido a lo largo de la pendiente. | H8: un | I8: =H191 -> #REF!
B9: 1.4 | C9: DEMOLICIÓN MECÁNICA DE PISO EN BALDOSA espesor <=15 cm. Incluye retiro de baldosa y mortero de nivelación, cargue, transporte y botada de escombros en lugares autorizados por el Municipo y/o autoridad ambiental y recuperación de los materiales aprovechables. (No incluye retiro de entresuelo) | D9: DEMOLICIÓN MECÁNICA DE PISO EN BALDOSA espesor <=15 cm. Incluye retiro de baldosa y mortero de nivelación, cargue, transporte y botada de escombros en lugares autorizados por el Municipo y/o autoridad ambiental y recuperación de los materiales aprovechables. (No incluye retiro de entresuelo) | E9: DEMOLICIÓN MECÁNICA DE PISO EN BALDOSA espesor <=15 cm. Incluye retiro de baldosa y mortero de nivelación, cargue, transporte y botada de escombros en lugares autorizados por el Municipo y/o autoridad ambiental y recuperación de los materiales aprovechables. (No incluye retiro de entresuelo) | F9: DEMOLICIÓN MECÁNICA DE PISO EN BALDOSA espesor <=15 cm. Incluye retiro de baldosa y mortero de nivelación, cargue, transporte y botada de escombros en lugares autorizados por el Municipo y/o autoridad ambiental y recuperación de los materiales aprovechables. (No incluye retiro de entresuelo) | G9: DEMOLICIÓN MECÁNICA DE PISO EN BALDOSA espesor <=15 cm. Incluye retiro de baldosa y mortero de nivelación, cargue, transporte y botada de escombros en lugares autorizados por el Municipo y/o autoridad ambiental y recuperación de los materiales aprovechables. (No incluye retiro de entresuelo) | H9: m2 | I9: =H305 -> #REF!
B10: 1.5 | C10: DEMOLICIÓN DE ENCHAPE, espesores entre 0.03 y 0.05 m. Incluye cargue, transporte y botada de escombros en botaderos oficiales, demolición de revoques y enchapes aplicados en el muro a demoler e instalaciones embebidas, además recuperación de los materiales aprovechables o su transporte hasta el sitio que lo indique la interventoría. | D10: DEMOLICIÓN DE ENCHAPE, espesores entre 0.03 y 0.05 m. Incluye cargue, transporte y botada de escombros en botaderos oficiales, demolición de revoques y enchapes aplicados en el muro a demoler e instalaciones embebidas, además recuperación de los materiales aprovechables o su transporte hasta el sitio que lo indique la interventoría. | E10: DEMOLICIÓN DE ENCHAPE, espesores entre 0.03 y 0.05 m. Incluye cargue, transporte y botada de escombros en botaderos oficiales, demolición de revoques y enchapes aplicados en el muro a demoler e instalaciones embebidas, además recuperación de los materiales aprovechables o su transporte hasta el sitio que lo indique la interventoría. | F10: DEMOLICIÓN DE ENCHAPE, espesores entre 0.03 y 0.05 m. Incluye cargue, transporte y botada de escombros en botaderos oficiales, demolición de revoques y enchapes aplicados en el muro a demoler e instalaciones embebidas, además recuperación de los materiales aprovechables o su transporte hasta el sitio que lo indique la interventoría. | G10: DEMOLICIÓN DE ENCHAPE, espesores entre 0.03 y 0.05 m. Incluye cargue, transporte y botada de escombros en botaderos oficiales, demolición de revoques y enchapes aplicados en el muro a demoler e instalaciones embebidas, además recuperación de los materiales aprovechables o su transporte hasta el sitio que lo indique la interventoría. | H10: m2 | I10: =H381 -> #REF!
B12: 2 | C12: MOVIMIENTOS DE TIERRA | D12: MOVIMIENTOS DE TIERRA | E12: MOVIMIENTOS DE TIERRA | F12: MOVIMIENTOS DE TIERRA | G12: MOVIMIENTOS DE TIERRA
B13: 2.1 | C13: EXCAVACIÓN MANUAL de material heterogéneo DE 0-2 m., bajo cualquier grado de humedad. Incluye: roca descompuesta, bolas de roca de volumen inferior a 0.35 m³., el cargue, transporte interno y externo, botada de material proveniente de las excavaciones en los sitios donde lo indique la interventoría y su medida será en el sitio. No incluye entibado. | D13: EXCAVACIÓN MANUAL de material heterogéneo DE 0-2 m., bajo cualquier grado de humedad. Incluye: roca descompuesta, bolas de roca de volumen inferior a 0.35 m³., el cargue, transporte interno y externo, botada de material proveniente de las excavaciones en los sitios donde lo indique la interventoría y su medida será en el sitio. No incluye entibado. | E13: EXCAVACIÓN MANUAL de material heterogéneo DE 0-2 m., bajo cualquier grado de humedad. Incluye: roca descompuesta, bolas de roca de volumen inferior a 0.35 m³., el cargue, transporte interno y externo, botada de material proveniente de las excavaciones en los sitios donde lo indique la interventoría y su medida será en el sitio. No incluye entibado. | F13: EXCAVACIÓN MANUAL de material heterogéneo DE 0-2 m., bajo cualquier grado de humedad. Incluye: roca descompuesta, bolas de roca de volumen inferior a 0.35 m³., el cargue, transporte interno y externo, botada de material proveniente de las excavaciones en los sitios donde lo indique la interventoría y su medida será en el sitio. No incluye entibado. | G13: EXCAVACIÓN MANUAL de material heterogéneo DE 0-2 m., bajo cualquier grado de humedad. Incluye: roca descompuesta, bolas de roca de volumen inferior a 0.35 m³., el cargue, transporte interno y externo, botada de material proveniente de las excavaciones en los sitios donde lo indique la interventoría y su medida será en el sitio. No incluye entibado. | H13: m3 | I13: =H420 -> #REF!
B14: 2.2 | C14: LLENOS EN MATERIAL PROVENIENTES DE LA EXCAVACIÓN, compactados mecánicamente hasta obtener una densidad del 95% de la máxima obtenida en el ensayo del próctor modificado. Incluye transporte interno. Su medida será en sitio ya compactado. | D14: LLENOS EN MATERIAL PROVENIENTES DE LA EXCAVACIÓN, compactados mecánicamente hasta obtener una densidad del 95% de la máxima obtenida en el ensayo del próctor modificado. Incluye transporte interno. Su medida será en sitio ya compactado. | E14: LLENOS EN MATERIAL PROVENIENTES DE LA EXCAVACIÓN, compactados mecánicamente hasta obtener una densidad del 95% de la máxima obtenida en el ensayo del próctor modificado. Incluye transporte interno. Su medida será en sitio ya compactado. | F14: LLENOS EN MATERIAL PROVENIENTES DE LA EXCAVACIÓN, compactados mecánicamente hasta obtener una densidad del 95% de la máxima obtenida en el ensayo del próctor modificado. Incluye transporte interno. Su medida será en sitio ya compactado. | G14: LLENOS EN MATERIAL PROVENIENTES DE LA EXCAVACIÓN, compactados mecánicamente hasta obtener una densidad del 95% de la máxima obtenida en el ensayo del próctor modificado. Incluye transporte interno. Su medida será en sitio ya compactado. | H14: m3 | I14: =H457 -> #REF!
B16: 3 | C16: CONCRETOS | D16: CONCRETOS | E16: CONCRETOS | F16: CONCRETOS | G16: CONCRETOS
B17: 3.1 | C17: Construcción de PISO EN CONCRETO DE 21 MPa. ESPESOR DE 0.10 m., con vaciado alternado. Incluye suministro y transporte de los materiales, perfilación, nivelación del terreno y adecuación de la superficie, entresuelo en piedra con un espesor de 0.15 m. y 0.05 m. de arenilla, malla electrosoldada D-84, dilataciones a junta perdida cada 1.80 m., acabado liso llaneado, vibrado, curado, protección de la superficie y todo lo necesario para su correcta construcción y funcionamiento. Según diseño. Unidades sanitarias y cocina. Para andenes el acabado debe ser escobillado y antideslizante. | D17: Construcción de PISO EN CONCRETO DE 21 MPa. ESPESOR DE 0.10 m., con vaciado alternado. Incluye suministro y transporte de los materiales, perfilación, nivelación del terreno y adecuación de la superficie, entresuelo en piedra con un espesor de 0.15 m. y 0.05 m. de arenilla, malla electrosoldada D-84, dilataciones a junta perdida cada 1.80 m., acabado liso llaneado, vibrado, curado, protección de la superficie y todo lo necesario para su correcta construcción y funcionamiento. Según diseño. Unidades sanitarias y cocina. Para andenes el acabado debe ser escobillado y antideslizante. | E17: Construcción de PISO EN CONCRETO DE 21 MPa. ESPESOR DE 0.10 m., con vaciado alternado. Incluye suministro y transporte de los materiales, perfilación, nivelación del terreno y adecuación de la superficie, entresuelo en piedra con un espesor de 0.15 m. y 0.05 m. de arenilla, malla electrosoldada D-84, dilataciones a junta perdida cada 1.80 m., acabado liso llaneado, vibrado, curado, protección de la superficie y todo lo necesario para su correcta construcción y funcionamiento. Según diseño. Unidades sanitarias y cocina. Para andenes el acabado debe ser escobillado y antideslizante. | F17: Construcción de PISO EN CONCRETO DE 21 MPa. ESPESOR DE 0.10 m., con vaciado alternado. Incluye suministro y transporte de los materiales, perfilación, nivelación del terreno y adecuación de la superficie, entresuelo en piedra con un espesor de 0.15 m. y 0.05 m. de arenilla, malla electrosoldada D-84, dilataciones a junta perdida cada 1.80 m., acabado liso llaneado, vibrado, curado, protección de la superficie y todo lo necesario para su correcta construcción y funcionamiento. Según diseño. Unidades sanitarias y cocina. Para andenes el acabado debe ser escobillado y antideslizante. | G17: Construcción de PISO EN CONCRETO DE 21 MPa. ESPESOR DE 0.10 m., con vaciado alternado. Incluye suministro y transporte de los materiales, perfilación, nivelación del terreno y adecuación de la superficie, entresuelo en piedra con un espesor de 0.15 m. y 0.05 m. de arenilla, malla electrosoldada D-84, dilataciones a junta perdida cada 1.80 m., acabado liso llaneado, vibrado, curado, protección de la superficie y todo lo necesario para su correcta construcción y funcionamiento. Según diseño. Unidades sanitarias y cocina. Para andenes el acabado debe ser escobillado y antideslizante. | H17: m2 | I17: =H501 -> #REF!
B19: 4 | C19: PINTURA Y REVOQUE | D19: PINTURA Y REVOQUE | E19: PINTURA Y REVOQUE | F19: PINTURA Y REVOQUE | G19: PINTURA Y REVOQUE
B20: 4.1 | C20: RESANE Y REPINTE de PINTURA ACRÍLICA tipo Koraza o equivalente para exteriores (hidrorepelente) de primera calidad que cumpla con la Norma NTC 1335, tres (3) manos o las que sean necesarias para obtener una superficie pareja y homogénea, a satisfacción de la interventoría. Incluye suministro y transporte de los materiales, preparada y adecuación de la superficie a intervenir. Color a definir según aprobación de la interventoría. | D20: RESANE Y REPINTE de PINTURA ACRÍLICA tipo Koraza o equivalente para exteriores (hidrorepelente) de primera calidad que cumpla con la Norma NTC 1335, tres (3) manos o las que sean necesarias para obtener una superficie pareja y homogénea, a satisfacción de la interventoría. Incluye suministro y transporte de los materiales, preparada y adecuación de la superficie a intervenir. Color a definir según aprobación de la interventoría. | E20: RESANE Y REPINTE de PINTURA ACRÍLICA tipo Koraza o equivalente para exteriores (hidrorepelente) de primera calidad que cumpla con la Norma NTC 1335, tres (3) manos o las que sean necesarias para obtener una superficie pareja y homogénea, a satisfacción de la interventoría. Incluye suministro y transporte de los materiales, preparada y adecuación de la superficie a intervenir. Color a definir según aprobación de la interventoría. | F20: RESANE Y REPINTE de PINTURA ACRÍLICA tipo Koraza o equivalente para exteriores (hidrorepelente) de primera calidad que cumpla con la Norma NTC 1335, tres (3) manos o las que sean necesarias para obtener una superficie pareja y homogénea, a satisfacción de la interventoría. Incluye suministro y transporte de los materiales, preparada y adecuación de la superficie a intervenir. Color a definir según aprobación de la interventoría. | G20: RESANE Y REPINTE de PINTURA ACRÍLICA tipo Koraza o equivalente para exteriores (hidrorepelente) de primera calidad que cumpla con la Norma NTC 1335, tres (3) manos o las que sean necesarias para obtener una superficie pareja y homogénea, a satisfacción de la interventoría. Incluye suministro y transporte de los materiales, preparada y adecuación de la superficie a intervenir. Color a definir según aprobación de la interventoría. | H20: m2 | I20: =H757 -> #REF!
B21: 4.2 | C21: RESANE Y REPINTE de PINTURA vineltex tipo 1 o quivalente para interiores (hidrorepelente) de primera calidad que cumpla con la Norma NTC 1335, 3 manos o las que sean necesarias para obtener una superficie pareja y homogénea, a satisfacción de la interventoría. Incluye suministro y transporte de los materiales, preparada y adecuación de la superficie a intervenir. Color a definir según aprobación de la interventoría. | D21: RESANE Y REPINTE de PINTURA vineltex tipo 1 o quivalente para interiores (hidrorepelente) de primera calidad que cumpla con la Norma NTC 1335, 3 manos o las que sean necesarias para obtener una superficie pareja y homogénea, a satisfacción de la interventoría. Incluye suministro y transporte de los materiales, preparada y adecuación de la superficie a intervenir. Color a definir según aprobación de la interventoría. | E21: RESANE Y REPINTE de PINTURA vineltex tipo 1 o quivalente para interiores (hidrorepelente) de primera calidad que cumpla con la Norma NTC 1335, 3 manos o las que sean necesarias para obtener una superficie pareja y homogénea, a satisfacción de la interventoría. Incluye suministro y transporte de los materiales, preparada y adecuación de la superficie a intervenir. Color a definir según aprobación de la interventoría. | F21: RESANE Y REPINTE de PINTURA vineltex tipo 1 o quivalente para interiores (hidrorepelente) de primera calidad que cumpla con la Norma NTC 1335, 3 manos o las que sean necesarias para obtener una superficie pareja y homogénea, a satisfacción de la interventoría. Incluye suministro y transporte de los materiales, preparada y adecuación de la superficie a intervenir. Color a definir según aprobación de la interventoría. | G21: RESANE Y REPINTE de PINTURA vineltex tipo 1 o quivalente para interiores (hidrorepelente) de primera calidad que cumpla con la Norma NTC 1335, 3 manos o las que sean necesarias para obtener una superficie pareja y homogénea, a satisfacción de la interventoría. Incluye suministro y transporte de los materiales, preparada y adecuación de la superficie a intervenir. Color a definir según aprobación de la interventoría. | H21: m2 | I21: =H797 -> #REF!
B23: 5 | C23: PISOS Y ACABADOS | D23: PISOS Y ACABADOS | E23: PISOS Y ACABADOS | F23: PISOS Y ACABADOS | G23: PISOS Y ACABADOS
B24: 5.1 | C24: Colocación de ENCHAPE CERÁMICO PARED COLOR A DEFINIR de 30 x 60 cm. Incluye suministro y transporte de los materiales, mortero adhesivo para enchapes tipo pegacor o equivalente, lechada preparada (boquilla) tipo concolor de sumicol o equivalente del mismo color del enchape, moldura PVC para remates y todos los elementos necesarios para su correcta instalación y funcionamiento. | D24: Colocación de ENCHAPE CERÁMICO PARED COLOR A DEFINIR de 30 x 60 cm. Incluye suministro y transporte de los materiales, mortero adhesivo para enchapes tipo pegacor o equivalente, lechada preparada (boquilla) tipo concolor de sumicol o equivalente del mismo color del enchape, moldura PVC para remates y todos los elementos necesarios para su correcta instalación y funcionamiento. | E24: Colocación de ENCHAPE CERÁMICO PARED COLOR A DEFINIR de 30 x 60 cm. Incluye suministro y transporte de los materiales, mortero adhesivo para enchapes tipo pegacor o equivalente, lechada preparada (boquilla) tipo concolor de sumicol o equivalente del mismo color del enchape, moldura PVC para remates y todos los elementos necesarios para su correcta instalación y funcionamiento. | F24: Colocación de ENCHAPE CERÁMICO PARED COLOR A DEFINIR de 30 x 60 cm. Incluye suministro y transporte de los materiales, mortero adhesivo para enchapes tipo pegacor o equivalente, lechada preparada (boquilla) tipo concolor de sumicol o equivalente del mismo color del enchape, moldura PVC para remates y todos los elementos necesarios para su correcta instalación y funcionamiento. | G24: Colocación de ENCHAPE CERÁMICO PARED COLOR A DEFINIR de 30 x 60 cm. Incluye suministro y transporte de los materiales, mortero adhesivo para enchapes tipo pegacor o equivalente, lechada preparada (boquilla) tipo concolor de sumicol o equivalente del mismo color del enchape, moldura PVC para remates y todos los elementos necesarios para su correcta instalación y funcionamiento. | H24: m2 | I24: =H841 -> #REF!
B25: 5.2 | C25: Colocación de PISO CERÁMICO, ALTA RESISTENCIA AL DESLIZAMIENTO MIKONOS, de 33.8x33.8cm., color blanco de Corona o equivalente, con prueba de resistencia de abrasión, antideslizante. Incluye suministro y transporte de los materiales, mortero de nivelación 1:5, con un espesor de 3 a 7 cm., pegante para cerámica tipo Pegacor o equivalente, juntas cada 1,8 x 1,8 m. con varilla de dilatación PVC de 4 mm., lechada con Boquilla Blanca para cerámica, remates, cortes con maquina y todo lo necesario para su correcta instalación. El entresuelo y la placa de contrapiso se pagará en su ítem respectivo, para unidades sanitarias. Para baños. | D25: Colocación de PISO CERÁMICO, ALTA RESISTENCIA AL DESLIZAMIENTO MIKONOS, de 33.8x33.8cm., color blanco de Corona o equivalente, con prueba de resistencia de abrasión, antideslizante. Incluye suministro y transporte de los materiales, mortero de nivelación 1:5, con un espesor de 3 a 7 cm., pegante para cerámica tipo Pegacor o equivalente, juntas cada 1,8 x 1,8 m. con varilla de dilatación PVC de 4 mm., lechada con Boquilla Blanca para cerámica, remates, cortes con maquina y todo lo necesario para su correcta instalación. El entresuelo y la placa de contrapiso se pagará en su ítem respectivo, para unidades sanitarias. Para baños. | E25: Colocación de PISO CERÁMICO, ALTA RESISTENCIA AL DESLIZAMIENTO MIKONOS, de 33.8x33.8cm., color blanco de Corona o equivalente, con prueba de resistencia de abrasión, antideslizante. Incluye suministro y transporte de los materiales, mortero de nivelación 1:5, con un espesor de 3 a 7 cm., pegante para cerámica tipo Pegacor o equivalente, juntas cada 1,8 x 1,8 m. con varilla de dilatación PVC de 4 mm., lechada con Boquilla Blanca para cerámica, remates, cortes con maquina y todo lo necesario para su correcta instalación. El entresuelo y la placa de contrapiso se pagará en su ítem respectivo, para unidades sanitarias. Para baños. | F25: Colocación de PISO CERÁMICO, ALTA RESISTENCIA AL DESLIZAMIENTO MIKONOS, de 33.8x33.8cm., color blanco de Corona o equivalente, con prueba de resistencia de abrasión, antideslizante. Incluye suministro y transporte de los materiales, mortero de nivelación 1:5, con un espesor de 3 a 7 cm., pegante para cerámica tipo Pegacor o equivalente, juntas cada 1,8 x 1,8 m. con varilla de dilatación PVC de 4 mm., lechada con Boquilla Blanca para cerámica, remates, cortes con maquina y todo lo necesario para su correcta instalación. El entresuelo y la placa de contrapiso se pagará en su ítem respectivo, para unidades sanitarias. Para baños. | G25: Colocación de PISO CERÁMICO, ALTA RESISTENCIA AL DESLIZAMIENTO MIKONOS, de 33.8x33.8cm., color blanco de Corona o equivalente, con prueba de resistencia de abrasión, antideslizante. Incluye suministro y transporte de los materiales, mortero de nivelación 1:5, con un espesor de 3 a 7 cm., pegante para cerámica tipo Pegacor o equivalente, juntas cada 1,8 x 1,8 m. con varilla de dilatación PVC de 4 mm., lechada con Boquilla Blanca para cerámica, remates, cortes con maquina y todo lo necesario para su correcta instalación. El entresuelo y la placa de contrapiso se pagará en su ítem respectivo, para unidades sanitarias. Para baños. | H25: m2 | I25: =H884 -> #REF!
B26: 5.3 | C26: Construcción de PISO EN BALDOSA DE GRANO MONO COLOR DE 30 x 30 cm., de primera calidad aprobada por la interventoría que cumpla la norma NTC 2849. Incluye concreto de pega y nivelación 1:5 de cemento, suministro y transporte de la baldosa, varilla de dilatación en PVC de 5 mm x 37mm en cuadrículas de 2,10m x 2,10m., lechada del mismo color de la baldosa, destroncada, pulida, brillada y encerada en el sitio con cera polimérica, protección de muros, puertas y desagües. Cargue, transporte y botada de material sobrante (cachaza) en botaderos oficiales. La interventoría entregará el diseño en tapetes o franjas combinando los colores (máximo dos colores). Los ensayos que se requieran serán por cuenta del contratista y las muestras se escogerán del material puesto en obra. | D26: Construcción de PISO EN BALDOSA DE GRANO MONO COLOR DE 30 x 30 cm., de primera calidad aprobada por la interventoría que cumpla la norma NTC 2849. Incluye concreto de pega y nivelación 1:5 de cemento, suministro y transporte de la baldosa, varilla de dilatación en PVC de 5 mm x 37mm en cuadrículas de 2,10m x 2,10m., lechada del mismo color de la baldosa, destroncada, pulida, brillada y encerada en el sitio con cera polimérica, protección de muros, puertas y desagües. Cargue, transporte y botada de material sobrante (cachaza) en botaderos oficiales. La interventoría entregará el diseño en tapetes o franjas combinando los colores (máximo dos colores). Los ensayos que se requieran serán por cuenta del contratista y las muestras se escogerán del material puesto en obra. | E26: Construcción de PISO EN BALDOSA DE GRANO MONO COLOR DE 30 x 30 cm., de primera calidad aprobada por la interventoría que cumpla la norma NTC 2849. Incluye concreto de pega y nivelación 1:5 de cemento, suministro y transporte de la baldosa, varilla de dilatación en PVC de 5 mm x 37mm en cuadrículas de 2,10m x 2,10m., lechada del mismo color de la baldosa, destroncada, pulida, brillada y encerada en el sitio con cera polimérica, protección de muros, puertas y desagües. Cargue, transporte y botada de material sobrante (cachaza) en botaderos oficiales. La interventoría entregará el diseño en tapetes o franjas combinando los colores (máximo dos colores). Los ensayos que se requieran serán por cuenta del contratista y las muestras se escogerán del material puesto en obra. | F26: Construcción de PISO EN BALDOSA DE GRANO MONO COLOR DE 30 x 30 cm., de primera calidad aprobada por la interventoría que cumpla la norma NTC 2849. Incluye concreto de pega y nivelación 1:5 de cemento, suministro y transporte de la baldosa, varilla de dilatación en PVC de 5 mm x 37mm en cuadrículas de 2,10m x 2,10m., lechada del mismo color de la baldosa, destroncada, pulida, brillada y encerada en el sitio con cera polimérica, protección de muros, puertas y desagües. Cargue, transporte y botada de material sobrante (cachaza) en botaderos oficiales. La interventoría entregará el diseño en tapetes o franjas combinando los colores (máximo dos colores). Los ensayos que se requieran serán por cuenta del contratista y las muestras se escogerán del material puesto en obra. | G26: Construcción de PISO EN BALDOSA DE GRANO MONO COLOR DE 30 x 30 cm., de primera calidad aprobada por la interventoría que cumpla la norma NTC 2849. Incluye concreto de pega y nivelación 1:5 de cemento, suministro y transporte de la baldosa, varilla de dilatación en PVC de 5 mm x 37mm en cuadrículas de 2,10m x 2,10m., lechada del mismo color de la baldosa, destroncada, pulida, brillada y encerada en el sitio con cera polimérica, protección de muros, puertas y desagües. Cargue, transporte y botada de material sobrante (cachaza) en botaderos oficiales. La interventoría entregará el diseño en tapetes o franjas combinando los colores (máximo dos colores). Los ensayos que se requieran serán por cuenta del contratista y las muestras se escogerán del material puesto en obra. | H26: m2 | I26: =H927 -> #REF!
B27: 5.4 | C27: Suministro, transporte e instalación de ZÓCALO RECTO EN BALDOSA GRANO de 0,07 a 0,10m de altura con aristas biseladas. Incluye suministro y transporte de los materiales, pegante de capa delgada tipo pegacor o equivalente, lechada del mismo color de la baldosa, remates, y todos los elementos necesarios para su correcta construcción. | D27: Suministro, transporte e instalación de ZÓCALO RECTO EN BALDOSA GRANO de 0,07 a 0,10m de altura con aristas biseladas. Incluye suministro y transporte de los materiales, pegante de capa delgada tipo pegacor o equivalente, lechada del mismo color de la baldosa, remates, y todos los elementos necesarios para su correcta construcción. | E27: Suministro, transporte e instalación de ZÓCALO RECTO EN BALDOSA GRANO de 0,07 a 0,10m de altura con aristas biseladas. Incluye suministro y transporte de los materiales, pegante de capa delgada tipo pegacor o equivalente, lechada del mismo color de la baldosa, remates, y todos los elementos necesarios para su correcta construcción. | F27: Suministro, transporte e instalación de ZÓCALO RECTO EN BALDOSA GRANO de 0,07 a 0,10m de altura con aristas biseladas. Incluye suministro y transporte de los materiales, pegante de capa delgada tipo pegacor o equivalente, lechada del mismo color de la baldosa, remates, y todos los elementos necesarios para su correcta construcción. | G27: Suministro, transporte e instalación de ZÓCALO RECTO EN BALDOSA GRANO de 0,07 a 0,10m de altura con aristas biseladas. Incluye suministro y transporte de los materiales, pegante de capa delgada tipo pegacor o equivalente, lechada del mismo color de la baldosa, remates, y todos los elementos necesarios para su correcta construcción. | H27: m | I27: =H969 -> #REF!
B29: 6 | C29: MOBILIARIOS Y APARATOS SANITARIOS | D29: MOBILIARIOS Y APARATOS SANITARIOS | E29: MOBILIARIOS Y APARATOS SANITARIOS | F29: MOBILIARIOS Y APARATOS SANITARIOS | G29: MOBILIARIOS Y APARATOS SANITARIOS
B30: 6.1 | C30: Instalación de SANITARIO INTEGRAL (línea Acuacer o equivalente) color BLANCO, bajo consumo 6lt, diseño de dos piezas, taza redonda, incluye el suministro y transporte del sanitario, sifón esmaltado, grifería antisifón, anillo abierto, abastos, válvula de regulación con manguera flexible, brida de fijación, tapón roscado y todos los demás elementos necesarios para su correcta instalación y funcionamiento. | D30: Instalación de SANITARIO INTEGRAL (línea Acuacer o equivalente) color BLANCO, bajo consumo 6lt, diseño de dos piezas, taza redonda, incluye el suministro y transporte del sanitario, sifón esmaltado, grifería antisifón, anillo abierto, abastos, válvula de regulación con manguera flexible, brida de fijación, tapón roscado y todos los demás elementos necesarios para su correcta instalación y funcionamiento. | E30: Instalación de SANITARIO INTEGRAL (línea Acuacer o equivalente) color BLANCO, bajo consumo 6lt, diseño de dos piezas, taza redonda, incluye el suministro y transporte del sanitario, sifón esmaltado, grifería antisifón, anillo abierto, abastos, válvula de regulación con manguera flexible, brida de fijación, tapón roscado y todos los demás elementos necesarios para su correcta instalación y funcionamiento. | F30: Instalación de SANITARIO INTEGRAL (línea Acuacer o equivalente) color BLANCO, bajo consumo 6lt, diseño de dos piezas, taza redonda, incluye el suministro y transporte del sanitario, sifón esmaltado, grifería antisifón, anillo abierto, abastos, válvula de regulación con manguera flexible, brida de fijación, tapón roscado y todos los demás elementos necesarios para su correcta instalación y funcionamiento. | G30: Instalación de SANITARIO INTEGRAL (línea Acuacer o equivalente) color BLANCO, bajo consumo 6lt, diseño de dos piezas, taza redonda, incluye el suministro y transporte del sanitario, sifón esmaltado, grifería antisifón, anillo abierto, abastos, válvula de regulación con manguera flexible, brida de fijación, tapón roscado y todos los demás elementos necesarios para su correcta instalación y funcionamiento. | H30: un | I30: =H1012 -> #REF!
B31: 6.2 | C31: Suministro, transporte y colocación de lavamanos de empotrar (tipo Marsella o equivalente), color blanco. Incluye grifería metálica con acabado cromado, tipo briza o su equivalente, abasto metálico acabado cromado, sifón botella, emboquillado con silicona antihongos y todos los demás elementos necesarios para su correcta instalación y funcionamiento. | D31: Suministro, transporte y colocación de lavamanos de empotrar (tipo Marsella o equivalente), color blanco. Incluye grifería metálica con acabado cromado, tipo briza o su equivalente, abasto metálico acabado cromado, sifón botella, emboquillado con silicona antihongos y todos los demás elementos necesarios para su correcta instalación y funcionamiento. | E31: Suministro, transporte y colocación de lavamanos de empotrar (tipo Marsella o equivalente), color blanco. Incluye grifería metálica con acabado cromado, tipo briza o su equivalente, abasto metálico acabado cromado, sifón botella, emboquillado con silicona antihongos y todos los demás elementos necesarios para su correcta instalación y funcionamiento. | F31: Suministro, transporte y colocación de lavamanos de empotrar (tipo Marsella o equivalente), color blanco. Incluye grifería metálica con acabado cromado, tipo briza o su equivalente, abasto metálico acabado cromado, sifón botella, emboquillado con silicona antihongos y todos los demás elementos necesarios para su correcta instalación y funcionamiento. | G31: Suministro, transporte y colocación de lavamanos de empotrar (tipo Marsella o equivalente), color blanco. Incluye grifería metálica con acabado cromado, tipo briza o su equivalente, abasto metálico acabado cromado, sifón botella, emboquillado con silicona antihongos y todos los demás elementos necesarios para su correcta instalación y funcionamiento. | H31: un | I31: =H1091 -> #REF!
B32: 6.3 | C32: Construcción de mesón en concreto de 21Mpa. forrado en grano BLANCO Y NEGRO, de ancho=0,60 m., espesor 0,06 m., con faldón de h=0,15 m. y listón de 10 cm en los puntos en contacto con la pared. Incluye canche, botada de material, molduras para bordes redondeados, acero de refuerzo (6 varillas de 1/4" longitudinalmente y 3 varillas 3/8" L=0.90 m por metro transversalmente), concreto para anclaje, vanos para empotrar lavamanos. | D32: Construcción de mesón en concreto de 21Mpa. forrado en grano BLANCO Y NEGRO, de ancho=0,60 m., espesor 0,06 m., con faldón de h=0,15 m. y listón de 10 cm en los puntos en contacto con la pared. Incluye canche, botada de material, molduras para bordes redondeados, acero de refuerzo (6 varillas de 1/4" longitudinalmente y 3 varillas 3/8" L=0.90 m por metro transversalmente), concreto para anclaje, vanos para empotrar lavamanos. | E32: Construcción de mesón en concreto de 21Mpa. forrado en grano BLANCO Y NEGRO, de ancho=0,60 m., espesor 0,06 m., con faldón de h=0,15 m. y listón de 10 cm en los puntos en contacto con la pared. Incluye canche, botada de material, molduras para bordes redondeados, acero de refuerzo (6 varillas de 1/4" longitudinalmente y 3 varillas 3/8" L=0.90 m por metro transversalmente), concreto para anclaje, vanos para empotrar lavamanos. | F32: Construcción de mesón en concreto de 21Mpa. forrado en grano BLANCO Y NEGRO, de ancho=0,60 m., espesor 0,06 m., con faldón de h=0,15 m. y listón de 10 cm en los puntos en contacto con la pared. Incluye canche, botada de material, molduras para bordes redondeados, acero de refuerzo (6 varillas de 1/4" longitudinalmente y 3 varillas 3/8" L=0.90 m por metro transversalmente), concreto para anclaje, vanos para empotrar lavamanos. | G32: Construcción de mesón en concreto de 21Mpa. forrado en grano BLANCO Y NEGRO, de ancho=0,60 m., espesor 0,06 m., con faldón de h=0,15 m. y listón de 10 cm en los puntos en contacto con la pared. Incluye canche, botada de material, molduras para bordes redondeados, acero de refuerzo (6 varillas de 1/4" longitudinalmente y 3 varillas 3/8" L=0.90 m por metro transversalmente), concreto para anclaje, vanos para empotrar lavamanos. | H32: ml | I32: =H1134 -> #REF!
B33: 6.4 | C33: Construcción de BOCAPUERTAS en salón, incluye pegacor, lechada, remates, cortes con máquina y todo lo necesario para su correcta instalación y funcionamiento. | D33: Construcción de BOCAPUERTAS en salón, incluye pegacor, lechada, remates, cortes con máquina y todo lo necesario para su correcta instalación y funcionamiento. | E33: Construcción de BOCAPUERTAS en salón, incluye pegacor, lechada, remates, cortes con máquina y todo lo necesario para su correcta instalación y funcionamiento. | F33: Construcción de BOCAPUERTAS en salón, incluye pegacor, lechada, remates, cortes con máquina y todo lo necesario para su correcta instalación y funcionamiento. | G33: Construcción de BOCAPUERTAS en salón, incluye pegacor, lechada, remates, cortes con máquina y todo lo necesario para su correcta instalación y funcionamiento. | H33: ml | I33: =H1172 -> #REF!
B35: 7 | C35: REDES HIDROSANITARIAS | D35: REDES HIDROSANITARIAS | E35: REDES HIDROSANITARIAS | F35: REDES HIDROSANITARIAS | G35: REDES HIDROSANITARIAS
B36: 7.1 | C36: Suministro, transporte e instalación de SALIDA SANITARIA para lavamanos y orinal DE 2". Incluye todos los accesorios hasta el tapón de prueba. Se pagará dicha salida hasta un recorrido máximo de tubería no mayor a 2 m. Estos deberán estar correctamente pegados usando limpiador, soldadura y teflón apropiados, sin presentar fugas, fisuras o cualquier otra clase de anomalía. Incluye además las perforaciones (canchas) de paredes o pisos que lo requieran incluyendo cargue, transporte y botada de escombros en botaderos oficiales o donde indique la interventoría. | D36: Suministro, transporte e instalación de SALIDA SANITARIA para lavamanos y orinal DE 2". Incluye todos los accesorios hasta el tapón de prueba. Se pagará dicha salida hasta un recorrido máximo de tubería no mayor a 2 m. Estos deberán estar correctamente pegados usando limpiador, soldadura y teflón apropiados, sin presentar fugas, fisuras o cualquier otra clase de anomalía. Incluye además las perforaciones (canchas) de paredes o pisos que lo requieran incluyendo cargue, transporte y botada de escombros en botaderos oficiales o donde indique la interventoría. | E36: Suministro, transporte e instalación de SALIDA SANITARIA para lavamanos y orinal DE 2". Incluye todos los accesorios hasta el tapón de prueba. Se pagará dicha salida hasta un recorrido máximo de tubería no mayor a 2 m. Estos deberán estar correctamente pegados usando limpiador, soldadura y teflón apropiados, sin presentar fugas, fisuras o cualquier otra clase de anomalía. Incluye además las perforaciones (canchas) de paredes o pisos que lo requieran incluyendo cargue, transporte y botada de escombros en botaderos oficiales o donde indique la interventoría. | F36: Suministro, transporte e instalación de SALIDA SANITARIA para lavamanos y orinal DE 2". Incluye todos los accesorios hasta el tapón de prueba. Se pagará dicha salida hasta un recorrido máximo de tubería no mayor a 2 m. Estos deberán estar correctamente pegados usando limpiador, soldadura y teflón apropiados, sin presentar fugas, fisuras o cualquier otra clase de anomalía. Incluye además las perforaciones (canchas) de paredes o pisos que lo requieran incluyendo cargue, transporte y botada de escombros en botaderos oficiales o donde indique la interventoría. | G36: Suministro, transporte e instalación de SALIDA SANITARIA para lavamanos y orinal DE 2". Incluye todos los accesorios hasta el tapón de prueba. Se pagará dicha salida hasta un recorrido máximo de tubería no mayor a 2 m. Estos deberán estar correctamente pegados usando limpiador, soldadura y teflón apropiados, sin presentar fugas, fisuras o cualquier otra clase de anomalía. Incluye además las perforaciones (canchas) de paredes o pisos que lo requieran incluyendo cargue, transporte y botada de escombros en botaderos oficiales o donde indique la interventoría. | H36: un | I36: =H1213 -> #REF!
B37: 7.2 | C37: Suministro e instalación de Salida para desagüe en Tubería sanitaria rígida PVC Ø2",Incluye rejilla de piso 3"x 2" combinada en bronce y aluminio, sifón CxC y todo lo necesario para su correcta instalación. | D37: Suministro e instalación de Salida para desagüe en Tubería sanitaria rígida PVC Ø2",Incluye rejilla de piso 3"x 2" combinada en bronce y aluminio, sifón CxC y todo lo necesario para su correcta instalación. | E37: Suministro e instalación de Salida para desagüe en Tubería sanitaria rígida PVC Ø2",Incluye rejilla de piso 3"x 2" combinada en bronce y aluminio, sifón CxC y todo lo necesario para su correcta instalación. | F37: Suministro e instalación de Salida para desagüe en Tubería sanitaria rígida PVC Ø2",Incluye rejilla de piso 3"x 2" combinada en bronce y aluminio, sifón CxC y todo lo necesario para su correcta instalación. | G37: Suministro e instalación de Salida para desagüe en Tubería sanitaria rígida PVC Ø2",Incluye rejilla de piso 3"x 2" combinada en bronce y aluminio, sifón CxC y todo lo necesario para su correcta instalación. | H37: un | I37: =H1255 -> #REF!
B38: 7.3 | C38: Suministro, transporte e instalación de SALIDA SANITARIA DE 4". Incluye todos los accesorios hasta el tapón de prueba. Se pagará dicha salida hasta un recorrido máximo de tubería no mayor a 2 m. Estos deberán estar correctamente pegados usando limpiador, soldadura y teflón apropiados, sin presentar fugas, fisuras o cualquier otra clase de anomalía. Incluye además las perforaciones (canchas) de paredes o pisos que lo requieran incluyendo cargue, transporte y botada de escombros en botaderos oficiales o donde indique la interventoría. | D38: Suministro, transporte e instalación de SALIDA SANITARIA DE 4". Incluye todos los accesorios hasta el tapón de prueba. Se pagará dicha salida hasta un recorrido máximo de tubería no mayor a 2 m. Estos deberán estar correctamente pegados usando limpiador, soldadura y teflón apropiados, sin presentar fugas, fisuras o cualquier otra clase de anomalía. Incluye además las perforaciones (canchas) de paredes o pisos que lo requieran incluyendo cargue, transporte y botada de escombros en botaderos oficiales o donde indique la interventoría. | E38: Suministro, transporte e instalación de SALIDA SANITARIA DE 4". Incluye todos los accesorios hasta el tapón de prueba. Se pagará dicha salida hasta un recorrido máximo de tubería no mayor a 2 m. Estos deberán estar correctamente pegados usando limpiador, soldadura y teflón apropiados, sin presentar fugas, fisuras o cualquier otra clase de anomalía. Incluye además las perforaciones (canchas) de paredes o pisos que lo requieran incluyendo cargue, transporte y botada de escombros en botaderos oficiales o donde indique la interventoría. | F38: Suministro, transporte e instalación de SALIDA SANITARIA DE 4". Incluye todos los accesorios hasta el tapón de prueba. Se pagará dicha salida hasta un recorrido máximo de tubería no mayor a 2 m. Estos deberán estar correctamente pegados usando limpiador, soldadura y teflón apropiados, sin presentar fugas, fisuras o cualquier otra clase de anomalía. Incluye además las perforaciones (canchas) de paredes o pisos que lo requieran incluyendo cargue, transporte y botada de escombros en botaderos oficiales o donde indique la interventoría. | G38: Suministro, transporte e instalación de SALIDA SANITARIA DE 4". Incluye todos los accesorios hasta el tapón de prueba. Se pagará dicha salida hasta un recorrido máximo de tubería no mayor a 2 m. Estos deberán estar correctamente pegados usando limpiador, soldadura y teflón apropiados, sin presentar fugas, fisuras o cualquier otra clase de anomalía. Incluye además las perforaciones (canchas) de paredes o pisos que lo requieran incluyendo cargue, transporte y botada de escombros en botaderos oficiales o donde indique la interventoría. | H38: un | I38: =H1295 -> #REF!
B39: 7.4 | C39: Suministro, transporte e instalación de TUBERÍA PVC-SANITARIA, con un DIÁMETRO DE 4", para aguas residuales o lluvia ENTERRADA y/o EMPOTRADA por losas. Incluye suministro y transporte de los materiales, accesorios, pegante, limpiador y todos los elementos necesarios para su correcta instalación y funcionamiento. La excavación y los llenos se pagaran en su ítem respectivo. | D39: Suministro, transporte e instalación de TUBERÍA PVC-SANITARIA, con un DIÁMETRO DE 4", para aguas residuales o lluvia ENTERRADA y/o EMPOTRADA por losas. Incluye suministro y transporte de los materiales, accesorios, pegante, limpiador y todos los elementos necesarios para su correcta instalación y funcionamiento. La excavación y los llenos se pagaran en su ítem respectivo. | E39: Suministro, transporte e instalación de TUBERÍA PVC-SANITARIA, con un DIÁMETRO DE 4", para aguas residuales o lluvia ENTERRADA y/o EMPOTRADA por losas. Incluye suministro y transporte de los materiales, accesorios, pegante, limpiador y todos los elementos necesarios para su correcta instalación y funcionamiento. La excavación y los llenos se pagaran en su ítem respectivo. | F39: Suministro, transporte e instalación de TUBERÍA PVC-SANITARIA, con un DIÁMETRO DE 4", para aguas residuales o lluvia ENTERRADA y/o EMPOTRADA por losas. Incluye suministro y transporte de los materiales, accesorios, pegante, limpiador y todos los elementos necesarios para su correcta instalación y funcionamiento. La excavación y los llenos se pagaran en su ítem respectivo. | G39: Suministro, transporte e instalación de TUBERÍA PVC-SANITARIA, con un DIÁMETRO DE 4", para aguas residuales o lluvia ENTERRADA y/o EMPOTRADA por losas. Incluye suministro y transporte de los materiales, accesorios, pegante, limpiador y todos los elementos necesarios para su correcta instalación y funcionamiento. La excavación y los llenos se pagaran en su ítem respectivo. | H39: ml | I39: =H1337 -> #REF!
B40: 7.5 | C40: Construcción de caja de inspección y/o empalme de 40x40x40 cm en concreto de 17.5Mpa, medidas internas (L=40cm). Incluye suministro, transporte e instalación de los materiales, tapa y herraje y todos los elementos necesarios para su correcta construcción y funcionamiento. Según normas técnicas de EEPP de Medellín. La excavación, llenos, entresuelo y acero de refuerzo se pagarán en su ítem respectivo. | D40: Construcción de caja de inspección y/o empalme de 40x40x40 cm en concreto de 17.5Mpa, medidas internas (L=40cm). Incluye suministro, transporte e instalación de los materiales, tapa y herraje y todos los elementos necesarios para su correcta construcción y funcionamiento. Según normas técnicas de EEPP de Medellín. La excavación, llenos, entresuelo y acero de refuerzo se pagarán en su ítem respectivo. | E40: Construcción de caja de inspección y/o empalme de 40x40x40 cm en concreto de 17.5Mpa, medidas internas (L=40cm). Incluye suministro, transporte e instalación de los materiales, tapa y herraje y todos los elementos necesarios para su correcta construcción y funcionamiento. Según normas técnicas de EEPP de Medellín. La excavación, llenos, entresuelo y acero de refuerzo se pagarán en su ítem respectivo. | F40: Construcción de caja de inspección y/o empalme de 40x40x40 cm en concreto de 17.5Mpa, medidas internas (L=40cm). Incluye suministro, transporte e instalación de los materiales, tapa y herraje y todos los elementos necesarios para su correcta construcción y funcionamiento. Según normas técnicas de EEPP de Medellín. La excavación, llenos, entresuelo y acero de refuerzo se pagarán en su ítem respectivo. | G40: Construcción de caja de inspección y/o empalme de 40x40x40 cm en concreto de 17.5Mpa, medidas internas (L=40cm). Incluye suministro, transporte e instalación de los materiales, tapa y herraje y todos los elementos necesarios para su correcta construcción y funcionamiento. Según normas técnicas de EEPP de Medellín. La excavación, llenos, entresuelo y acero de refuerzo se pagarán en su ítem respectivo. | H40: un | I40: =H1378 -> #REF!
B41: 7.6 | C41: Suministro, transporte e instalación de tubería PVC-P, RDE 9, 500 PSI, diámetro 1/2", incluye todos los accesorios en PVC de diámetro 1/2" incluyendo todos los accesorios reducidos que se requieran para su correcta instalación. Estos deberán estar correctamente pegados usando limpiador, soldadura y teflón apropiados, sin presentar fugas, fisuras o cualquier otra clase de anomalía. Se debe garantizar la correcta instalación y funcionamiento. Incluye además las perforaciones (canchas) de paredes o pisos que lo requieran incluyendo cargue, transporte y botada de escombros en botaderos oficiales o donde indique la interventoría.. No incluye grifo. | D41: Suministro, transporte e instalación de tubería PVC-P, RDE 9, 500 PSI, diámetro 1/2", incluye todos los accesorios en PVC de diámetro 1/2" incluyendo todos los accesorios reducidos que se requieran para su correcta instalación. Estos deberán estar correctamente pegados usando limpiador, soldadura y teflón apropiados, sin presentar fugas, fisuras o cualquier otra clase de anomalía. Se debe garantizar la correcta instalación y funcionamiento. Incluye además las perforaciones (canchas) de paredes o pisos que lo requieran incluyendo cargue, transporte y botada de escombros en botaderos oficiales o donde indique la interventoría.. No incluye grifo. | E41: Suministro, transporte e instalación de tubería PVC-P, RDE 9, 500 PSI, diámetro 1/2", incluye todos los accesorios en PVC de diámetro 1/2" incluyendo todos los accesorios reducidos que se requieran para su correcta instalación. Estos deberán estar correctamente pegados usando limpiador, soldadura y teflón apropiados, sin presentar fugas, fisuras o cualquier otra clase de anomalía. Se debe garantizar la correcta instalación y funcionamiento. Incluye además las perforaciones (canchas) de paredes o pisos que lo requieran incluyendo cargue, transporte y botada de escombros en botaderos oficiales o donde indique la interventoría.. No incluye grifo. | F41: Suministro, transporte e instalación de tubería PVC-P, RDE 9, 500 PSI, diámetro 1/2", incluye todos los accesorios en PVC de diámetro 1/2" incluyendo todos los accesorios reducidos que se requieran para su correcta instalación. Estos deberán estar correctamente pegados usando limpiador, soldadura y teflón apropiados, sin presentar fugas, fisuras o cualquier otra clase de anomalía. Se debe garantizar la correcta instalación y funcionamiento. Incluye además las perforaciones (canchas) de paredes o pisos que lo requieran incluyendo cargue, transporte y botada de escombros en botaderos oficiales o donde indique la interventoría.. No incluye grifo. | G41: Suministro, transporte e instalación de tubería PVC-P, RDE 9, 500 PSI, diámetro 1/2", incluye todos los accesorios en PVC de diámetro 1/2" incluyendo todos los accesorios reducidos que se requieran para su correcta instalación. Estos deberán estar correctamente pegados usando limpiador, soldadura y teflón apropiados, sin presentar fugas, fisuras o cualquier otra clase de anomalía. Se debe garantizar la correcta instalación y funcionamiento. Incluye además las perforaciones (canchas) de paredes o pisos que lo requieran incluyendo cargue, transporte y botada de escombros en botaderos oficiales o donde indique la interventoría.. No incluye grifo. | H41: ml | I41: =H1422 -> #REF!
B42: 7.7 | C42: Suministro, transporte e instalación de tubería PVC-P, RDE 9, 500 PSI, diámetro 3/4", incluye todos los accesorios en PVC de diámetro 1/2" incluyendo todos los accesorios reducidos que se requieran para su correcta instalación. Estos deberán estar correctamente pegados usando limpiador, soldadura y teflón apropiados, sin presentar fugas, fisuras o cualquier otra clase de anomalía. Se debe garantizar la correcta instalación y funcionamiento. Incluye además las perforaciones (canchas) de paredes o pisos que lo requieran incluyendo cargue, transporte y botada de escombros en botaderos oficiales o donde indique la interventoría.. No incluye grifo. | D42: Suministro, transporte e instalación de tubería PVC-P, RDE 9, 500 PSI, diámetro 3/4", incluye todos los accesorios en PVC de diámetro 1/2" incluyendo todos los accesorios reducidos que se requieran para su correcta instalación. Estos deberán estar correctamente pegados usando limpiador, soldadura y teflón apropiados, sin presentar fugas, fisuras o cualquier otra clase de anomalía. Se debe garantizar la correcta instalación y funcionamiento. Incluye además las perforaciones (canchas) de paredes o pisos que lo requieran incluyendo cargue, transporte y botada de escombros en botaderos oficiales o donde indique la interventoría.. No incluye grifo. | E42: Suministro, transporte e instalación de tubería PVC-P, RDE 9, 500 PSI, diámetro 3/4", incluye todos los accesorios en PVC de diámetro 1/2" incluyendo todos los accesorios reducidos que se requieran para su correcta instalación. Estos deberán estar correctamente pegados usando limpiador, soldadura y teflón apropiados, sin presentar fugas, fisuras o cualquier otra clase de anomalía. Se debe garantizar la correcta instalación y funcionamiento. Incluye además las perforaciones (canchas) de paredes o pisos que lo requieran incluyendo cargue, transporte y botada de escombros en botaderos oficiales o donde indique la interventoría.. No incluye grifo. | F42: Suministro, transporte e instalación de tubería PVC-P, RDE 9, 500 PSI, diámetro 3/4", incluye todos los accesorios en PVC de diámetro 1/2" incluyendo todos los accesorios reducidos que se requieran para su correcta instalación. Estos deberán estar correctamente pegados usando limpiador, soldadura y teflón apropiados, sin presentar fugas, fisuras o cualquier otra clase de anomalía. Se debe garantizar la correcta instalación y funcionamiento. Incluye además las perforaciones (canchas) de paredes o pisos que lo requieran incluyendo cargue, transporte y botada de escombros en botaderos oficiales o donde indique la interventoría.. No incluye grifo. | G42: Suministro, transporte e instalación de tubería PVC-P, RDE 9, 500 PSI, diámetro 3/4", incluye todos los accesorios en PVC de diámetro 1/2" incluyendo todos los accesorios reducidos que se requieran para su correcta instalación. Estos deberán estar correctamente pegados usando limpiador, soldadura y teflón apropiados, sin presentar fugas, fisuras o cualquier otra clase de anomalía. Se debe garantizar la correcta instalación y funcionamiento. Incluye además las perforaciones (canchas) de paredes o pisos que lo requieran incluyendo cargue, transporte y botada de escombros en botaderos oficiales o donde indique la interventoría.. No incluye grifo. | H42: ml | I42: =H1465 -> #REF!
B43: 7.8 | C43: Suministro e instalación de Bajantes para aguas lluvias en tubería PVC sanitaria de Ø4", Incluye todos los accesorios necesarios para empalme o cambio de dirección, abrazaderas metálicas que garanticen su adosamiento y pintura para exteriores tipo CORAZA o similar, color definido por Interventoría. | D43: Suministro e instalación de Bajantes para aguas lluvias en tubería PVC sanitaria de Ø4", Incluye todos los accesorios necesarios para empalme o cambio de dirección, abrazaderas metálicas que garanticen su adosamiento y pintura para exteriores tipo CORAZA o similar, color definido por Interventoría. | E43: Suministro e instalación de Bajantes para aguas lluvias en tubería PVC sanitaria de Ø4", Incluye todos los accesorios necesarios para empalme o cambio de dirección, abrazaderas metálicas que garanticen su adosamiento y pintura para exteriores tipo CORAZA o similar, color definido por Interventoría. | F43: Suministro e instalación de Bajantes para aguas lluvias en tubería PVC sanitaria de Ø4", Incluye todos los accesorios necesarios para empalme o cambio de dirección, abrazaderas metálicas que garanticen su adosamiento y pintura para exteriores tipo CORAZA o similar, color definido por Interventoría. | G43: Suministro e instalación de Bajantes para aguas lluvias en tubería PVC sanitaria de Ø4", Incluye todos los accesorios necesarios para empalme o cambio de dirección, abrazaderas metálicas que garanticen su adosamiento y pintura para exteriores tipo CORAZA o similar, color definido por Interventoría. | H43: ml | I43: =H1506 -> #REF!
B45: 8 | C45: CARPINTERIA METALICA | D45: CARPINTERIA METALICA | E45: CARPINTERIA METALICA | F45: CARPINTERIA METALICA | G45: CARPINTERIA METALICA
B46: 8.1 | C46: Suministro, transporte y colocación de PUERTA METÁLICA (marco y ala) calibre 18 para uso interno de 0.60m - 0,70m de ancho x 2.10m - 2.20m de altura. Incluye cerradura de seguridad tipo Yale o equivalente, 3 bisagras de cobre tipo libro 3" 1/2, aplicación de pintura anticorrosiva, acabado en esmalte base aceite color a definir y todos los demás elementos necesarios para su correcta instalación y funcionamiento, previa aprobación de la interventoria. De acuerdo con las especificaciones del diseño arquitectónico. | D46: Suministro, transporte y colocación de PUERTA METÁLICA (marco y ala) calibre 18 para uso interno de 0.60m - 0,70m de ancho x 2.10m - 2.20m de altura. Incluye cerradura de seguridad tipo Yale o equivalente, 3 bisagras de cobre tipo libro 3" 1/2, aplicación de pintura anticorrosiva, acabado en esmalte base aceite color a definir y todos los demás elementos necesarios para su correcta instalación y funcionamiento, previa aprobación de la interventoria. De acuerdo con las especificaciones del diseño arquitectónico. | E46: Suministro, transporte y colocación de PUERTA METÁLICA (marco y ala) calibre 18 para uso interno de 0.60m - 0,70m de ancho x 2.10m - 2.20m de altura. Incluye cerradura de seguridad tipo Yale o equivalente, 3 bisagras de cobre tipo libro 3" 1/2, aplicación de pintura anticorrosiva, acabado en esmalte base aceite color a definir y todos los demás elementos necesarios para su correcta instalación y funcionamiento, previa aprobación de la interventoria. De acuerdo con las especificaciones del diseño arquitectónico. | F46: Suministro, transporte y colocación de PUERTA METÁLICA (marco y ala) calibre 18 para uso interno de 0.60m - 0,70m de ancho x 2.10m - 2.20m de altura. Incluye cerradura de seguridad tipo Yale o equivalente, 3 bisagras de cobre tipo libro 3" 1/2, aplicación de pintura anticorrosiva, acabado en esmalte base aceite color a definir y todos los demás elementos necesarios para su correcta instalación y funcionamiento, previa aprobación de la interventoria. De acuerdo con las especificaciones del diseño arquitectónico. | G46: Suministro, transporte y colocación de PUERTA METÁLICA (marco y ala) calibre 18 para uso interno de 0.60m - 0,70m de ancho x 2.10m - 2.20m de altura. Incluye cerradura de seguridad tipo Yale o equivalente, 3 bisagras de cobre tipo libro 3" 1/2, aplicación de pintura anticorrosiva, acabado en esmalte base aceite color a definir y todos los demás elementos necesarios para su correcta instalación y funcionamiento, previa aprobación de la interventoria. De acuerdo con las especificaciones del diseño arquitectónico. | H46: un | I46: =H1639 -> #REF!
B47: 8.3 | C47: Suministro e instalación de ventana en hierro y reja de medidas variables. corrediza 2c.+ celosía y vidrio 5mm. | D47: Suministro e instalación de ventana en hierro y reja de medidas variables. corrediza 2c.+ celosía y vidrio 5mm. | E47: Suministro e instalación de ventana en hierro y reja de medidas variables. corrediza 2c.+ celosía y vidrio 5mm. | F47: Suministro e instalación de ventana en hierro y reja de medidas variables. corrediza 2c.+ celosía y vidrio 5mm. | G47: Suministro e instalación de ventana en hierro y reja de medidas variables. corrediza 2c.+ celosía y vidrio 5mm. | H47: m2 | I47: =H1734 -> #REF!
B49: 9 | C49: CUBIERTA | D49: CUBIERTA | E49: CUBIERTA | F49: CUBIERTA | G49: CUBIERTA
B50: 9.1 | C50: Suministro Transporte e Instalación de Cielo Falso en PVC | D50: Suministro Transporte e Instalación de Cielo Falso en PVC | E50: Suministro Transporte e Instalación de Cielo Falso en PVC | F50: Suministro Transporte e Instalación de Cielo Falso en PVC | G50: Suministro Transporte e Instalación de Cielo Falso en PVC | H50: m2 | I50: =H1893 -> #REF!
B51: 9.2 | C51: Suministro, transporte, construcción y montaje de ESTRUCTURA METÁLICA, en PERFILERIA TIPO IPE, HEA, PHR-C para elementos de cubierta y cubierta de teja termoacustica en calibre 3mm color BLANCOIncluye todos los elementos necesarios para su correcta construcción y funcionamiento. Medido a lo largo de la pendiente | D51: Suministro, transporte, construcción y montaje de ESTRUCTURA METÁLICA, en PERFILERIA TIPO IPE, HEA, PHR-C para elementos de cubierta y cubierta de teja termoacustica en calibre 3mm color BLANCOIncluye todos los elementos necesarios para su correcta construcción y funcionamiento. Medido a lo largo de la pendiente | E51: Suministro, transporte, construcción y montaje de ESTRUCTURA METÁLICA, en PERFILERIA TIPO IPE, HEA, PHR-C para elementos de cubierta y cubierta de teja termoacustica en calibre 3mm color BLANCOIncluye todos los elementos necesarios para su correcta construcción y funcionamiento. Medido a lo largo de la pendiente | F51: Suministro, transporte, construcción y montaje de ESTRUCTURA METÁLICA, en PERFILERIA TIPO IPE, HEA, PHR-C para elementos de cubierta y cubierta de teja termoacustica en calibre 3mm color BLANCOIncluye todos los elementos necesarios para su correcta construcción y funcionamiento. Medido a lo largo de la pendiente | G51: Suministro, transporte, construcción y montaje de ESTRUCTURA METÁLICA, en PERFILERIA TIPO IPE, HEA, PHR-C para elementos de cubierta y cubierta de teja termoacustica en calibre 3mm color BLANCOIncluye todos los elementos necesarios para su correcta construcción y funcionamiento. Medido a lo largo de la pendiente | H51: m2 | I51: =H1942 -> #REF!
B52: 9.3 | C52: Suministro, transporte y colocación de canoa en lamina galvanizada calibre 24, desarrollo 0.70 m. Incluye embudo galvanizado calibre 16 y codo galvanizado calibre 26 , pintura anticorrosiva, esmalte base aceite y todos los elementos necesarios para su correcta instalación. Se deberá colocar una buena base de apoyo de la canoa en toda su longitud. Según diseño de cubierta. | D52: Suministro, transporte y colocación de canoa en lamina galvanizada calibre 24, desarrollo 0.70 m. Incluye embudo galvanizado calibre 16 y codo galvanizado calibre 26 , pintura anticorrosiva, esmalte base aceite y todos los elementos necesarios para su correcta instalación. Se deberá colocar una buena base de apoyo de la canoa en toda su longitud. Según diseño de cubierta. | E52: Suministro, transporte y colocación de canoa en lamina galvanizada calibre 24, desarrollo 0.70 m. Incluye embudo galvanizado calibre 16 y codo galvanizado calibre 26 , pintura anticorrosiva, esmalte base aceite y todos los elementos necesarios para su correcta instalación. Se deberá colocar una buena base de apoyo de la canoa en toda su longitud. Según diseño de cubierta. | F52: Suministro, transporte y colocación de canoa en lamina galvanizada calibre 24, desarrollo 0.70 m. Incluye embudo galvanizado calibre 16 y codo galvanizado calibre 26 , pintura anticorrosiva, esmalte base aceite y todos los elementos necesarios para su correcta instalación. Se deberá colocar una buena base de apoyo de la canoa en toda su longitud. Según diseño de cubierta. | G52: Suministro, transporte y colocación de canoa en lamina galvanizada calibre 24, desarrollo 0.70 m. Incluye embudo galvanizado calibre 16 y codo galvanizado calibre 26 , pintura anticorrosiva, esmalte base aceite y todos los elementos necesarios para su correcta instalación. Se deberá colocar una buena base de apoyo de la canoa en toda su longitud. Según diseño de cubierta. | H52: m | I52: =H1979 -> #REF!
B53: 9.4 | C53: Mantenimineto de canoas en lamina, limpieza, retiro de basuras, aplicación de anticorrosivo y pintura. | D53: Mantenimineto de canoas en lamina, limpieza, retiro de basuras, aplicación de anticorrosivo y pintura. | E53: Mantenimineto de canoas en lamina, limpieza, retiro de basuras, aplicación de anticorrosivo y pintura. | F53: Mantenimineto de canoas en lamina, limpieza, retiro de basuras, aplicación de anticorrosivo y pintura. | G53: Mantenimineto de canoas en lamina, limpieza, retiro de basuras, aplicación de anticorrosivo y pintura. | H53: m | I53: =H2028 -> #REF!
B55: 10 | C55: REDES ELÉCTRICAS | D55: REDES ELÉCTRICAS | E55: REDES ELÉCTRICAS | F55: REDES ELÉCTRICAS | G55: REDES ELÉCTRICAS
B56: =B55+0.01 -> 10.01 | C56: Retiro de TUBERÍA PVC Y/O TUBERÍA EMT en mal estado, incluye cableado, grapas, cajas, aparatos (suiches, tomas, datos, etc) y demas elementos que lo componen, disposición final de tubería retirada, cableado y demas elementos retirados en mal estado. Incluye el cargue, transporte, botada o recuperación de materiales, cargue, transporte y botada de escombros en botaderos oficiales, recuperación de los materiales aprovechables o su transporte hasta la bodega Municipal. Medido en proyección horizontal. | D56: Retiro de TUBERÍA PVC Y/O TUBERÍA EMT en mal estado, incluye cableado, grapas, cajas, aparatos (suiches, tomas, datos, etc) y demas elementos que lo componen, disposición final de tubería retirada, cableado y demas elementos retirados en mal estado. Incluye el cargue, transporte, botada o recuperación de materiales, cargue, transporte y botada de escombros en botaderos oficiales, recuperación de los materiales aprovechables o su transporte hasta la bodega Municipal. Medido en proyección horizontal. | E56: Retiro de TUBERÍA PVC Y/O TUBERÍA EMT en mal estado, incluye cableado, grapas, cajas, aparatos (suiches, tomas, datos, etc) y demas elementos que lo componen, disposición final de tubería retirada, cableado y demas elementos retirados en mal estado. Incluye el cargue, transporte, botada o recuperación de materiales, cargue, transporte y botada de escombros en botaderos oficiales, recuperación de los materiales aprovechables o su transporte hasta la bodega Municipal. Medido en proyección horizontal. | F56: Retiro de TUBERÍA PVC Y/O TUBERÍA EMT en mal estado, incluye cableado, grapas, cajas, aparatos (suiches, tomas, datos, etc) y demas elementos que lo componen, disposición final de tubería retirada, cableado y demas elementos retirados en mal estado. Incluye el cargue, transporte, botada o recuperación de materiales, cargue, transporte y botada de escombros en botaderos oficiales, recuperación de los materiales aprovechables o su transporte hasta la bodega Municipal. Medido en proyección horizontal. | G56: Retiro de TUBERÍA PVC Y/O TUBERÍA EMT en mal estado, incluye cableado, grapas, cajas, aparatos (suiches, tomas, datos, etc) y demas elementos que lo componen, disposición final de tubería retirada, cableado y demas elementos retirados en mal estado. Incluye el cargue, transporte, botada o recuperación de materiales, cargue, transporte y botada de escombros en botaderos oficiales, recuperación de los materiales aprovechables o su transporte hasta la bodega Municipal. Medido en proyección horizontal. | H56: ml | I56: =#REF! -> #REF!
B57: =B56+0.01 -> 10.02 | C57: Suministro, Transporte e Instalación de Tablero Monofásico de distribución de Doce (12) circuitos, incluye respectivas protecciones, barras de neutro y tierra. (Tomas e Iluminación ). | D57: Suministro, Transporte e Instalación de Tablero Monofásico de distribución de Doce (12) circuitos, incluye respectivas protecciones, barras de neutro y tierra. (Tomas e Iluminación ). | E57: Suministro, Transporte e Instalación de Tablero Monofásico de distribución de Doce (12) circuitos, incluye respectivas protecciones, barras de neutro y tierra. (Tomas e Iluminación ). | F57: Suministro, Transporte e Instalación de Tablero Monofásico de distribución de Doce (12) circuitos, incluye respectivas protecciones, barras de neutro y tierra. (Tomas e Iluminación ). | G57: Suministro, Transporte e Instalación de Tablero Monofásico de distribución de Doce (12) circuitos, incluye respectivas protecciones, barras de neutro y tierra. (Tomas e Iluminación ). | H57: und | I57: =#REF! -> #REF!
B58: =B57+0.01 -> 10.03 | C58: Suministro, Transporte e Instalación de Gabinete Metálico de Distribución Bifásico, Tipo ML, para Seis (6) circuitos, incluye Protección Termomagnética General de 2 x 100 A (1), Protección Termomagnética para distribución de 2 x 40 A (4), Protección Termomagnética para distribución de 2 x 30 A (1), barras para Neutro y Tierra. (Protección y Distribución General). | D58: Suministro, Transporte e Instalación de Gabinete Metálico de Distribución Bifásico, Tipo ML, para Seis (6) circuitos, incluye Protección Termomagnética General de 2 x 100 A (1), Protección Termomagnética para distribución de 2 x 40 A (4), Protección Termomagnética para distribución de 2 x 30 A (1), barras para Neutro y Tierra. (Protección y Distribución General). | E58: Suministro, Transporte e Instalación de Gabinete Metálico de Distribución Bifásico, Tipo ML, para Seis (6) circuitos, incluye Protección Termomagnética General de 2 x 100 A (1), Protección Termomagnética para distribución de 2 x 40 A (4), Protección Termomagnética para distribución de 2 x 30 A (1), barras para Neutro y Tierra. (Protección y Distribución General). | F58: Suministro, Transporte e Instalación de Gabinete Metálico de Distribución Bifásico, Tipo ML, para Seis (6) circuitos, incluye Protección Termomagnética General de 2 x 100 A (1), Protección Termomagnética para distribución de 2 x 40 A (4), Protección Termomagnética para distribución de 2 x 30 A (1), barras para Neutro y Tierra. (Protección y Distribución General). | G58: Suministro, Transporte e Instalación de Gabinete Metálico de Distribución Bifásico, Tipo ML, para Seis (6) circuitos, incluye Protección Termomagnética General de 2 x 100 A (1), Protección Termomagnética para distribución de 2 x 40 A (4), Protección Termomagnética para distribución de 2 x 30 A (1), barras para Neutro y Tierra. (Protección y Distribución General). | H58: und | I58: =#REF! -> #REF!
B59: =B58+0.01 -> 10.04 | C59: Suministro, transporte e instalación de salida eléctrica expuesta en tubería EMT para toma doble con polo a tierra, en tubería EMT. Incluye toma, tubo EMT encintada, conductores de cobre 12 AWG-CU-SINTOX - FR LS C, cajas metálicas galvanizadas 12*12*5 de sobreponer con tapa suplemento, conectores de conexión y/o empalme, grapa metálica galvanizada doble ala, marcación con pinturata de acuerdo a la norma, obra civil y demás accesorios necesarios para su correcta instalación. Salida promedio 4 m). | D59: Suministro, transporte e instalación de salida eléctrica expuesta en tubería EMT para toma doble con polo a tierra, en tubería EMT. Incluye toma, tubo EMT encintada, conductores de cobre 12 AWG-CU-SINTOX - FR LS C, cajas metálicas galvanizadas 12*12*5 de sobreponer con tapa suplemento, conectores de conexión y/o empalme, grapa metálica galvanizada doble ala, marcación con pinturata de acuerdo a la norma, obra civil y demás accesorios necesarios para su correcta instalación. Salida promedio 4 m). | E59: Suministro, transporte e instalación de salida eléctrica expuesta en tubería EMT para toma doble con polo a tierra, en tubería EMT. Incluye toma, tubo EMT encintada, conductores de cobre 12 AWG-CU-SINTOX - FR LS C, cajas metálicas galvanizadas 12*12*5 de sobreponer con tapa suplemento, conectores de conexión y/o empalme, grapa metálica galvanizada doble ala, marcación con pinturata de acuerdo a la norma, obra civil y demás accesorios necesarios para su correcta instalación. Salida promedio 4 m). | F59: Suministro, transporte e instalación de salida eléctrica expuesta en tubería EMT para toma doble con polo a tierra, en tubería EMT. Incluye toma, tubo EMT encintada, conductores de cobre 12 AWG-CU-SINTOX - FR LS C, cajas metálicas galvanizadas 12*12*5 de sobreponer con tapa suplemento, conectores de conexión y/o empalme, grapa metálica galvanizada doble ala, marcación con pinturata de acuerdo a la norma, obra civil y demás accesorios necesarios para su correcta instalación. Salida promedio 4 m). | G59: Suministro, transporte e instalación de salida eléctrica expuesta en tubería EMT para toma doble con polo a tierra, en tubería EMT. Incluye toma, tubo EMT encintada, conductores de cobre 12 AWG-CU-SINTOX - FR LS C, cajas metálicas galvanizadas 12*12*5 de sobreponer con tapa suplemento, conectores de conexión y/o empalme, grapa metálica galvanizada doble ala, marcación con pinturata de acuerdo a la norma, obra civil y demás accesorios necesarios para su correcta instalación. Salida promedio 4 m). | H59: und | I59: =#REF! -> #REF!
B60: =B59+0.01 -> 10.05 | C60: Suministro, transporte e instalación de salida eléctrica expuesta para iluminación, tubería EMT. Incluye, encintada, conductores de cobre 12 AWG-CU-SINTOX - FR LS C, cajas metálicas galvanizadas 12*12*5 de sobreponer con tapa suplemento, conectores de conexión y/o empalme, grapa metálica galvanizada doble ala, marcación con pinturata de acuerdo a la norma, obra civil y demás accesorios necesarios para su correcta instalación. (Salida promedio 4 m). | D60: Suministro, transporte e instalación de salida eléctrica expuesta para iluminación (LUMINARIA HERMÉTICA 2X25W SYLVANIA), tubería EMT. Incluye, encintada, conductores de cobre 12 AWG-CU-SINTOX - FR LS C, cajas metálicas galvanizadas 12*12*5 de sobreponer con tapa suplemento, conectores de conexión y/o empalme, grapa metálica galvanizada doble ala, marcación con pinturata de acuerdo a la norma, obra civil y demás accesorios necesarios para su correcta instalación. (Salida promedio 4 m). | E60: Suministro, transporte e instalación de salida eléctrica expuesta para iluminación (LUMINARIA HERMÉTICA 2X25W SYLVANIA), tubería EMT. Incluye, encintada, conductores de cobre 12 AWG-CU-SINTOX - FR LS C, cajas metálicas galvanizadas 12*12*5 de sobreponer con tapa suplemento, conectores de conexión y/o empalme, grapa metálica galvanizada doble ala, marcación con pinturata de acuerdo a la norma, obra civil y demás accesorios necesarios para su correcta instalación. (Salida promedio 4 m). | F60: Suministro, transporte e instalación de salida eléctrica expuesta para iluminación (LUMINARIA HERMÉTICA 2X25W SYLVANIA), tubería EMT. Incluye, encintada, conductores de cobre 12 AWG-CU-SINTOX - FR LS C, cajas metálicas galvanizadas 12*12*5 de sobreponer con tapa suplemento, conectores de conexión y/o empalme, grapa metálica galvanizada doble ala, marcación con pinturata de acuerdo a la norma, obra civil y demás accesorios necesarios para su correcta instalación. (Salida promedio 4 m). | G60: Suministro, transporte e instalación de salida eléctrica expuesta para iluminación (LUMINARIA HERMÉTICA 2X25W SYLVANIA), tubería EMT. Incluye, encintada, conductores de cobre 12 AWG-CU-SINTOX - FR LS C, cajas metálicas galvanizadas 12*12*5 de sobreponer con tapa suplemento, conectores de conexión y/o empalme, grapa metálica galvanizada doble ala, marcación con pinturata de acuerdo a la norma, obra civil y demás accesorios necesarios para su correcta instalación. (Salida promedio 4 m). | H60: und | I60: =#REF! -> #REF!
B61: =B60+0.01 -> 10.06 | C61: Suministro, transporte e instalación de tubería metálica EMT diámetro 3/4". Incluye adaptadores, uniones, curvas, grapas doble ala, resanes en mortero 1:5 y demás accesorios necesarios para su correcta instalación. | D61: Suministro, transporte e instalación de tubería metálica EMT diámetro 3/4". Incluye adaptadores, uniones, curvas, grapas doble ala, resanes en mortero 1:5 y demás accesorios necesarios para su correcta instalación. | E61: Suministro, transporte e instalación de tubería metálica EMT diámetro 3/4". Incluye adaptadores, uniones, curvas, grapas doble ala, resanes en mortero 1:5 y demás accesorios necesarios para su correcta instalación. | F61: Suministro, transporte e instalación de tubería metálica EMT diámetro 3/4". Incluye adaptadores, uniones, curvas, grapas doble ala, resanes en mortero 1:5 y demás accesorios necesarios para su correcta instalación. | G61: Suministro, transporte e instalación de tubería metálica EMT diámetro 3/4". Incluye adaptadores, uniones, curvas, grapas doble ala, resanes en mortero 1:5 y demás accesorios necesarios para su correcta instalación. | H61: ml | I61: =#REF! -> #REF!
B62: =B61+0.01 -> 10.07 | C62: Suministro, transporte e instalación de acometida en cable blando 3No12 cobre SINTOX - FR LS . Por ducto o canaleta. Incluye obras civiles necesarias para su correcta instalación, terminales de ojo, cintas de vinilo, autofundente, correhillas y demas elementos necesarios para su correc ta instalación. | D62: Suministro, transporte e instalación de acometida en cable blando 3No12 cobre SINTOX - FR LS . Por ducto o canaleta. Incluye obras civiles necesarias para su correcta instalación, terminales de ojo, cintas de vinilo, autofundente, correhillas y demas elementos necesarios para su correc ta instalación. | E62: Suministro, transporte e instalación de acometida en cable blando 3No12 cobre SINTOX - FR LS . Por ducto o canaleta. Incluye obras civiles necesarias para su correcta instalación, terminales de ojo, cintas de vinilo, autofundente, correhillas y demas elementos necesarios para su correc ta instalación. | F62: Suministro, transporte e instalación de acometida en cable blando 3No12 cobre SINTOX - FR LS . Por ducto o canaleta. Incluye obras civiles necesarias para su correcta instalación, terminales de ojo, cintas de vinilo, autofundente, correhillas y demas elementos necesarios para su correc ta instalación. | G62: Suministro, transporte e instalación de acometida en cable blando 3No12 cobre SINTOX - FR LS . Por ducto o canaleta. Incluye obras civiles necesarias para su correcta instalación, terminales de ojo, cintas de vinilo, autofundente, correhillas y demas elementos necesarios para su correc ta instalación. | H62: ml | I62: =#REF! -> #REF!
B63: =B62+0.01 -> 10.08 | C63: Suministro, Transporte e Instalación de Luminaria tipo LED, Hermética, 2 x 25 W, 120 V | D63: Suministro, Transporte e Instalación de Luminaria tipo LED, Hermética, 2 x 25 W, 120 V | E63: Suministro, Transporte e Instalación de Luminaria tipo LED, Hermética, 2 x 25 W, 120 V | F63: Suministro, Transporte e Instalación de Luminaria tipo LED, Hermética, 2 x 25 W, 120 V | G63: Suministro, Transporte e Instalación de Luminaria tipo LED, Hermética, 2 x 25 W, 120 V | H63: und | I63: =#REF! -> #REF!
B64: =B63+0.01 -> 10.09 | C64: Suministro, Transporte e Instalación de Luminaria tipo LED de 18 W, 120 V | D64: Suministro, Transporte e Instalación de Luminaria tipo LED de 18 W, 120 V | E64: Suministro, Transporte e Instalación de Luminaria tipo LED de 18 W, 120 V | F64: Suministro, Transporte e Instalación de Luminaria tipo LED de 18 W, 120 V | G64: Suministro, Transporte e Instalación de Luminaria tipo LED de 18 W, 120 V | H64: und | I64: =#REF! -> #REF!
B65: =B64+0.01 -> 10.1 | C65: Suministro, transporte e instalación de materiales para salida eléctrica expuesta en tubería EMT para interruptor monopolar de alumbrado 10-15 A, 125V. Incluye interruptor, ducto EMT, encintada, conductores de cobre 12 AWG-CU-SINTOX - FR LS C, cajas metálicas galvanizadas 12*12*5 de sobreponer con tapa suplemento, conectores de conexión y/o empalme, grapa metálica galvanizada doble ala, marcación con pinturata de acuerdo a la norma, obra civil y demás accesorios necesarios para su correcta instalación. (Salida promedio 4 m). | D65: Suministro, transporte e instalación de materiales para salida eléctrica expuesta en tubería EMT para interruptor monopolar de alumbrado 10-15 A, 125V. Incluye interruptor, ducto EMT, encintada, conductores de cobre 12 AWG-CU-SINTOX - FR LS C, cajas metálicas galvanizadas 12*12*5 de sobreponer con tapa suplemento, conectores de conexión y/o empalme, grapa metálica galvanizada doble ala, marcación con pinturata de acuerdo a la norma, obra civil y demás accesorios necesarios para su correcta instalación. (Salida promedio 4 m). | E65: Suministro, transporte e instalación de materiales para salida eléctrica expuesta en tubería EMT para interruptor monopolar de alumbrado 10-15 A, 125V. Incluye interruptor, ducto EMT, encintada, conductores de cobre 12 AWG-CU-SINTOX - FR LS C, cajas metálicas galvanizadas 12*12*5 de sobreponer con tapa suplemento, conectores de conexión y/o empalme, grapa metálica galvanizada doble ala, marcación con pinturata de acuerdo a la norma, obra civil y demás accesorios necesarios para su correcta instalación. (Salida promedio 4 m). | F65: Suministro, transporte e instalación de materiales para salida eléctrica expuesta en tubería EMT para interruptor monopolar de alumbrado 10-15 A, 125V. Incluye interruptor, ducto EMT, encintada, conductores de cobre 12 AWG-CU-SINTOX - FR LS C, cajas metálicas galvanizadas 12*12*5 de sobreponer con tapa suplemento, conectores de conexión y/o empalme, grapa metálica galvanizada doble ala, marcación con pinturata de acuerdo a la norma, obra civil y demás accesorios necesarios para su correcta instalación. (Salida promedio 4 m). | G65: Suministro, transporte e instalación de materiales para salida eléctrica expuesta en tubería EMT para interruptor monopolar de alumbrado 10-15 A, 125V. Incluye interruptor, ducto EMT, encintada, conductores de cobre 12 AWG-CU-SINTOX - FR LS C, cajas metálicas galvanizadas 12*12*5 de sobreponer con tapa suplemento, conectores de conexión y/o empalme, grapa metálica galvanizada doble ala, marcación con pinturata de acuerdo a la norma, obra civil y demás accesorios necesarios para su correcta instalación. (Salida promedio 4 m). | H65: und | I65: =#REF! -> #REF!
B66: =B65+0.01 -> 10.11 | C66: Suministro, Transporte e Instalación de Acometida en Cable cobre 2 x No. 8 AWG - LSZH (Fases), 1 x No. 8 AWG - LSZH (Neutro), 1 x No. 8 AWG - LSZH (Tierra) y tubería tipo EMT de 1" | D66: Suministro, Transporte e Instalación de Acometida en Cable cobre 2 x No. 8 AWG - LSZH (Fases), 1 x No. 8 AWG - LSZH (Neutro), 1 x No. 8 AWG - LSZH (Tierra) y tubería tipo EMT de 1" | E66: Suministro, Transporte e Instalación de Acometida en Cable cobre 2 x No. 8 AWG - LSZH (Fases), 1 x No. 8 AWG - LSZH (Neutro), 1 x No. 8 AWG - LSZH (Tierra) y tubería tipo EMT de 1" | F66: Suministro, Transporte e Instalación de Acometida en Cable cobre 2 x No. 8 AWG - LSZH (Fases), 1 x No. 8 AWG - LSZH (Neutro), 1 x No. 8 AWG - LSZH (Tierra) y tubería tipo EMT de 1" | G66: Suministro, Transporte e Instalación de Acometida en Cable cobre 2 x No. 8 AWG - LSZH (Fases), 1 x No. 8 AWG - LSZH (Neutro), 1 x No. 8 AWG - LSZH (Tierra) y tubería tipo EMT de 1" | H66: ml | I66: =#REF! -> #REF!
B67: =B66+0.01 -> 10.12 | C67: Suministro, Transporte e Instalación de Sistema de Puesta a Tierra, incluye Varillas tipo Cooperweld, soldadura exotérmica y Cable Nº 6 cobre desnudo. | D67: Suministro, Transporte e Instalación de Sistema de Puesta a Tierra, incluye Varillas tipo Cooperweld, soldadura exotérmica y Cable Nº 6 cobre desnudo. | E67: Suministro, Transporte e Instalación de Sistema de Puesta a Tierra, incluye Varillas tipo Cooperweld, soldadura exotérmica y Cable Nº 6 cobre desnudo. | F67: Suministro, Transporte e Instalación de Sistema de Puesta a Tierra, incluye Varillas tipo Cooperweld, soldadura exotérmica y Cable Nº 6 cobre desnudo. | G67: Suministro, Transporte e Instalación de Sistema de Puesta a Tierra, incluye Varillas tipo Cooperweld, soldadura exotérmica y Cable Nº 6 cobre desnudo. | H67: und | I67: =#REF! -> #REF!
... B74: =B73+0.01 -> 10.19 | C74: Certificación RETILAP y acompañamient al proceso de inspección. Se presenta plano record, certificados de producto y demas documentos para el trámite solicitados por en organismo de inspección. | D74: Certificación RETILAP y acompañamient al proceso de inspección. Se presenta plano record, certificados de producto y demas documentos para el trámite solicitados por en organismo de inspección. | E74: Certificación RETILAP y acompañamient al proceso de inspección. Se presenta plano record, certificados de producto y demas documentos para el trámite solicitados por en organismo de inspección. | F74: Certificación RETILAP y acompañamient al proceso de inspección. Se presenta plano record, certificados de producto y demas documentos para el trámite solicitados por en organismo de inspección. | G74: Certificación RETILAP y acompañamient al proceso de inspección. Se presenta plano record, certificados de producto y demas documentos para el trámite solicitados por en organismo de inspección. | H74: GL | I74: =#REF! -> #REF!
B77: ANALISIS DE PRECIOS UNITARIOS
B78: =+#REF! -> #REF!
B80: ANÁLISIS DE PRECIOS UNITARIOS
B82: PROYECTO U OBRA:
B83: =+#REF! -> #REF!
B84: Í T E M No. | C84: =+#REF! -> #REF! | D84: UNIDAD DE MEDIDA: | F84: =+#REF! -> #REF! | G84: FECHA:
B86: =+#REF! -> #REF!
B89: I. MATERIAL PUESTO EN OBRA
B90: DESCRIPCIÓN | D90: UNIDAD | E90: CANT. | F90: DESPER | G90: VR. UNIDAD | H90: VR. PARCIAL
B91: Tapon Soldado PVC presión | D91: un | E91: 1 | G91: =+#REF! -> #REF! | H91: =G91*(F91+1)*E91 -> #REF!
H92: =G92*(F92+1)*E92 -> 0
H93: =G93*(F93+1)*E93 -> 0
B94: Sub-total | H94: =ROUND(SUM(H91:H93),2) -> #REF!
B95: II. HERRAMIENTA Y EQUIPO
B96: DESCRIPCIÓN | D96: UNIDAD | E96: CANT. | F96: RENDIMIENTO | G96: VR. UNIDAD | H96: VR. PARCIAL
H97: =E97*F97*G97 -> 0
B98: Herramienta menor | D98: (% m.o) | E98: 0.05 | F98: 1 | G98: =H107 -> #REF! | H98: =E98*F98*G98 -> #REF!
H99: =E99*F99*G99 -> 0
B100: Sub-total | H100: =ROUND(SUM(H97:H99),2) -> #REF!
B101: III. MANO DE OBRA
B102: DESCRIPCIÓN | D102: UNIDAD | E102: CANT. | F102: RENDIMIENTO | G102: VR. UNIDAD | H102: VR. PARCIAL
H103: =E103*F103*G103 -> 0
H104: =E104*F104*G104 -> 0
B105: Ayudante | D105: día | E105: 1 | F105: 0.33 | G105: =+INDEX(#REF!,MATCH(B105,#REF!,0),9) -> #REF! | H105: =E105*F105*G105 -> #REF!
H106: =E106*F106*G106 -> 0
B107: Sub-total | H107: =ROUND(SUM(H103:H106),2) -> #REF!
B108: IV. TRANSPORTE
B109: DESCRIPCIÓN | E109: UNIDAD | F109: CANT. | G109: VR. UNIDAD | H109: VR. PARCIAL
B110: Trasporte para recuperación de los materiales | E110: m2 | F110: 1 | G110: 350 | H110: =G110*F110 -> 350
B111: Botada de escombros | E111: m3 | F111: 0.05 | G111: 35000 | H111: =G111*F111 -> 1750
B112: Sub-total | H112: =ROUND(SUM(H110:H111),2) -> 2100
E114: TOTAL COSTO DIRECTO | H114: =ROUND(H112+H107+H100+H94,0) -> #REF! | K114: 23212.35
B117: ANÁLISIS DE PRECIOS UNITARIOS
B119: PROYECTO U OBRA:
B120: =+#REF! -> #REF!
B121: Í T E M No. | C121: =+#REF! -> #REF! | D121: UNIDAD DE MEDIDA: | F121: =+#REF! -> #REF! | G121: FECHA:
B123: =+#REF! -> #REF!
B126: I. MATERIAL PUESTO EN OBRA
B127: DESCRIPCIÓN | D127: UNIDAD | E127: CANT. | F127: DESPER | G127: VR. UNIDAD | H127: VR. PARCIAL
H128: =G128*(F128+1)*E128 -> 0
H129: =G129*(F129+1)*E129 -> 0
H130: =G130*(F130+1)*E130 -> 0
B131: Sub-total | H131: =ROUND(SUM(H128:H130),2) -> 0
...

Sheet APU 3 
B2: 1.1 | C2: RETIRO DE CUBIERTA EN TEJA DE BARRO, O ASBESTO CEMENTO Y/O PLÁSTICA EXISTENTE. Incluye cargue, botada y/o recuperación de los materiales aprovechables, trasporte hasta el sitio de deposito y/o disposición final donde lo indique la interventoría y/o entidad contratante, medido a lo largo de la pendiente. | H2: m2 | I2: =+H180 -> #REF!
B3: 1.2 | C3: RETIRO Y DESMONTE DE CERRAMIENTO EN MALLA ESLABONADA Y BLOQUE DE CONCRETO. Incluye cargue, botada y/o recuperación de los materiales aprovechables, transporte hasta el sitio de deposito y/o disposición final donde lo indique la interventoría y/o entidad contratante. | D3: RETIRO Y DESMONTE DE CERRAMIENTO EN MALLA ESLABONADA Y BLOQUE DE CONCRETO. Incluye cargue, botada y/o recuperación de los materiales aprovechables, transporte hasta el sitio de deposito y/o disposición final donde lo indique la interventoría y/o entidad contratante. | E3: RETIRO Y DESMONTE DE CERRAMIENTO EN MALLA ESLABONADA Y BLOQUE DE CONCRETO. Incluye cargue, botada y/o recuperación de los materiales aprovechables, transporte hasta el sitio de deposito y/o disposición final donde lo indique la interventoría y/o entidad contratante. | F3: RETIRO Y DESMONTE DE CERRAMIENTO EN MALLA ESLABONADA Y BLOQUE DE CONCRETO. Incluye cargue, botada y/o recuperación de los materiales aprovechables, transporte hasta el sitio de deposito y/o disposición final donde lo indique la interventoría y/o entidad contratante. | G3: RETIRO Y DESMONTE DE CERRAMIENTO EN MALLA ESLABONADA Y BLOQUE DE CONCRETO. Incluye cargue, botada y/o recuperación de los materiales aprovechables, transporte hasta el sitio de deposito y/o disposición final donde lo indique la interventoría y/o entidad contratante. | H3: m | I3: =+H218 -> #REF!
B4: 1.3 | C4: DEMOLICIÓN MECÁNICA DE PISO EN CONCRETO espesor <=15 cm. Incluye retiro, cargue, transporte y botada de escombros en lugares autorizados por el Municipo y/o autoridad ambiental y recuperación de los materiales aprovechables. (No incluye retiro de entresuelo) | D4: DEMOLICIÓN MECÁNICA DE PISO EN CONCRETO espesor <=15 cm. Incluye retiro, cargue, transporte y botada de escombros en lugares autorizados por el Municipo y/o autoridad ambiental y recuperación de los materiales aprovechables. (No incluye retiro de entresuelo) | E4: DEMOLICIÓN MECÁNICA DE PISO EN CONCRETO espesor <=15 cm. Incluye retiro, cargue, transporte y botada de escombros en lugares autorizados por el Municipo y/o autoridad ambiental y recuperación de los materiales aprovechables. (No incluye retiro de entresuelo) | F4: DEMOLICIÓN MECÁNICA DE PISO EN CONCRETO espesor <=15 cm. Incluye retiro, cargue, transporte y botada de escombros en lugares autorizados por el Municipo y/o autoridad ambiental y recuperación de los materiales aprovechables. (No incluye retiro de entresuelo) | G4: DEMOLICIÓN MECÁNICA DE PISO EN CONCRETO espesor <=15 cm. Incluye retiro, cargue, transporte y botada de escombros en lugares autorizados por el Municipo y/o autoridad ambiental y recuperación de los materiales aprovechables. (No incluye retiro de entresuelo) | H4: m2 | I4: =+H256 -> #REF!
B6: 2
B7: 2.1 | C7: EXCAVACIÓN MANUAL de material heterogéneo DE 0-2 m., bajo cualquier grado de humedad. Incluye: roca descompuesta, bolas de roca de volumen inferior a 0.35 m³., el cargue, transporte interno y externo, botada de material proveniente de las excavaciones en los sitios donde lo indique la interventoría y su medida será en el sitio. No incluye entibado. | D7: EXCAVACIÓN MANUAL de material heterogéneo DE 0-2 m., bajo cualquier grado de humedad. Incluye: roca descompuesta, bolas de roca de volumen inferior a 0.35 m³., el cargue, transporte interno y externo, botada de material proveniente de las excavaciones en los sitios donde lo indique la interventoría y su medida será en el sitio. No incluye entibado. | E7: EXCAVACIÓN MANUAL de material heterogéneo DE 0-2 m., bajo cualquier grado de humedad. Incluye: roca descompuesta, bolas de roca de volumen inferior a 0.35 m³., el cargue, transporte interno y externo, botada de material proveniente de las excavaciones en los sitios donde lo indique la interventoría y su medida será en el sitio. No incluye entibado. | F7: EXCAVACIÓN MANUAL de material heterogéneo DE 0-2 m., bajo cualquier grado de humedad. Incluye: roca descompuesta, bolas de roca de volumen inferior a 0.35 m³., el cargue, transporte interno y externo, botada de material proveniente de las excavaciones en los sitios donde lo indique la interventoría y su medida será en el sitio. No incluye entibado. | G7: EXCAVACIÓN MANUAL de material heterogéneo DE 0-2 m., bajo cualquier grado de humedad. Incluye: roca descompuesta, bolas de roca de volumen inferior a 0.35 m³., el cargue, transporte interno y externo, botada de material proveniente de las excavaciones en los sitios donde lo indique la interventoría y su medida será en el sitio. No incluye entibado. | H7: m3 | I7: =H409 -> #REF!
B9: 3
B10: 3.1 | C10: Construcción de PISO EN CONCRETO DE 21 MPa. ESPESOR DE 0.10 m., con vaciado alternado. Incluye suministro y transporte de los materiales, perfilación, nivelación del terreno y adecuación de la superficie, entresuelo en piedra con un espesor de 0.15 m. y 0.05 m. de arenilla, malla electrosoldada D-84, dilataciones a junta perdida cada 1.80 m., acabado liso llaneado, vibrado, curado, protección de la superficie y todo lo necesario para su correcta construcción y funcionamiento. Según diseño. Unidades sanitarias y cocina. Para andenes el acabado debe ser escobillado y antideslizante. | D10: Construcción de PISO EN CONCRETO DE 21 MPa. ESPESOR DE 0.10 m., con vaciado alternado. Incluye suministro y transporte de los materiales, perfilación, nivelación del terreno y adecuación de la superficie, entresuelo en piedra con un espesor de 0.15 m. y 0.05 m. de arenilla, malla electrosoldada D-84, dilataciones a junta perdida cada 1.80 m., acabado liso llaneado, vibrado, curado, protección de la superficie y todo lo necesario para su correcta construcción y funcionamiento. Según diseño. Unidades sanitarias y cocina. Para andenes el acabado debe ser escobillado y antideslizante. | E10: Construcción de PISO EN CONCRETO DE 21 MPa. ESPESOR DE 0.10 m., con vaciado alternado. Incluye suministro y transporte de los materiales, perfilación, nivelación del terreno y adecuación de la superficie, entresuelo en piedra con un espesor de 0.15 m. y 0.05 m. de arenilla, malla electrosoldada D-84, dilataciones a junta perdida cada 1.80 m., acabado liso llaneado, vibrado, curado, protección de la superficie y todo lo necesario para su correcta construcción y funcionamiento. Según diseño. Unidades sanitarias y cocina. Para andenes el acabado debe ser escobillado y antideslizante. | F10: Construcción de PISO EN CONCRETO DE 21 MPa. ESPESOR DE 0.10 m., con vaciado alternado. Incluye suministro y transporte de los materiales, perfilación, nivelación del terreno y adecuación de la superficie, entresuelo en piedra con un espesor de 0.15 m. y 0.05 m. de arenilla, malla electrosoldada D-84, dilataciones a junta perdida cada 1.80 m., acabado liso llaneado, vibrado, curado, protección de la superficie y todo lo necesario para su correcta construcción y funcionamiento. Según diseño. Unidades sanitarias y cocina. Para andenes el acabado debe ser escobillado y antideslizante. | G10: Construcción de PISO EN CONCRETO DE 21 MPa. ESPESOR DE 0.10 m., con vaciado alternado. Incluye suministro y transporte de los materiales, perfilación, nivelación del terreno y adecuación de la superficie, entresuelo en piedra con un espesor de 0.15 m. y 0.05 m. de arenilla, malla electrosoldada D-84, dilataciones a junta perdida cada 1.80 m., acabado liso llaneado, vibrado, curado, protección de la superficie y todo lo necesario para su correcta construcción y funcionamiento. Según diseño. Unidades sanitarias y cocina. Para andenes el acabado debe ser escobillado y antideslizante. | H10: m2 | I10: =+H490 -> #REF!
B11: 3.2 | C11: "Suministro,Transporte e Instalación de cerramiento en malla eslabonada,cal10 ojo No.5. Incluye: malla eslabonada cal 10, parales en tubería galvanizada de 1,9" cal 16 gallinazo sencillo x 2.70m, anclados cada 2,20 mtst, pie amigos en tubería galvanizada 1,9" cal 16, cada 15 metros o en cambios de dirección o pendiente, alambre de púas(3 hileras), viga de fundación de 0.40X0.30m, en concreto de 21Mpa, pisamallas en mortero 1:4, bloque de concreto 20x20x40(2 Hiladas) relleno con mortero 1:6,pedestales de anclaje de los parales de 20x20, acero de refuerzo (7Kg/m). Incluye excavación y botada de material procedente de excavación". | D11: "Suministro,Transporte e Instalación de cerramiento en malla eslabonada,cal10 ojo No.5. Incluye: malla eslabonada cal 10, parales en tubería galvanizada de 1,9" cal 16 gallinazo sencillo x 2.70m, anclados cada 2,20 mtst, pie amigos en tubería galvanizada 1,9" cal 16, cada 15 metros o en cambios de dirección o pendiente, alambre de púas(3 hileras), viga de fundación de 0.40X0.30m, en concreto de 21Mpa, pisamallas en mortero 1:4, bloque de concreto 20x20x40(2 Hiladas) relleno con mortero 1:6,pedestales de anclaje de los parales de 20x20, acero de refuerzo (7Kg/m). Incluye excavación y botada de material procedente de excavación". | E11: "Suministro,Transporte e Instalación de cerramiento en malla eslabonada,cal10 ojo No.5. Incluye: malla eslabonada cal 10, parales en tubería galvanizada de 1,9" cal 16 gallinazo sencillo x 2.70m, anclados cada 2,20 mtst, pie amigos en tubería galvanizada 1,9" cal 16, cada 15 metros o en cambios de dirección o pendiente, alambre de púas(3 hileras), viga de fundación de 0.40X0.30m, en concreto de 21Mpa, pisamallas en mortero 1:4, bloque de concreto 20x20x40(2 Hiladas) relleno con mortero 1:6,pedestales de anclaje de los parales de 20x20, acero de refuerzo (7Kg/m). Incluye excavación y botada de material procedente de excavación". | F11: "Suministro,Transporte e Instalación de cerramiento en malla eslabonada,cal10 ojo No.5. Incluye: malla eslabonada cal 10, parales en tubería galvanizada de 1,9" cal 16 gallinazo sencillo x 2.70m, anclados cada 2,20 mtst, pie amigos en tubería galvanizada 1,9" cal 16, cada 15 metros o en cambios de dirección o pendiente, alambre de púas(3 hileras), viga de fundación de 0.40X0.30m, en concreto de 21Mpa, pisamallas en mortero 1:4, bloque de concreto 20x20x40(2 Hiladas) relleno con mortero 1:6,pedestales de anclaje de los parales de 20x20, acero de refuerzo (7Kg/m). Incluye excavación y botada de material procedente de excavación". | G11: "Suministro,Transporte e Instalación de cerramiento en malla eslabonada,cal10 ojo No.5. Incluye: malla eslabonada cal 10, parales en tubería galvanizada de 1,9" cal 16 gallinazo sencillo x 2.70m, anclados cada 2,20 mtst, pie amigos en tubería galvanizada 1,9" cal 16, cada 15 metros o en cambios de dirección o pendiente, alambre de púas(3 hileras), viga de fundación de 0.40X0.30m, en concreto de 21Mpa, pisamallas en mortero 1:4, bloque de concreto 20x20x40(2 Hiladas) relleno con mortero 1:6,pedestales de anclaje de los parales de 20x20, acero de refuerzo (7Kg/m). Incluye excavación y botada de material procedente de excavación". | H11: m2 | I11: =+H582 -> #REF!
B12: 3.3 | C12: Construcción de COLUMNAS DE 0.30 x 0.30m. en concreto de 21 MPa, acabado a la vista. Incluye suministro, transporte y colocación del concreto. | D12: Construcción de COLUMNAS DE 0.30 x 0.30m. en concreto de 21 MPa, acabado a la vista. Incluye suministro, transporte y colocación del concreto. | E12: Construcción de COLUMNAS DE 0.30 x 0.30m. en concreto de 21 MPa, acabado a la vista. Incluye suministro, transporte y colocación del concreto. | F12: Construcción de COLUMNAS DE 0.30 x 0.30m. en concreto de 21 MPa, acabado a la vista. Incluye suministro, transporte y colocación del concreto. | G12: Construcción de COLUMNAS DE 0.30 x 0.30m. en concreto de 21 MPa, acabado a la vista. Incluye suministro, transporte y colocación del concreto. | H12: m | I12: =+H666 -> #REF!
B14: 4
B15: 4.1 | C15: Suministro, transporte e instalación de ACERO DE REFUERZO FIGURADO FY= 420 MPa-60000 PSI, corrugado. Incluye transporte con descarga, transporte interno, alambre de amarre, certificados y todos los elementos necesarios para su correcta instalación, según diseño y recomendaciones estructurales. | D15: Suministro, transporte e instalación de ACERO DE REFUERZO FIGURADO FY= 420 MPa-60000 PSI, corrugado. Incluye transporte con descarga, transporte interno, alambre de amarre, certificados y todos los elementos necesarios para su correcta instalación, según diseño y recomendaciones estructurales. | E15: Suministro, transporte e instalación de ACERO DE REFUERZO FIGURADO FY= 420 MPa-60000 PSI, corrugado. Incluye transporte con descarga, transporte interno, alambre de amarre, certificados y todos los elementos necesarios para su correcta instalación, según diseño y recomendaciones estructurales. | F15: Suministro, transporte e instalación de ACERO DE REFUERZO FIGURADO FY= 420 MPa-60000 PSI, corrugado. Incluye transporte con descarga, transporte interno, alambre de amarre, certificados y todos los elementos necesarios para su correcta instalación, según diseño y recomendaciones estructurales. | G15: Suministro, transporte e instalación de ACERO DE REFUERZO FIGURADO FY= 420 MPa-60000 PSI, corrugado. Incluye transporte con descarga, transporte interno, alambre de amarre, certificados y todos los elementos necesarios para su correcta instalación, según diseño y recomendaciones estructurales. | H15: kg | I15: =+H706 -> #REF!
B17: 5
B18: 5.1 | C18: RESANE Y REPINTE de PINTURA ACRÍLICA tipo Koraza o equivalente para exteriores (hidrorepelente) de primera calidad que cumpla con la Norma NTC 1335, tres (3) manos o las que sean necesarias para obtener una superficie pareja y homogénea, a satisfacción de la interventoría. Incluye suministro y transporte de los materiales, preparada y adecuación de la superficie a intervenir. Color a definir según aprobación de la interventoría. | D18: RESANE Y REPINTE de PINTURA ACRÍLICA tipo Koraza o equivalente para exteriores (hidrorepelente) de primera calidad que cumpla con la Norma NTC 1335, tres (3) manos o las que sean necesarias para obtener una superficie pareja y homogénea, a satisfacción de la interventoría. Incluye suministro y transporte de los materiales, preparada y adecuación de la superficie a intervenir. Color a definir según aprobación de la interventoría. | E18: RESANE Y REPINTE de PINTURA ACRÍLICA tipo Koraza o equivalente para exteriores (hidrorepelente) de primera calidad que cumpla con la Norma NTC 1335, tres (3) manos o las que sean necesarias para obtener una superficie pareja y homogénea, a satisfacción de la interventoría. Incluye suministro y transporte de los materiales, preparada y adecuación de la superficie a intervenir. Color a definir según aprobación de la interventoría. | F18: RESANE Y REPINTE de PINTURA ACRÍLICA tipo Koraza o equivalente para exteriores (hidrorepelente) de primera calidad que cumpla con la Norma NTC 1335, tres (3) manos o las que sean necesarias para obtener una superficie pareja y homogénea, a satisfacción de la interventoría. Incluye suministro y transporte de los materiales, preparada y adecuación de la superficie a intervenir. Color a definir según aprobación de la interventoría. | G18: RESANE Y REPINTE de PINTURA ACRÍLICA tipo Koraza o equivalente para exteriores (hidrorepelente) de primera calidad que cumpla con la Norma NTC 1335, tres (3) manos o las que sean necesarias para obtener una superficie pareja y homogénea, a satisfacción de la interventoría. Incluye suministro y transporte de los materiales, preparada y adecuación de la superficie a intervenir. Color a definir según aprobación de la interventoría. | H18: m2 | I18: =+H746 -> #REF!
B19: 5.2 | C19: RESANE Y REPINTE de PINTURA vineltex tipo 1 o quivalente para interiores (hidrorepelente) de primera calidad que cumpla con la Norma NTC 1335, 3 manos o las que sean necesarias para obtener una superficie pareja y homogénea, a satisfacción de la interventoría. Incluye suministro y transporte de los materiales, preparada y adecuación de la superficie a intervenir. Color a definir según aprobación de la interventoría. | D19: RESANE Y REPINTE de PINTURA vineltex tipo 1 o quivalente para interiores (hidrorepelente) de primera calidad que cumpla con la Norma NTC 1335, 3 manos o las que sean necesarias para obtener una superficie pareja y homogénea, a satisfacción de la interventoría. Incluye suministro y transporte de los materiales, preparada y adecuación de la superficie a intervenir. Color a definir según aprobación de la interventoría. | E19: RESANE Y REPINTE de PINTURA vineltex tipo 1 o quivalente para interiores (hidrorepelente) de primera calidad que cumpla con la Norma NTC 1335, 3 manos o las que sean necesarias para obtener una superficie pareja y homogénea, a satisfacción de la interventoría. Incluye suministro y transporte de los materiales, preparada y adecuación de la superficie a intervenir. Color a definir según aprobación de la interventoría. | F19: RESANE Y REPINTE de PINTURA vineltex tipo 1 o quivalente para interiores (hidrorepelente) de primera calidad que cumpla con la Norma NTC 1335, 3 manos o las que sean necesarias para obtener una superficie pareja y homogénea, a satisfacción de la interventoría. Incluye suministro y transporte de los materiales, preparada y adecuación de la superficie a intervenir. Color a definir según aprobación de la interventoría. | G19: RESANE Y REPINTE de PINTURA vineltex tipo 1 o quivalente para interiores (hidrorepelente) de primera calidad que cumpla con la Norma NTC 1335, 3 manos o las que sean necesarias para obtener una superficie pareja y homogénea, a satisfacción de la interventoría. Incluye suministro y transporte de los materiales, preparada y adecuación de la superficie a intervenir. Color a definir según aprobación de la interventoría. | H19: m2 | I19: =+H786 -> #REF!
B21: 6
B22: 6.1 | C22: Suministro, transporte e instalación de ZÓCALO RECTO EN BALDOSA GRANO de 0,07 a 0,10m de altura con aristas biseladas. Incluye suministro y transporte de los materiales, pegante de capa delgada tipo pegacor o equivalente, lechada del mismo color de la baldosa, remates, y todos los elementos necesarios para su correcta construcción. | D22: Suministro, transporte e instalación de ZÓCALO RECTO EN BALDOSA GRANO de 0,07 a 0,10m de altura con aristas biseladas. Incluye suministro y transporte de los materiales, pegante de capa delgada tipo pegacor o equivalente, lechada del mismo color de la baldosa, remates, y todos los elementos necesarios para su correcta construcción. | E22: Suministro, transporte e instalación de ZÓCALO RECTO EN BALDOSA GRANO de 0,07 a 0,10m de altura con aristas biseladas. Incluye suministro y transporte de los materiales, pegante de capa delgada tipo pegacor o equivalente, lechada del mismo color de la baldosa, remates, y todos los elementos necesarios para su correcta construcción. | F22: Suministro, transporte e instalación de ZÓCALO RECTO EN BALDOSA GRANO de 0,07 a 0,10m de altura con aristas biseladas. Incluye suministro y transporte de los materiales, pegante de capa delgada tipo pegacor o equivalente, lechada del mismo color de la baldosa, remates, y todos los elementos necesarios para su correcta construcción. | G22: Suministro, transporte e instalación de ZÓCALO RECTO EN BALDOSA GRANO de 0,07 a 0,10m de altura con aristas biseladas. Incluye suministro y transporte de los materiales, pegante de capa delgada tipo pegacor o equivalente, lechada del mismo color de la baldosa, remates, y todos los elementos necesarios para su correcta construcción. | H22: m | I22: =+H958 -> #REF!
B24: 7
B25: 7.1 | C25: Suministro, transporte y colocación de ORINAL MEDIANO Santa Fé ref 088621001, línea institucional de corona o equivalente, color blanco, línea institucional. Incluye grifería, abasto metálico y todos los elementos necesarios para su correcta instalación y funcionamiento. | D25: Suministro, transporte y colocación de ORINAL MEDIANO Santa Fé ref 088621001, línea institucional de corona o equivalente, color blanco, línea institucional. Incluye grifería, abasto metálico y todos los elementos necesarios para su correcta instalación y funcionamiento. | E25: Suministro, transporte y colocación de ORINAL MEDIANO Santa Fé ref 088621001, línea institucional de corona o equivalente, color blanco, línea institucional. Incluye grifería, abasto metálico y todos los elementos necesarios para su correcta instalación y funcionamiento. | F25: Suministro, transporte y colocación de ORINAL MEDIANO Santa Fé ref 088621001, línea institucional de corona o equivalente, color blanco, línea institucional. Incluye grifería, abasto metálico y todos los elementos necesarios para su correcta instalación y funcionamiento. | G25: Suministro, transporte y colocación de ORINAL MEDIANO Santa Fé ref 088621001, línea institucional de corona o equivalente, color blanco, línea institucional. Incluye grifería, abasto metálico y todos los elementos necesarios para su correcta instalación y funcionamiento. | H25: un | I25: =+H1041 -> #REF!
B26: 7.2 | C26: Suministro, transporte e instalación de SALIDA SANITARIA para lavamanos y orinal DE 2". Incluye todos los accesorios hasta el tapón de prueba. Se pagará dicha salida hasta un recorrido máximo de tubería no mayor a 2 m. Estos deberán estar correctamente pegados usando limpiador, soldadura y teflón apropiados, sin presentar fugas, fisuras o cualquier otra clase de anomalía. Incluye además las perforaciones (canchas) de paredes o pisos que lo requieran incluyendo cargue, transporte y botada de escombros en botaderos oficiales o donde indique la interventoría. | D26: Suministro, transporte e instalación de SALIDA SANITARIA para lavamanos y orinal DE 2". Incluye todos los accesorios hasta el tapón de prueba. Se pagará dicha salida hasta un recorrido máximo de tubería no mayor a 2 m. Estos deberán estar correctamente pegados usando limpiador, soldadura y teflón apropiados, sin presentar fugas, fisuras o cualquier otra clase de anomalía. Incluye además las perforaciones (canchas) de paredes o pisos que lo requieran incluyendo cargue, transporte y botada de escombros en botaderos oficiales o donde indique la interventoría. | E26: Suministro, transporte e instalación de SALIDA SANITARIA para lavamanos y orinal DE 2". Incluye todos los accesorios hasta el tapón de prueba. Se pagará dicha salida hasta un recorrido máximo de tubería no mayor a 2 m. Estos deberán estar correctamente pegados usando limpiador, soldadura y teflón apropiados, sin presentar fugas, fisuras o cualquier otra clase de anomalía. Incluye además las perforaciones (canchas) de paredes o pisos que lo requieran incluyendo cargue, transporte y botada de escombros en botaderos oficiales o donde indique la interventoría. | F26: Suministro, transporte e instalación de SALIDA SANITARIA para lavamanos y orinal DE 2". Incluye todos los accesorios hasta el tapón de prueba. Se pagará dicha salida hasta un recorrido máximo de tubería no mayor a 2 m. Estos deberán estar correctamente pegados usando limpiador, soldadura y teflón apropiados, sin presentar fugas, fisuras o cualquier otra clase de anomalía. Incluye además las perforaciones (canchas) de paredes o pisos que lo requieran incluyendo cargue, transporte y botada de escombros en botaderos oficiales o donde indique la interventoría. | G26: Suministro, transporte e instalación de SALIDA SANITARIA para lavamanos y orinal DE 2". Incluye todos los accesorios hasta el tapón de prueba. Se pagará dicha salida hasta un recorrido máximo de tubería no mayor a 2 m. Estos deberán estar correctamente pegados usando limpiador, soldadura y teflón apropiados, sin presentar fugas, fisuras o cualquier otra clase de anomalía. Incluye además las perforaciones (canchas) de paredes o pisos que lo requieran incluyendo cargue, transporte y botada de escombros en botaderos oficiales o donde indique la interventoría. | H26: un | I26: =+H1202 -> #REF!
B27: 7.3 | C27: Suministro e instalación de Bajantes para aguas lluvias en tubería PVC sanitaria de Ø4", Incluye todos los accesorios necesarios para empalme o cambio de dirección, abrazaderas metálicas que garanticen su adosamiento y pintura para exteriores tipo CORAZA o similar, color definido por Interventoría. | D27: Suministro e instalación de Bajantes para aguas lluvias en tubería PVC sanitaria de Ø4", Incluye todos los accesorios necesarios para empalme o cambio de dirección, abrazaderas metálicas que garanticen su adosamiento y pintura para exteriores tipo CORAZA o similar, color definido por Interventoría. | E27: Suministro e instalación de Bajantes para aguas lluvias en tubería PVC sanitaria de Ø4", Incluye todos los accesorios necesarios para empalme o cambio de dirección, abrazaderas metálicas que garanticen su adosamiento y pintura para exteriores tipo CORAZA o similar, color definido por Interventoría. | F27: Suministro e instalación de Bajantes para aguas lluvias en tubería PVC sanitaria de Ø4", Incluye todos los accesorios necesarios para empalme o cambio de dirección, abrazaderas metálicas que garanticen su adosamiento y pintura para exteriores tipo CORAZA o similar, color definido por Interventoría. | G27: Suministro e instalación de Bajantes para aguas lluvias en tubería PVC sanitaria de Ø4", Incluye todos los accesorios necesarios para empalme o cambio de dirección, abrazaderas metálicas que garanticen su adosamiento y pintura para exteriores tipo CORAZA o similar, color definido por Interventoría. | H27: ml | I27: =+H1492 -> #REF!
B29: 8
B30: 8.1 | C30: Suministro, transporte y colocación de PUERTA METÁLICA (marco y ala) calibre 18 para uso interno de 0.60m - 0,70m de ancho x 2.10m - 2.20m de altura. Incluye cerradura de seguridad tipo Yale o equivalente, 3 bisagras de cobre tipo libro 3" 1/2, aplicación de pintura anticorrosiva, acabado en esmalte base aceite color a definir y todos los demás elementos necesarios para su correcta instalación y funcionamiento, previa aprobación de la interventoria. De acuerdo con las especificaciones del diseño arquitectónico. | D30: Suministro, transporte y colocación de PUERTA METÁLICA (marco y ala) calibre 18 para uso interno de 0.60m - 0,70m de ancho x 2.10m - 2.20m de altura. Incluye cerradura de seguridad tipo Yale o equivalente, 3 bisagras de cobre tipo libro 3" 1/2, aplicación de pintura anticorrosiva, acabado en esmalte base aceite color a definir y todos los demás elementos necesarios para su correcta instalación y funcionamiento, previa aprobación de la interventoria. De acuerdo con las especificaciones del diseño arquitectónico. | E30: Suministro, transporte y colocación de PUERTA METÁLICA (marco y ala) calibre 18 para uso interno de 0.60m - 0,70m de ancho x 2.10m - 2.20m de altura. Incluye cerradura de seguridad tipo Yale o equivalente, 3 bisagras de cobre tipo libro 3" 1/2, aplicación de pintura anticorrosiva, acabado en esmalte base aceite color a definir y todos los demás elementos necesarios para su correcta instalación y funcionamiento, previa aprobación de la interventoria. De acuerdo con las especificaciones del diseño arquitectónico. | F30: Suministro, transporte y colocación de PUERTA METÁLICA (marco y ala) calibre 18 para uso interno de 0.60m - 0,70m de ancho x 2.10m - 2.20m de altura. Incluye cerradura de seguridad tipo Yale o equivalente, 3 bisagras de cobre tipo libro 3" 1/2, aplicación de pintura anticorrosiva, acabado en esmalte base aceite color a definir y todos los demás elementos necesarios para su correcta instalación y funcionamiento, previa aprobación de la interventoria. De acuerdo con las especificaciones del diseño arquitectónico. | G30: Suministro, transporte y colocación de PUERTA METÁLICA (marco y ala) calibre 18 para uso interno de 0.60m - 0,70m de ancho x 2.10m - 2.20m de altura. Incluye cerradura de seguridad tipo Yale o equivalente, 3 bisagras de cobre tipo libro 3" 1/2, aplicación de pintura anticorrosiva, acabado en esmalte base aceite color a definir y todos los demás elementos necesarios para su correcta instalación y funcionamiento, previa aprobación de la interventoria. De acuerdo con las especificaciones del diseño arquitectónico. | H30: un | I30: =+H1625 -> #REF!
B31: 8.2 | C31: Suministro, transporte y colocación de PUERTA METÁLICA (marco y ala) calibre 18 para uso interno de 0.90m - 1,00m de ancho x 2.00m - 2.20m de altura. Incluye cerradura de seguridad tipo Yale o equivalente, 3 bisagras de cobre tipo libro 3" 1/2, aplicación de pintura anticorrosiva, acabado en esmalte base aceite color a definir y todos los demás elementos necesarios para su correcta instalación y funcionamiento, previa aprobación de la interventoria. De acuerdo con las especificaciones del diseño arquitectónico. | D31: Suministro, transporte y colocación de PUERTA METÁLICA (marco y ala) calibre 18 para uso interno de 0.90m - 1,00m de ancho x 2.00m - 2.20m de altura. Incluye cerradura de seguridad tipo Yale o equivalente, 3 bisagras de cobre tipo libro 3" 1/2, aplicación de pintura anticorrosiva, acabado en esmalte base aceite color a definir y todos los demás elementos necesarios para su correcta instalación y funcionamiento, previa aprobación de la interventoria. De acuerdo con las especificaciones del diseño arquitectónico. | E31: Suministro, transporte y colocación de PUERTA METÁLICA (marco y ala) calibre 18 para uso interno de 0.90m - 1,00m de ancho x 2.00m - 2.20m de altura. Incluye cerradura de seguridad tipo Yale o equivalente, 3 bisagras de cobre tipo libro 3" 1/2, aplicación de pintura anticorrosiva, acabado en esmalte base aceite color a definir y todos los demás elementos necesarios para su correcta instalación y funcionamiento, previa aprobación de la interventoria. De acuerdo con las especificaciones del diseño arquitectónico. | F31: Suministro, transporte y colocación de PUERTA METÁLICA (marco y ala) calibre 18 para uso interno de 0.90m - 1,00m de ancho x 2.00m - 2.20m de altura. Incluye cerradura de seguridad tipo Yale o equivalente, 3 bisagras de cobre tipo libro 3" 1/2, aplicación de pintura anticorrosiva, acabado en esmalte base aceite color a definir y todos los demás elementos necesarios para su correcta instalación y funcionamiento, previa aprobación de la interventoria. De acuerdo con las especificaciones del diseño arquitectónico. | G31: Suministro, transporte y colocación de PUERTA METÁLICA (marco y ala) calibre 18 para uso interno de 0.90m - 1,00m de ancho x 2.00m - 2.20m de altura. Incluye cerradura de seguridad tipo Yale o equivalente, 3 bisagras de cobre tipo libro 3" 1/2, aplicación de pintura anticorrosiva, acabado en esmalte base aceite color a definir y todos los demás elementos necesarios para su correcta instalación y funcionamiento, previa aprobación de la interventoria. De acuerdo con las especificaciones del diseño arquitectónico. | H31: un | I31: =+H1672 -> #REF!
B32: 8.3 | C32: Suministro, transporte y colocación de PUERTA METÁLICA DE DOBLE ALA(marco y ala) calibre 18 para uso interno de 1.40m de ancho x 2.00m - 2.20m de altura. Incluye cerradura de seguridad tipo Yale o equivalente, 3 bisagras de cobre tipo libro 3" 1/2, aplicación de pintura anticorrosiva, acabado en esmalte base aceite color a definir y todos los demás elementos necesarios para su correcta instalación y funcionamiento, previa aprobación de la interventoria. De acuerdo con las especificaciones del diseño arquitectónico. | D32: Suministro, transporte y colocación de PUERTA METÁLICA DE DOBLE ALA(marco y ala) calibre 18 para uso interno de 1.40m de ancho x 2.00m - 2.20m de altura. Incluye cerradura de seguridad tipo Yale o equivalente, 3 bisagras de cobre tipo libro 3" 1/2, aplicación de pintura anticorrosiva, acabado en esmalte base aceite color a definir y todos los demás elementos necesarios para su correcta instalación y funcionamiento, previa aprobación de la interventoria. De acuerdo con las especificaciones del diseño arquitectónico. | E32: Suministro, transporte y colocación de PUERTA METÁLICA DE DOBLE ALA(marco y ala) calibre 18 para uso interno de 1.40m de ancho x 2.00m - 2.20m de altura. Incluye cerradura de seguridad tipo Yale o equivalente, 3 bisagras de cobre tipo libro 3" 1/2, aplicación de pintura anticorrosiva, acabado en esmalte base aceite color a definir y todos los demás elementos necesarios para su correcta instalación y funcionamiento, previa aprobación de la interventoria. De acuerdo con las especificaciones del diseño arquitectónico. | F32: Suministro, transporte y colocación de PUERTA METÁLICA DE DOBLE ALA(marco y ala) calibre 18 para uso interno de 1.40m de ancho x 2.00m - 2.20m de altura. Incluye cerradura de seguridad tipo Yale o equivalente, 3 bisagras de cobre tipo libro 3" 1/2, aplicación de pintura anticorrosiva, acabado en esmalte base aceite color a definir y todos los demás elementos necesarios para su correcta instalación y funcionamiento, previa aprobación de la interventoria. De acuerdo con las especificaciones del diseño arquitectónico. | G32: Suministro, transporte y colocación de PUERTA METÁLICA DE DOBLE ALA(marco y ala) calibre 18 para uso interno de 1.40m de ancho x 2.00m - 2.20m de altura. Incluye cerradura de seguridad tipo Yale o equivalente, 3 bisagras de cobre tipo libro 3" 1/2, aplicación de pintura anticorrosiva, acabado en esmalte base aceite color a definir y todos los demás elementos necesarios para su correcta instalación y funcionamiento, previa aprobación de la interventoria. De acuerdo con las especificaciones del diseño arquitectónico. | H32: un | I32: =+H1720 -> #REF!
B33: 8.4 | C33: Suministro e instalación de VIDRIOS 5mm para ventanas, Incluye todo lo necesario para su correcta Instalación. | D33: Suministro e instalación de VIDRIOS 5mm para ventanas, Incluye todo lo necesario para su correcta Instalación. | E33: Suministro e instalación de VIDRIOS 5mm para ventanas, Incluye todo lo necesario para su correcta Instalación. | F33: Suministro e instalación de VIDRIOS 5mm para ventanas, Incluye todo lo necesario para su correcta Instalación. | G33: Suministro e instalación de VIDRIOS 5mm para ventanas, Incluye todo lo necesario para su correcta Instalación. | H33: m2 | I33: =+H1768 -> #REF!
B35: 9
B36: 9.1 | C36: Suministro, transporte, construcción y montaje de ESTRUCTURA METÁLICA, en PERFILERIA TIPO IPE, HEA, PHR-C para elementos de cubierta y cubierta de teja termoacustica en calibre 3mm color BLANCOIncluye todos los elementos necesarios para su correcta construcción y funcionamiento. Medido a lo largo de la pendiente | D36: Suministro, transporte, construcción y montaje de ESTRUCTURA METÁLICA, en PERFILERIA TIPO IPE, HEA, PHR-C para elementos de cubierta y cubierta de teja termoacustica en calibre 3mm color BLANCOIncluye todos los elementos necesarios para su correcta construcción y funcionamiento. Medido a lo largo de la pendiente | E36: Suministro, transporte, construcción y montaje de ESTRUCTURA METÁLICA, en PERFILERIA TIPO IPE, HEA, PHR-C para elementos de cubierta y cubierta de teja termoacustica en calibre 3mm color BLANCOIncluye todos los elementos necesarios para su correcta construcción y funcionamiento. Medido a lo largo de la pendiente | F36: Suministro, transporte, construcción y montaje de ESTRUCTURA METÁLICA, en PERFILERIA TIPO IPE, HEA, PHR-C para elementos de cubierta y cubierta de teja termoacustica en calibre 3mm color BLANCOIncluye todos los elementos necesarios para su correcta construcción y funcionamiento. Medido a lo largo de la pendiente | G36: Suministro, transporte, construcción y montaje de ESTRUCTURA METÁLICA, en PERFILERIA TIPO IPE, HEA, PHR-C para elementos de cubierta y cubierta de teja termoacustica en calibre 3mm color BLANCOIncluye todos los elementos necesarios para su correcta construcción y funcionamiento. Medido a lo largo de la pendiente | H36: m2 | I36: =+H1976 -> #REF!
B37: 9.2 | C37: Suministro, transporte y colocación de canoa en lamina galvanizada calibre 24, desarrollo 0.70 m. Incluye embudo galvanizado calibre 16 y codo galvanizado calibre 26 , pintura anticorrosiva, esmalte base aceite y todos los elementos necesarios para su correcta instalación. Se deberá colocar una buena base de apoyo de la canoa en toda su longitud. Según diseño de cubierta. | D37: Suministro, transporte y colocación de canoa en lamina galvanizada calibre 24, desarrollo 0.70 m. Incluye embudo galvanizado calibre 16 y codo galvanizado calibre 26 , pintura anticorrosiva, esmalte base aceite y todos los elementos necesarios para su correcta instalación. Se deberá colocar una buena base de apoyo de la canoa en toda su longitud. Según diseño de cubierta. | E37: Suministro, transporte y colocación de canoa en lamina galvanizada calibre 24, desarrollo 0.70 m. Incluye embudo galvanizado calibre 16 y codo galvanizado calibre 26 , pintura anticorrosiva, esmalte base aceite y todos los elementos necesarios para su correcta instalación. Se deberá colocar una buena base de apoyo de la canoa en toda su longitud. Según diseño de cubierta. | F37: Suministro, transporte y colocación de canoa en lamina galvanizada calibre 24, desarrollo 0.70 m. Incluye embudo galvanizado calibre 16 y codo galvanizado calibre 26 , pintura anticorrosiva, esmalte base aceite y todos los elementos necesarios para su correcta instalación. Se deberá colocar una buena base de apoyo de la canoa en toda su longitud. Según diseño de cubierta. | G37: Suministro, transporte y colocación de canoa en lamina galvanizada calibre 24, desarrollo 0.70 m. Incluye embudo galvanizado calibre 16 y codo galvanizado calibre 26 , pintura anticorrosiva, esmalte base aceite y todos los elementos necesarios para su correcta instalación. Se deberá colocar una buena base de apoyo de la canoa en toda su longitud. Según diseño de cubierta. | H37: m | I37: =H2013 -> #REF!
B39: 10 | D39: Retiro de TUBERÍA PVC Y/O TUBERÍA EMT en mal estado, incluye cableado, grapas, cajas, aparatos (suiches, tomas, datos, etc) y demas elementos que lo componen, disposición final de tubería retirada, cableado y demas elementos retirados en mal estado. Incluye el cargue, transporte, botada o recuperación de materiales, cargue, transporte y botada de escombros en botaderos oficiales, recuperación de los materiales aprovechables o su transporte hasta la bodega Municipal. Medido en proyección horizontal. | E39: Retiro de TUBERÍA PVC Y/O TUBERÍA EMT en mal estado, incluye cableado, grapas, cajas, aparatos (suiches, tomas, datos, etc) y demas elementos que lo componen, disposición final de tubería retirada, cableado y demas elementos retirados en mal estado. Incluye el cargue, transporte, botada o recuperación de materiales, cargue, transporte y botada de escombros en botaderos oficiales, recuperación de los materiales aprovechables o su transporte hasta la bodega Municipal. Medido en proyección horizontal. | F39: Retiro de TUBERÍA PVC Y/O TUBERÍA EMT en mal estado, incluye cableado, grapas, cajas, aparatos (suiches, tomas, datos, etc) y demas elementos que lo componen, disposición final de tubería retirada, cableado y demas elementos retirados en mal estado. Incluye el cargue, transporte, botada o recuperación de materiales, cargue, transporte y botada de escombros en botaderos oficiales, recuperación de los materiales aprovechables o su transporte hasta la bodega Municipal. Medido en proyección horizontal. | G39: Retiro de TUBERÍA PVC Y/O TUBERÍA EMT en mal estado, incluye cableado, grapas, cajas, aparatos (suiches, tomas, datos, etc) y demas elementos que lo componen, disposición final de tubería retirada, cableado y demas elementos retirados en mal estado. Incluye el cargue, transporte, botada o recuperación de materiales, cargue, transporte y botada de escombros en botaderos oficiales, recuperación de los materiales aprovechables o su transporte hasta la bodega Municipal. Medido en proyección horizontal.
B40: =B39+0.01 -> 10.01 | C40: Retiro de TUBERÍA PVC Y/O TUBERÍA EMT en mal estado, incluye cableado, grapas, cajas, aparatos (suiches, tomas, datos, etc) y demas elementos que lo componen, disposición final de tubería retirada, cableado y demas elementos retirados en mal estado. Incluye el cargue, transporte, botada o recuperación de materiales, cargue, transporte y botada de escombros en botaderos oficiales, recuperación de los materiales aprovechables o su transporte hasta la bodega Municipal. Medido en proyección horizontal. | D40: Retiro de TUBERÍA PVC Y/O TUBERÍA EMT en mal estado, incluye cableado, grapas, cajas, aparatos (suiches, tomas, datos, etc) y demas elementos que lo componen, disposición final de tubería retirada, cableado y demas elementos retirados en mal estado. Incluye el cargue, transporte, botada o recuperación de materiales, cargue, transporte y botada de escombros en botaderos oficiales, recuperación de los materiales aprovechables o su transporte hasta la bodega Municipal. Medido en proyección horizontal. | E40: Retiro de TUBERÍA PVC Y/O TUBERÍA EMT en mal estado, incluye cableado, grapas, cajas, aparatos (suiches, tomas, datos, etc) y demas elementos que lo componen, disposición final de tubería retirada, cableado y demas elementos retirados en mal estado. Incluye el cargue, transporte, botada o recuperación de materiales, cargue, transporte y botada de escombros en botaderos oficiales, recuperación de los materiales aprovechables o su transporte hasta la bodega Municipal. Medido en proyección horizontal. | F40: Retiro de TUBERÍA PVC Y/O TUBERÍA EMT en mal estado, incluye cableado, grapas, cajas, aparatos (suiches, tomas, datos, etc) y demas elementos que lo componen, disposición final de tubería retirada, cableado y demas elementos retirados en mal estado. Incluye el cargue, transporte, botada o recuperación de materiales, cargue, transporte y botada de escombros en botaderos oficiales, recuperación de los materiales aprovechables o su transporte hasta la bodega Municipal. Medido en proyección horizontal. | G40: Retiro de TUBERÍA PVC Y/O TUBERÍA EMT en mal estado, incluye cableado, grapas, cajas, aparatos (suiches, tomas, datos, etc) y demas elementos que lo componen, disposición final de tubería retirada, cableado y demas elementos retirados en mal estado. Incluye el cargue, transporte, botada o recuperación de materiales, cargue, transporte y botada de escombros en botaderos oficiales, recuperación de los materiales aprovechables o su transporte hasta la bodega Municipal. Medido en proyección horizontal. | H40: ml | I40: =+#REF! -> #REF!
B41: =B40+0.01 -> 10.02 | C41: Suministro, Transporte e Instalación de Tablero Monofásico de distribución de Doce (12) circuitos, incluye respectivas protecciones, barras de neutro y tierra. (Tomas e Iluminación ). | D41: Suministro, Transporte e Instalación de Tablero Monofásico de distribución de Doce (12) circuitos, incluye respectivas protecciones, barras de neutro y tierra. (Tomas e Iluminación ). | E41: Suministro, Transporte e Instalación de Tablero Monofásico de distribución de Doce (12) circuitos, incluye respectivas protecciones, barras de neutro y tierra. (Tomas e Iluminación ). | F41: Suministro, Transporte e Instalación de Tablero Monofásico de distribución de Doce (12) circuitos, incluye respectivas protecciones, barras de neutro y tierra. (Tomas e Iluminación ). | G41: Suministro, Transporte e Instalación de Tablero Monofásico de distribución de Doce (12) circuitos, incluye respectivas protecciones, barras de neutro y tierra. (Tomas e Iluminación ). | H41: und | I41: =+#REF! -> #REF!
B42: =B41+0.01 -> 10.03 | C42: Suministro, transporte e instalación de salida eléctrica expuesta en tubería EMT para toma doble con polo a tierra, en tubería EMT. Incluye toma, tubo EMT encintada, conductores de cobre 12 AWG-CU-SINTOX - FR LS C, cajas metálicas galvanizadas 12*12*5 de sobreponer con tapa suplemento, conectores de conexión y/o empalme, grapa metálica galvanizada doble ala, marcación con pinturata de acuerdo a la norma, obra civil y demás accesorios necesarios para su correcta instalación. Salida promedio 4 m). | D42: Suministro, transporte e instalación de salida eléctrica expuesta en tubería EMT para toma doble con polo a tierra, en tubería EMT. Incluye toma, tubo EMT encintada, conductores de cobre 12 AWG-CU-SINTOX - FR LS C, cajas metálicas galvanizadas 12*12*5 de sobreponer con tapa suplemento, conectores de conexión y/o empalme, grapa metálica galvanizada doble ala, marcación con pinturata de acuerdo a la norma, obra civil y demás accesorios necesarios para su correcta instalación. Salida promedio 4 m). | E42: Suministro, transporte e instalación de salida eléctrica expuesta en tubería EMT para toma doble con polo a tierra, en tubería EMT. Incluye toma, tubo EMT encintada, conductores de cobre 12 AWG-CU-SINTOX - FR LS C, cajas metálicas galvanizadas 12*12*5 de sobreponer con tapa suplemento, conectores de conexión y/o empalme, grapa metálica galvanizada doble ala, marcación con pinturata de acuerdo a la norma, obra civil y demás accesorios necesarios para su correcta instalación. Salida promedio 4 m). | F42: Suministro, transporte e instalación de salida eléctrica expuesta en tubería EMT para toma doble con polo a tierra, en tubería EMT. Incluye toma, tubo EMT encintada, conductores de cobre 12 AWG-CU-SINTOX - FR LS C, cajas metálicas galvanizadas 12*12*5 de sobreponer con tapa suplemento, conectores de conexión y/o empalme, grapa metálica galvanizada doble ala, marcación con pinturata de acuerdo a la norma, obra civil y demás accesorios necesarios para su correcta instalación. Salida promedio 4 m). | G42: Suministro, transporte e instalación de salida eléctrica expuesta en tubería EMT para toma doble con polo a tierra, en tubería EMT. Incluye toma, tubo EMT encintada, conductores de cobre 12 AWG-CU-SINTOX - FR LS C, cajas metálicas galvanizadas 12*12*5 de sobreponer con tapa suplemento, conectores de conexión y/o empalme, grapa metálica galvanizada doble ala, marcación con pinturata de acuerdo a la norma, obra civil y demás accesorios necesarios para su correcta instalación. Salida promedio 4 m). | H42: und | I42: =+#REF! -> #REF!
B43: =B42+0.01 -> 10.04 | C43: Suministro, transporte e instalación de salida eléctrica expuesta para iluminación (LUMINARIA HERMÉTICA 2X25W SYLVANIA), tubería EMT. Incluye, encintada, conductores de cobre 12 AWG-CU-SINTOX - FR LS C, cajas metálicas galvanizadas 12*12*5 de sobreponer con tapa suplemento, conectores de conexión y/o empalme, grapa metálica galvanizada doble ala, marcación con pinturata de acuerdo a la norma, obra civil y demás accesorios necesarios para su correcta instalación. (Salida promedio 4 m). | D43: Suministro, transporte e instalación de salida eléctrica expuesta para iluminación (LUMINARIA HERMÉTICA 2X25W SYLVANIA), tubería EMT. Incluye, encintada, conductores de cobre 12 AWG-CU-SINTOX - FR LS C, cajas metálicas galvanizadas 12*12*5 de sobreponer con tapa suplemento, conectores de conexión y/o empalme, grapa metálica galvanizada doble ala, marcación con pinturata de acuerdo a la norma, obra civil y demás accesorios necesarios para su correcta instalación. (Salida promedio 4 m). | E43: Suministro, transporte e instalación de salida eléctrica expuesta para iluminación (LUMINARIA HERMÉTICA 2X25W SYLVANIA), tubería EMT. Incluye, encintada, conductores de cobre 12 AWG-CU-SINTOX - FR LS C, cajas metálicas galvanizadas 12*12*5 de sobreponer con tapa suplemento, conectores de conexión y/o empalme, grapa metálica galvanizada doble ala, marcación con pinturata de acuerdo a la norma, obra civil y demás accesorios necesarios para su correcta instalación. (Salida promedio 4 m). | F43: Suministro, transporte e instalación de salida eléctrica expuesta para iluminación (LUMINARIA HERMÉTICA 2X25W SYLVANIA), tubería EMT. Incluye, encintada, conductores de cobre 12 AWG-CU-SINTOX - FR LS C, cajas metálicas galvanizadas 12*12*5 de sobreponer con tapa suplemento, conectores de conexión y/o empalme, grapa metálica galvanizada doble ala, marcación con pinturata de acuerdo a la norma, obra civil y demás accesorios necesarios para su correcta instalación. (Salida promedio 4 m). | G43: Suministro, transporte e instalación de salida eléctrica expuesta para iluminación (LUMINARIA HERMÉTICA 2X25W SYLVANIA), tubería EMT. Incluye, encintada, conductores de cobre 12 AWG-CU-SINTOX - FR LS C, cajas metálicas galvanizadas 12*12*5 de sobreponer con tapa suplemento, conectores de conexión y/o empalme, grapa metálica galvanizada doble ala, marcación con pinturata de acuerdo a la norma, obra civil y demás accesorios necesarios para su correcta instalación. (Salida promedio 4 m). | H43: und | I43: =+#REF! -> #REF!
B44: =B43+0.01 -> 10.05 | C44: Suministro, transporte e instalación de tubería metálica EMT diámetro 3/4". Incluye adaptadores, uniones, curvas, grapas doble ala, resanes en mortero 1:5 y demás accesorios necesarios para su correcta instalación. | D44: Suministro, transporte e instalación de tubería metálica EMT diámetro 3/4". Incluye adaptadores, uniones, curvas, grapas doble ala, resanes en mortero 1:5 y demás accesorios necesarios para su correcta instalación. | E44: Suministro, transporte e instalación de tubería metálica EMT diámetro 3/4". Incluye adaptadores, uniones, curvas, grapas doble ala, resanes en mortero 1:5 y demás accesorios necesarios para su correcta instalación. | F44: Suministro, transporte e instalación de tubería metálica EMT diámetro 3/4". Incluye adaptadores, uniones, curvas, grapas doble ala, resanes en mortero 1:5 y demás accesorios necesarios para su correcta instalación. | G44: Suministro, transporte e instalación de tubería metálica EMT diámetro 3/4". Incluye adaptadores, uniones, curvas, grapas doble ala, resanes en mortero 1:5 y demás accesorios necesarios para su correcta instalación. | H44: ml | I44: =+#REF! -> #REF!
B45: =B44+0.01 -> 10.06 | C45: Suministro, transporte e instalación de acometida en cable blando 3No12 cobre SINTOX - FR LS . Por ducto o canaleta. Incluye obras civiles necesarias para su correcta instalación, terminales de ojo, cintas de vinilo, autofundente, correhillas y demas elementos necesarios para su correc ta instalación. | D45: Suministro, transporte e instalación de acometida en cable blando 3No12 cobre SINTOX - FR LS . Por ducto o canaleta. Incluye obras civiles necesarias para su correcta instalación, terminales de ojo, cintas de vinilo, autofundente, correhillas y demas elementos necesarios para su correc ta instalación. | E45: Suministro, transporte e instalación de acometida en cable blando 3No12 cobre SINTOX - FR LS . Por ducto o canaleta. Incluye obras civiles necesarias para su correcta instalación, terminales de ojo, cintas de vinilo, autofundente, correhillas y demas elementos necesarios para su correc ta instalación. | F45: Suministro, transporte e instalación de acometida en cable blando 3No12 cobre SINTOX - FR LS . Por ducto o canaleta. Incluye obras civiles necesarias para su correcta instalación, terminales de ojo, cintas de vinilo, autofundente, correhillas y demas elementos necesarios para su correc ta instalación. | G45: Suministro, transporte e instalación de acometida en cable blando 3No12 cobre SINTOX - FR LS . Por ducto o canaleta. Incluye obras civiles necesarias para su correcta instalación, terminales de ojo, cintas de vinilo, autofundente, correhillas y demas elementos necesarios para su correc ta instalación. | H45: ml | I45: =+#REF! -> #REF!
B46: =B45+0.01 -> 10.07 | C46: Suministro, Transporte e Instalación de Luminaria tipo LED, Hermética, 2 x 25 W, 120 V | D46: Suministro, Transporte e Instalación de Luminaria tipo LED, Hermética, 2 x 25 W, 120 V | E46: Suministro, Transporte e Instalación de Luminaria tipo LED, Hermética, 2 x 25 W, 120 V | F46: Suministro, Transporte e Instalación de Luminaria tipo LED, Hermética, 2 x 25 W, 120 V | G46: Suministro, Transporte e Instalación de Luminaria tipo LED, Hermética, 2 x 25 W, 120 V | H46: und | I46: =+#REF! -> #REF!
B47: =B46+0.01 -> 10.08 | C47: Suministro, transporte e instalación de materiales para salida eléctrica expuesta en tubería EMT para interruptor monopolar de alumbrado 10-15 A, 125V. Incluye interruptor, ducto EMT, encintada, conductores de cobre 12 AWG-CU-SINTOX - FR LS C, cajas metálicas galvanizadas 12*12*5 de sobreponer con tapa suplemento, conectores de conexión y/o empalme, grapa metálica galvanizada doble ala, marcación con pinturata de acuerdo a la norma, obra civil y demás accesorios necesarios para su correcta instalación. (Salida promedio 4 m). | D47: Suministro, transporte e instalación de materiales para salida eléctrica expuesta en tubería EMT para interruptor monopolar de alumbrado 10-15 A, 125V. Incluye interruptor, ducto EMT, encintada, conductores de cobre 12 AWG-CU-SINTOX - FR LS C, cajas metálicas galvanizadas 12*12*5 de sobreponer con tapa suplemento, conectores de conexión y/o empalme, grapa metálica galvanizada doble ala, marcación con pinturata de acuerdo a la norma, obra civil y demás accesorios necesarios para su correcta instalación. (Salida promedio 4 m). | E47: Suministro, transporte e instalación de materiales para salida eléctrica expuesta en tubería EMT para interruptor monopolar de alumbrado 10-15 A, 125V. Incluye interruptor, ducto EMT, encintada, conductores de cobre 12 AWG-CU-SINTOX - FR LS C, cajas metálicas galvanizadas 12*12*5 de sobreponer con tapa suplemento, conectores de conexión y/o empalme, grapa metálica galvanizada doble ala, marcación con pinturata de acuerdo a la norma, obra civil y demás accesorios necesarios para su correcta instalación. (Salida promedio 4 m). | F47: Suministro, transporte e instalación de materiales para salida eléctrica expuesta en tubería EMT para interruptor monopolar de alumbrado 10-15 A, 125V. Incluye interruptor, ducto EMT, encintada, conductores de cobre 12 AWG-CU-SINTOX - FR LS C, cajas metálicas galvanizadas 12*12*5 de sobreponer con tapa suplemento, conectores de conexión y/o empalme, grapa metálica galvanizada doble ala, marcación con pinturata de acuerdo a la norma, obra civil y demás accesorios necesarios para su correcta instalación. (Salida promedio 4 m). | G47: Suministro, transporte e instalación de materiales para salida eléctrica expuesta en tubería EMT para interruptor monopolar de alumbrado 10-15 A, 125V. Incluye interruptor, ducto EMT, encintada, conductores de cobre 12 AWG-CU-SINTOX - FR LS C, cajas metálicas galvanizadas 12*12*5 de sobreponer con tapa suplemento, conectores de conexión y/o empalme, grapa metálica galvanizada doble ala, marcación con pinturata de acuerdo a la norma, obra civil y demás accesorios necesarios para su correcta instalación. (Salida promedio 4 m). | H47: und | I47: =+#REF! -> #REF!
B48: =B47+0.01 -> 10.09 | C48: Suministro, Transporte e Instalación de Acometida en Cable cobre 2 x No. 8 AWG - LSZH (Fases), 1 x No. 8 AWG - LSZH (Neutro), 1 x No. 8 AWG - LSZH (Tierra) y tubería tipo EMT de 1" | D48: Suministro, Transporte e Instalación de Acometida en Cable cobre 2 x No. 8 AWG - LSZH (Fases), 1 x No. 8 AWG - LSZH (Neutro), 1 x No. 8 AWG - LSZH (Tierra) y tubería tipo EMT de 1" | E48: Suministro, Transporte e Instalación de Acometida en Cable cobre 2 x No. 8 AWG - LSZH (Fases), 1 x No. 8 AWG - LSZH (Neutro), 1 x No. 8 AWG - LSZH (Tierra) y tubería tipo EMT de 1" | F48: Suministro, Transporte e Instalación de Acometida en Cable cobre 2 x No. 8 AWG - LSZH (Fases), 1 x No. 8 AWG - LSZH (Neutro), 1 x No. 8 AWG - LSZH (Tierra) y tubería tipo EMT de 1" | G48: Suministro, Transporte e Instalación de Acometida en Cable cobre 2 x No. 8 AWG - LSZH (Fases), 1 x No. 8 AWG - LSZH (Neutro), 1 x No. 8 AWG - LSZH (Tierra) y tubería tipo EMT de 1" | H48: ml | I48: =+#REF! -> #REF!
B49: =B48+0.01 -> 10.1 | C49: Suministro, Transporte e Instalación de Sistema de Puesta a Tierra, incluye Varillas tipo Cooperweld, soldadura exotérmica y Cable Nº 6 cobre desnudo. | D49: Suministro, Transporte e Instalación de Sistema de Puesta a Tierra, incluye Varillas tipo Cooperweld, soldadura exotérmica y Cable Nº 6 cobre desnudo. | E49: Suministro, Transporte e Instalación de Sistema de Puesta a Tierra, incluye Varillas tipo Cooperweld, soldadura exotérmica y Cable Nº 6 cobre desnudo. | F49: Suministro, Transporte e Instalación de Sistema de Puesta a Tierra, incluye Varillas tipo Cooperweld, soldadura exotérmica y Cable Nº 6 cobre desnudo. | G49: Suministro, Transporte e Instalación de Sistema de Puesta a Tierra, incluye Varillas tipo Cooperweld, soldadura exotérmica y Cable Nº 6 cobre desnudo. | H49: und | I49: =+#REF! -> #REF!
B50: =B49+0.01 -> 10.11 | C50: Suministro, transporte e instalación de salida eléctrica expuesta para iluminación (LUMINARIA EMERGENCIA), tubería EMT. Incluye, encintada, conductores de cobre 12 AWG-CU-SINTOX - FR LS C, cajas metálicas galvanizadas 12*12*5 de sobreponer con tapa suplemento, conectores de conexión y/o empalme, grapa metálica galvanizada doble ala, marcación con pinturata de acuerdo a la norma, obra civil y demás accesorios necesarios para su correcta instalación. (Salida promedio 4 m). | D50: Suministro, transporte e instalación de salida eléctrica expuesta para iluminación (LUMINARIA EMERGENCIA), tubería EMT. Incluye, encintada, conductores de cobre 12 AWG-CU-SINTOX - FR LS C, cajas metálicas galvanizadas 12*12*5 de sobreponer con tapa suplemento, conectores de conexión y/o empalme, grapa metálica galvanizada doble ala, marcación con pinturata de acuerdo a la norma, obra civil y demás accesorios necesarios para su correcta instalación. (Salida promedio 4 m). | E50: Suministro, transporte e instalación de salida eléctrica expuesta para iluminación (LUMINARIA EMERGENCIA), tubería EMT. Incluye, encintada, conductores de cobre 12 AWG-CU-SINTOX - FR LS C, cajas metálicas galvanizadas 12*12*5 de sobreponer con tapa suplemento, conectores de conexión y/o empalme, grapa metálica galvanizada doble ala, marcación con pinturata de acuerdo a la norma, obra civil y demás accesorios necesarios para su correcta instalación. (Salida promedio 4 m). | F50: Suministro, transporte e instalación de salida eléctrica expuesta para iluminación (LUMINARIA EMERGENCIA), tubería EMT. Incluye, encintada, conductores de cobre 12 AWG-CU-SINTOX - FR LS C, cajas metálicas galvanizadas 12*12*5 de sobreponer con tapa suplemento, conectores de conexión y/o empalme, grapa metálica galvanizada doble ala, marcación con pinturata de acuerdo a la norma, obra civil y demás accesorios necesarios para su correcta instalación. (Salida promedio 4 m). | G50: Suministro, transporte e instalación de salida eléctrica expuesta para iluminación (LUMINARIA EMERGENCIA), tubería EMT. Incluye, encintada, conductores de cobre 12 AWG-CU-SINTOX - FR LS C, cajas metálicas galvanizadas 12*12*5 de sobreponer con tapa suplemento, conectores de conexión y/o empalme, grapa metálica galvanizada doble ala, marcación con pinturata de acuerdo a la norma, obra civil y demás accesorios necesarios para su correcta instalación. (Salida promedio 4 m). | H50: und | I50: =+#REF! -> #REF!
B51: =B50+0.01 -> 10.12 | C51: Suministro, Transporte e Instalación de Luminaria tipo LED,Luminaria de emergencia. | D51: Suministro, Transporte e Instalación de Luminaria tipo LED,Luminaria de emergencia. | E51: Suministro, Transporte e Instalación de Luminaria tipo LED,Luminaria de emergencia. | F51: Suministro, Transporte e Instalación de Luminaria tipo LED,Luminaria de emergencia. | G51: Suministro, Transporte e Instalación de Luminaria tipo LED,Luminaria de emergencia. | H51: und | I51: =+#REF! -> #REF!
... B54: =B53+0.01 -> 10.15 | C54: Suministro, transporte e instalación de tubería metálica EMT diámetro 1". Incluye adaptadores, uniones, curvas, grapas doble ala, resanes en mortero 1:5 y demás accesorios necesarios para su correcta instalación. | D54: Suministro, transporte e instalación de tubería metálica EMT diámetro 1". Incluye adaptadores, uniones, curvas, grapas doble ala, resanes en mortero 1:5 y demás accesorios necesarios para su correcta instalación. | E54: Suministro, transporte e instalación de tubería metálica EMT diámetro 1". Incluye adaptadores, uniones, curvas, grapas doble ala, resanes en mortero 1:5 y demás accesorios necesarios para su correcta instalación. | F54: Suministro, transporte e instalación de tubería metálica EMT diámetro 1". Incluye adaptadores, uniones, curvas, grapas doble ala, resanes en mortero 1:5 y demás accesorios necesarios para su correcta instalación. | G54: Suministro, transporte e instalación de tubería metálica EMT diámetro 1". Incluye adaptadores, uniones, curvas, grapas doble ala, resanes en mortero 1:5 y demás accesorios necesarios para su correcta instalación. | H54: ml | I54: =+#REF! -> #REF!
B55: =B54+0.01 -> 10.16 | C55: Certificación RETIE y acompañamient al proceso de inspección. Se presenta plano record, certificados de producto y demas documentos para el trámite solicitados por en organismo de inspección. | D55: Certificación RETIE y acompañamient al proceso de inspección. Se presenta plano record, certificados de producto y demas documentos para el trámite solicitados por en organismo de inspección. | E55: Certificación RETIE y acompañamient al proceso de inspección. Se presenta plano record, certificados de producto y demas documentos para el trámite solicitados por en organismo de inspección. | F55: Certificación RETIE y acompañamient al proceso de inspección. Se presenta plano record, certificados de producto y demas documentos para el trámite solicitados por en organismo de inspección. | G55: Certificación RETIE y acompañamient al proceso de inspección. Se presenta plano record, certificados de producto y demas documentos para el trámite solicitados por en organismo de inspección. | H55: GL
B56: =B55+0.01 -> 10.17 | C56: Certificación RETILAP y acompañamient al proceso de inspección. Se presenta plano record, certificados de producto y demas documentos para el trámite solicitados por en organismo de inspección. | D56: Certificación RETILAP y acompañamient al proceso de inspección. Se presenta plano record, certificados de producto y demas documentos para el trámite solicitados por en organismo de inspección. | E56: Certificación RETILAP y acompañamient al proceso de inspección. Se presenta plano record, certificados de producto y demas documentos para el trámite solicitados por en organismo de inspección. | F56: Certificación RETILAP y acompañamient al proceso de inspección. Se presenta plano record, certificados de producto y demas documentos para el trámite solicitados por en organismo de inspección. | G56: Certificación RETILAP y acompañamient al proceso de inspección. Se presenta plano record, certificados de producto y demas documentos para el trámite solicitados por en organismo de inspección. | H56: GL
B57: =B56+0.01 -> 10.18 | C57: Suministro, transporte y colocación de PUERTA METÁLICA (marco y ala) calibre 18 para uso interno de 0.60m - 0,70m de ancho x 2.10m - 2.20m de altura. Incluye cerradura de seguridad tipo Yale o equivalente, 3 bisagras de cobre tipo libro 3" 1/2, aplicación de pintura anticorrosiva, acabado en esmalte base aceite color a definir y todos los demás elementos necesarios para su correcta instalación y funcionamiento, previa aprobación de la interventoria. De acuerdo con las especificaciones del diseño arquitectónico. | D57: Suministro, transporte y colocación de PUERTA METÁLICA (marco y ala) calibre 18 para uso interno de 0.60m - 0,70m de ancho x 2.10m - 2.20m de altura. Incluye cerradura de seguridad tipo Yale o equivalente, 3 bisagras de cobre tipo libro 3" 1/2, aplicación de pintura anticorrosiva, acabado en esmalte base aceite color a definir y todos los demás elementos necesarios para su correcta instalación y funcionamiento, previa aprobación de la interventoria. De acuerdo con las especificaciones del diseño arquitectónico. | E57: Suministro, transporte y colocación de PUERTA METÁLICA (marco y ala) calibre 18 para uso interno de 0.60m - 0,70m de ancho x 2.10m - 2.20m de altura. Incluye cerradura de seguridad tipo Yale o equivalente, 3 bisagras de cobre tipo libro 3" 1/2, aplicación de pintura anticorrosiva, acabado en esmalte base aceite color a definir y todos los demás elementos necesarios para su correcta instalación y funcionamiento, previa aprobación de la interventoria. De acuerdo con las especificaciones del diseño arquitectónico. | F57: Suministro, transporte y colocación de PUERTA METÁLICA (marco y ala) calibre 18 para uso interno de 0.60m - 0,70m de ancho x 2.10m - 2.20m de altura. Incluye cerradura de seguridad tipo Yale o equivalente, 3 bisagras de cobre tipo libro 3" 1/2, aplicación de pintura anticorrosiva, acabado en esmalte base aceite color a definir y todos los demás elementos necesarios para su correcta instalación y funcionamiento, previa aprobación de la interventoria. De acuerdo con las especificaciones del diseño arquitectónico. | G57: Suministro, transporte y colocación de PUERTA METÁLICA (marco y ala) calibre 18 para uso interno de 0.60m - 0,70m de ancho x 2.10m - 2.20m de altura. Incluye cerradura de seguridad tipo Yale o equivalente, 3 bisagras de cobre tipo libro 3" 1/2, aplicación de pintura anticorrosiva, acabado en esmalte base aceite color a definir y todos los demás elementos necesarios para su correcta instalación y funcionamiento, previa aprobación de la interventoria. De acuerdo con las especificaciones del diseño arquitectónico. | H57: un | I57: =+#REF! -> #REF!
B58: =B57+0.01 -> 10.19 | C58: Suministro, transporte e instalación de división en paral, orinal de 0.46 x 0.96 m. En acero inoxidable AISI 304, calibre 20 acabado satinado, para divisiones de baños, paneles entamborados con un espesor de 30 mm., calidad Socoda o equivalente. Incluye zócalo en acero inoxidable, estructura interna de los paneles en tubería cuadrada galvanizada de 25 mm., e=0.9 mm., bisagras pivotantes con apertura de 110º, elementos de anclaje a 90º y pasadores en acero inoxidable, tornillo de ensamble antivandálico tipo One Way y todos los elementos necesarios para su correcta instalación y funcionamiento. Según diseño. Ver detalle de baños. | D58: Suministro, transporte e instalación de división en paral, orinal de 0.46 x 0.96 m. En acero inoxidable AISI 304, calibre 20 acabado satinado, para divisiones de baños, paneles entamborados con un espesor de 30 mm., calidad Socoda o equivalente. Incluye zócalo en acero inoxidable, estructura interna de los paneles en tubería cuadrada galvanizada de 25 mm., e=0.9 mm., bisagras pivotantes con apertura de 110º, elementos de anclaje a 90º y pasadores en acero inoxidable, tornillo de ensamble antivandálico tipo One Way y todos los elementos necesarios para su correcta instalación y funcionamiento. Según diseño. Ver detalle de baños. | E58: Suministro, transporte e instalación de división en paral, orinal de 0.46 x 0.96 m. En acero inoxidable AISI 304, calibre 20 acabado satinado, para divisiones de baños, paneles entamborados con un espesor de 30 mm., calidad Socoda o equivalente. Incluye zócalo en acero inoxidable, estructura interna de los paneles en tubería cuadrada galvanizada de 25 mm., e=0.9 mm., bisagras pivotantes con apertura de 110º, elementos de anclaje a 90º y pasadores en acero inoxidable, tornillo de ensamble antivandálico tipo One Way y todos los elementos necesarios para su correcta instalación y funcionamiento. Según diseño. Ver detalle de baños. | F58: Suministro, transporte e instalación de división en paral, orinal de 0.46 x 0.96 m. En acero inoxidable AISI 304, calibre 20 acabado satinado, para divisiones de baños, paneles entamborados con un espesor de 30 mm., calidad Socoda o equivalente. Incluye zócalo en acero inoxidable, estructura interna de los paneles en tubería cuadrada galvanizada de 25 mm., e=0.9 mm., bisagras pivotantes con apertura de 110º, elementos de anclaje a 90º y pasadores en acero inoxidable, tornillo de ensamble antivandálico tipo One Way y todos los elementos necesarios para su correcta instalación y funcionamiento. Según diseño. Ver detalle de baños. | G58: Suministro, transporte e instalación de división en paral, orinal de 0.46 x 0.96 m. En acero inoxidable AISI 304, calibre 20 acabado satinado, para divisiones de baños, paneles entamborados con un espesor de 30 mm., calidad Socoda o equivalente. Incluye zócalo en acero inoxidable, estructura interna de los paneles en tubería cuadrada galvanizada de 25 mm., e=0.9 mm., bisagras pivotantes con apertura de 110º, elementos de anclaje a 90º y pasadores en acero inoxidable, tornillo de ensamble antivandálico tipo One Way y todos los elementos necesarios para su correcta instalación y funcionamiento. Según diseño. Ver detalle de baños. | H58: un | I58: =+#REF! -> #REF!
B59: =B58+0.01 -> 10.2 | C59: Suministro, transporte e instalación de DIVISION PARA BAÑOS segun diseño en acero inoxidable AISI 304, calibre 20 acabado satinado. Incluye: , paral estructural de soporte , tapaluces, , chapetas de fijación l, calidad Socoda o equivalente. , elementos de anclaje , pasadores en acero inoxidable, y todos los elementos necesarios para su correcta instalación y funcionamiento. Según diseño. | D59: Suministro, transporte e instalación de DIVISION PARA BAÑOS segun diseño en acero inoxidable AISI 304, calibre 20 acabado satinado. Incluye: , paral estructural de soporte , tapaluces, , chapetas de fijación l, calidad Socoda o equivalente. , elementos de anclaje , pasadores en acero inoxidable, y todos los elementos necesarios para su correcta instalación y funcionamiento. Según diseño. | E59: Suministro, transporte e instalación de DIVISION PARA BAÑOS segun diseño en acero inoxidable AISI 304, calibre 20 acabado satinado. Incluye: , paral estructural de soporte , tapaluces, , chapetas de fijación l, calidad Socoda o equivalente. , elementos de anclaje , pasadores en acero inoxidable, y todos los elementos necesarios para su correcta instalación y funcionamiento. Según diseño. | F59: Suministro, transporte e instalación de DIVISION PARA BAÑOS segun diseño en acero inoxidable AISI 304, calibre 20 acabado satinado. Incluye: , paral estructural de soporte , tapaluces, , chapetas de fijación l, calidad Socoda o equivalente. , elementos de anclaje , pasadores en acero inoxidable, y todos los elementos necesarios para su correcta instalación y funcionamiento. Según diseño. | G59: Suministro, transporte e instalación de DIVISION PARA BAÑOS segun diseño en acero inoxidable AISI 304, calibre 20 acabado satinado. Incluye: , paral estructural de soporte , tapaluces, , chapetas de fijación l, calidad Socoda o equivalente. , elementos de anclaje , pasadores en acero inoxidable, y todos los elementos necesarios para su correcta instalación y funcionamiento. Según diseño. | H59: m2
B60: =B59+0.01 -> 10.21 | C60: Suministro, transporte y colocación de barra de seguridad para discapacitados, con una longitud de 60 cm. y un diámetro de 1¼" en acero inoxidable. Incluye pernos para anclaje, escudos en acero inoxidable y todos los elementos necesarios para su correcta instalación y funcionamiento, según diseño. | D60: Suministro, transporte y colocación de barra de seguridad para discapacitados, con una longitud de 60 cm. y un diámetro de 1¼" en acero inoxidable. Incluye pernos para anclaje, escudos en acero inoxidable y todos los elementos necesarios para su correcta instalación y funcionamiento, según diseño. | E60: Suministro, transporte y colocación de barra de seguridad para discapacitados, con una longitud de 60 cm. y un diámetro de 1¼" en acero inoxidable. Incluye pernos para anclaje, escudos en acero inoxidable y todos los elementos necesarios para su correcta instalación y funcionamiento, según diseño. | F60: Suministro, transporte y colocación de barra de seguridad para discapacitados, con una longitud de 60 cm. y un diámetro de 1¼" en acero inoxidable. Incluye pernos para anclaje, escudos en acero inoxidable y todos los elementos necesarios para su correcta instalación y funcionamiento, según diseño. | G60: Suministro, transporte y colocación de barra de seguridad para discapacitados, con una longitud de 60 cm. y un diámetro de 1¼" en acero inoxidable. Incluye pernos para anclaje, escudos en acero inoxidable y todos los elementos necesarios para su correcta instalación y funcionamiento, según diseño. | H60: un
B63: ANALISIS DE PRECIOS UNITARIOS
B64: ESCUELA LA ESMERALDA
B66: ANÁLISIS DE PRECIOS UNITARIOS
B68: PROYECTO U OBRA:
B69: ESCUELA LA ESMERALDA
B70: Í T E M No. | C70: #REF! | D70: UNIDAD DE MEDIDA: | F70: #REF! | G70: FECHA:
B72: #REF!
B75: I. MATERIAL PUESTO EN OBRA
B76: DESCRIPCIÓN | D76: UNIDAD | E76: CANT. | F76: DESPER | G76: VR. UNIDAD | H76: VR. PARCIAL
H77: =G77*(F77+1)*E77 -> 0
H78: =G78*(F78+1)*E78 -> 0
H79: =G79*(F79+1)*E79 -> 0
B80: Sub-total | H80: =ROUND(SUM(H77:H79),2) -> 0
B81: II. HERRAMIENTA Y EQUIPO
B82: DESCRIPCIÓN | D82: UNIDAD | E82: CANT. | F82: RENDIMIENTO | G82: VR. UNIDAD | H82: VR. PARCIAL
H83: =E83*F83*G83 -> 0
B84: Herramienta menor | D84: (% m.o) | E84: 0.05 | F84: 1 | G84: =H93 -> 25377 | H84: =E84*F84*G84 -> 1268.85
H85: =E85*F85*G85 -> 0
B86: Sub-total | H86: =ROUND(SUM(H83:H85),2) -> 1268.85
B87: III. MANO DE OBRA
B88: DESCRIPCIÓN | D88: UNIDAD | E88: CANT. | F88: RENDIMIENTO | G88: VR. UNIDAD | H88: VR. PARCIAL
H89: =E89*F89*G89 -> 0
H90: =E90*F90*G90 -> 0
B91: Ayudante | D91: día | E91: 1 | F91: 0.33 | G91: 76900 | H91: =E91*F91*G91 -> 25377
H92: =E92*F92*G92 -> 0
B93: Sub-total | H93: =ROUND(SUM(H89:H92),2) -> 25377
B94: IV. TRANSPORTE
B95: DESCRIPCIÓN | E95: UNIDAD | F95: CANT. | G95: VR. UNIDAD | H95: VR. PARCIAL
H96: =G96*F96 -> 0
H97: =G97*F97 -> 0
B98: Sub-total | H98: =ROUND(SUM(H96:H97),2) -> 0
E100: TOTAL COSTO DIRECTO | H100: =ROUND(H98+H93+H86+H80,0) -> 26646 | K100: 23212.35
B103: ANÁLISIS DE PRECIOS UNITARIOS
B105: PROYECTO U OBRA:
B106: ESCUELA LA ESMERALDA
B107: Í T E M No. | C107: #REF! | D107: UNIDAD DE MEDIDA: | F107: #REF! | G107: FECHA:
B109: #REF!
B112: I. MATERIAL PUESTO EN OBRA
B113: DESCRIPCIÓN | D113: UNIDAD | E113: CANT. | F113: DESPER | G113: VR. UNIDAD | H113: VR. PARCIAL
H114: =G114*(F114+1)*E114 -> 0
H115: =G115*(F115+1)*E115 -> 0
H116: =G116*(F116+1)*E116 -> 0
B117: Sub-total | H117: =ROUND(SUM(H114:H116),2) -> 0
B118: II. HERRAMIENTA Y EQUIPO
B119: DESCRIPCIÓN | D119: UNIDAD | E119: CANT. | F119: RENDIMIENTO | G119: VR. UNIDAD | H119: VR. PARCIAL
H120: =E120*F120*G120 -> 0
B121: Herramienta menor | D121: (% m.o) | E121: 0.05 | F121: 1 | G121: =H131 -> 38450 | H121: =E121*F121*G121 -> 1922.5
H123: =E123*F123*G123 -> 0
B124: Sub-total | H124: =ROUND(SUM(H120:H123),2) -> 1922.5
B125: III. MANO DE OBRA
B126: DESCRIPCIÓN | D126: UNIDAD | E126: CANT. | F126: RENDIMIENTO | G126: VR. UNIDAD | H126: VR. PARCIAL
H127: =E127*F127*G127 -> 0
...

Sheet INSUMOS
B2: =+#REF! -> #REF!
B3: INSUMOS
B4: MATERIALES | C4: UN | D4: VALOR CON IVA O CON PS
B5: COMBUSTIBLES - ADITIVOS - PINTURAS
B6: Ácido muriático | C6: lt | D6: 2115
B7: ACPM | C7: gal | D7: 8372
B8: Aditivo Sikadur 32 primer o similar | C8: kg | D8: 107900
B9: Agua | C9: lt | D9: 12
B10: Boquilla - color blanco/beige | C10: kg | D10: 4800
B11: Boquilla - color blanco/beige (5 kg) | C11: un | D11: 23500
B12: Cal hidratada | C12: kg | D12: 1100
B13: Gasolina corriente | C13: gal | D13: 8382
B14: Kit para pintura 3 piezas | C14: un | D14: 35200
B15: Limpiador PVC 300 gramos (1/8 gal) o similar | C15: un | D15: 27664
B16: Limpiador PVC 760 gramos (1/4 gal) o similar | C16: un | D16: 50901
B17: Lubricante de silicona para accesorios Raingo o similar | C17: un | D17: 6627
... B46: Zócalo media caña tipo C | C46: ml | D46: 87000
B47: CUBIERTAS - ACCESORIOS - SOPORTES
B48: Anclaje a cubierta x 100u | C48: un | D48: 239
B49: Caballete para cubierta Ecoroof 37 UPC 2,5 mm blanco de 1.07 mt | C49: un | D49: 59000
B50: Canal plástico tipo Raingo o similar | C50: m | D50: 17633
B51: Canal - unión | C51: un | D51: 8400
B52: Canal - unión canal a bajante | C52: un | D52: 6700
B53: Canal - soporte de canal | C53: un | D53: 2200
B54: Canal - soporte bajante | C54: un | D54: 2943
B55: Canal - soporte canal | C55: un | D55: 2782
B56: Canal - tapa externa canal Raingo | C56: un | D56: 7400
B57: Canal - tapa interna canal Raingo | C57: un | D57: 4400
B58: Canal - bajante tradicional Pavco o similar, extremo liso | C58: m | D58: 29121
B59: Canal - codo bajante | C59: un | D59: 9143
... B78: Teja Termoacustica Ecoroof Asa 37 UPVC 2.5mm Azul 1.07 x 5.9 Mts | C78: m2 | D78: 80000
B79: Teja termoacústica Ecoroof UPVC 2.3mm | C79: m2 | D79: 65300 | E79: 30476
B80: Teja ondulada fibrocemento perfil 7 n°8 2,44x0,92 | C80: m2 | D80: 37600
B81: Tornillo c12 2.5" | C81: un | D81: 964
B82: Tubería metálica 100x100x4mm * 6 mts | C82: m | D82: 69563
B83: Wash primer negro | C83: gal | D83: 135900
B84: Ruana en lamina cal.26 | C84: m | D84: 12645
B85: Teja traslucida perfil 7 2.44x0.87 m | C85: und | D85: 130000
B86: INSTALACIONES ELÉCTRICAS - ACCESORIOS
B87: Alambre nro 12 THHN | C87: m | D87: 1769
B88: Alambre recocido (alambre cal 18) | C88: kg | D88: 2668
B89: Varilla, conector y cable para instalación de polo a tierra | C89: un | D89: 67387
B90: Breaker de 1x20A enchufable | C90: un | D90: 8500
B91: Breaker de 1x30A enchufable | C91: un | D91: 8900
B92: Cable antifraude N° 8 | C92: m | D92: 16000
B93: Cable de cobre 3 x12 AWG-Cu-THHN-THWN 90°c | C93: m | D93: 6500
B94: Cable encauchetado 3x12 AWG | C94: m | D94: 6500
B95: Caja para contador eléctrico | C95: un | D95: 32000
B96: Caja sencilla PVC con suplemento | C96: un | D96: 2160
B97: Caja doble PVC con suplemento | C97: un | D97: 3228
B98: Caja octogonal 100*100*47 mm | C98: un | D98: 1400
... B117: Diseño de mezclas de concreto, dos agregados | C117: un | D117: 636414.38
B118: ENSAYOS DE LABORATORIO
B119: Diseño de mezclas de concreto para resistencia adicional | C119: un | D119: 148044.33
B120: Prueba de resistencia - fallo de cilindros | C120: un | D120: 35000
B121: Ensayo Proctor modificado | C121: un | D121: 116176.13
B122: Ensayo densidades de campo | C122: un | D122: 42221.2
B123: Apique exploratorio excavado manualmente | C123: m | D123: 113050
B124: Prueba de resistencia ensayos a la compresión (concretos) | C124: un | D124: 8330
B125: Desinfección de Tubería y prueba hidrostática | C125: m | D125: 10000
B126: Prueba hidrostática | C126: m | D126: 584
B127: Ensayo de percolación de suelos o infiltración directo | C127: un | D127: 297500
B128: EQUIPOS Y MAQUINARIAS
B129: Apisonador manual | C129: día | D129: 4284
B130: Vibrocompactador tipo rana | C130: día | D130: 29750
B131: Vibrocompactador tipo canguro | C131: día | D131: 44030
B132: Bomba a gasolina 2'' (succión) | C132: día | D132: 28582
B133: Can madera común (4*20 cm) de 2.80-3.00 m | C133: un | D133: 15000
B134: Can madera común zunchado (4*20 cm) de 2.80-3.00 m | C134: un | D134: 15500
B135: Can madera común (5*20 cm) de 2.80-3.00 m | C135: un | D135: 20500
B136: Can madera alquiler | C136: día | D136: 400
B137: Compactador de placa - canguro | C137: hora | D137: 6693.75
B138: Concretadora de 1,5 sacos eléctrica | C138: día | D138: 30940
B139: Concretadora de 1,5 sacos gasolina | C139: día | D139: 35700
B140: Concretadora eléctrica 1 saco | C140: día | D140: 23800
... B163: Volqueta | C163: hora | D163: 62500
B164: HIDRANTES
B165: Hidrante tipo Milán EB de 3'' | C165: un | D165: 1900000
B166: Hidrante tipo Milán JH de 3'' | C166: un | D166: 2106000
B167: Herramienta y equipo menor | C167: % | D167: 0.05
B168: MATERIALES DE PATIO - MAMPOSTERÍA - MUEBLES - GRIFERÍA
B169: Accesorios cerámicos para baño (juego x 3) | C169: un | D169: 35900
B170: Angulo de acero de 2"x2"x1/4" | C170: m | D170: 21283
B171: Angulo de acero de 2-1/2"x2-1/2"x1/4" | C171: m | D171: 29492
B172: Arena triturada para concreto | C172: m3 | D172: 120000
B173: Arena de pega | C173: m3 | D173: 45000
B174: Arena de revoque | C174: m3 | D174: 130000
B175: Arenilla | C175: m3 | D175: 35000
B176: Baldos antideslizante para piso 20x20, blanco | C176: m2 | D176: 20500
B177: Baldosa tipo egeo piso-pared blanco 20x20 | C177: m2 | D177: 15900
B178: Base granular 1.1/2'' | C178: m3 | D178: 42000
B179: Base granular norma invias | C179: m3 | D179: 42000
B180: Bloque calado 10x20x20 | C180: un | D180: 1854
... B288: Angulo de 3"x1/4"x6 m | C288: un | D288: 151384.66
B289: ACOMETIDA ACUEDUCTO - ACCESORIOS
B290: Adaptador hembra PF 1/2'' | C290: un | D290: 2631
B291: Adaptador macho PF+UAD 1/2'' | C291: un | D291: 2578
B292: Unión PF+UAD 1/2'' | C292: un | D292: 4525
B293: Codo 90 PF+UAD 1/2'' | C293: un | D293: 3857
B294: Caja micromedidor | C294: un | D294: 25500
...

Sheet POLIZA INTERV
B2: DEPARTAMENTO DE ANTIOQUIA
B3: =+#REF! -> #REF!
B4: INTERVENTORÍA TÉCNICA, ADMINISTRATIVA, FINANCIERA, LEGAL Y AMBIENTAL PARA EL MEJORAMIENTO Y ADECUACIÓN DE INFRAESTRUCTURA EDUCATIVA DEL
B6: CÁLCULO DE PÓLIZAS DE INTERVENTORÍA
B8: VALOR DEL CONTRATO ( $ ) | C8: =+'FORM-INTER'!I27 -> 78161341 | D8: =+IFERROR(C8/C19,"") -> 54.907862
B9: PLAZO DEL CONTRATO | C9: =+'FORM-INTER'!I8/30 -> 6 | D9: =+IFERROR(C9*30,"") -> 180 | I9: Ajustar el plazo del contrato, considerando el tiempo de liquidacion.
B10: ANTICIPO | C10: 0 | D10: =+IFERROR(C10*C8,"") -> 0 | I10: DIGITE EL VALOR DE ANTICIPO A OTORGAR
B12: TIPO DE GARANTÍA | C12: VALOR ASEGURADO | F12: COBERTURA ( DÍAS ) | G12: TASA ANUAL | H12: PRIMA
C13: % | D13: BASE | E13: VALOR
B14: CUMPLIMIENTO | C14: 0.2 | D14: =+$C$8 -> 78161341 | E14: =+IFERROR(C14*D14,"") -> 15632268 | F14: =+IFERROR($D$9+180,"") -> 360 | G14: 0.002 | H14: =+IFERROR(G14*E14*F14/360,"") -> 31264.536 | I14: =+"EL % DEL VALOR ASEGURADO NO DEBE SER MENOR AL "&C14*100&"%"&" DEL VALOR DEL CONTRATO" -> EL % DEL VALOR ASEGURADO NO DEBE SER MENOR AL 20% DEL VALOR DEL CONTRATO
B15: BUEN MANEJO Y CORRECTA INVERSIÓN DEL ANTICIPO | C15: 1 | D15: =+$D$10 -> 0 | E15: =+IFERROR(C15*D15,"") -> 0 | F15: =+IFERROR($D$9+180,"") -> 360 | G15: 0.0015 | H15: =+IFERROR(G15*E15*F15/360,"") -> 0 | I15: =+"EL % DEL VALOR ASEGURADO NO DEBE SER MENOR AL "&C15*100&"%"&" DEL VALOR DEL ANTICIPO" -> EL % DEL VALOR ASEGURADO NO DEBE SER MENOR AL 100% DEL VALOR DEL ANTICIPO
B16: SALARIOS Y PRESTACIONES SOCIALES | C16: 0.2 | D16: =+$C$8 -> 78161341 | E16: =+IFERROR(C16*D16,"") -> 15632268 | F16: =+IFERROR($D$9+1080,"") -> 1260 | G16: 0.0015 | H16: =+IFERROR(G16*E16*F16/360,"") -> 82069.408 | I16: =+"EL % DEL VALOR ASEGURADO NO DEBE SER MENOR AL "&C16*100&"%"&" DEL VALOR DEL CONTRATO" -> EL % DEL VALOR ASEGURADO NO DEBE SER MENOR AL 20% DEL VALOR DEL CONTRATO
B17: CALIDAD DEL SERVICIO | C17: 0.2 | D17: =+$C$8 -> 78161341 | E17: =+IFERROR(C17*D17,"") -> 15632268 | F17: =+IF($C$8="","",1800) -> 1800 | G17: 0.0022 | H17: =+IFERROR(G17*E17*F17/360,"") -> 171954.95 | I17: =+"EL % DEL VALOR ASEGURADO NO DEBE SER MENOR AL "&C17*100&"%"&" DEL VALOR DEL CONTRATO" -> EL % DEL VALOR ASEGURADO NO DEBE SER MENOR AL 20% DEL VALOR DEL CONTRATO
B18: DECRETO 1082 SMMLV RESPONSABILIDAD CIVIL | C18: SMMLV | D18: MONTO ASEGURABLE | F18: PLAZO MESES | G18: TASA ANUAL | H18: PRIMA
B19: =IF(C8="","",IF(D8<=1500,200,IF(D8<=2500,300,IF(D8<=5000,400,IF(D8<=10000,500,"5%"))))) -> 200 | C19: 1423500 | D19: =+IFERROR(IF(D8>10000,D8+5%,B19*C19),"") -> 284700000 | F19: =+$C$9 -> 6 | G19: 0.002 | H19: =+IFERROR(G19*F19*D19/12,"") -> 284700
B20: SUBTOTAL PRIMA | H20: =ROUND(IF(SUM(H14:H17,H19)=0,"",SUM(H14:H17,H19)),0) -> 569989
B21: GASTOS DE EXPEDICIÓN | H21: =+IF(H20="","",20000) -> 20000
B22: I.V.A. | H22: =ROUND(IFERROR((H20+H21)*0.19,""),0) -> 112098
B23: TOTAL POLIZAS | H23: =ROUND(IF(H20="","",SUM(H20:H22)),0) -> 702087
B24: % DEL COSTO DIRECTO DEL PERSONAL | H24: =+IFERROR(ROUND(H23/#REF!,4),"")
H25: 0.018025794

Sheet APU OCU
B1: ANALISIS DE PRECIOS UNITARIOS I.E. ESCUELA NORMAL SUPERIOR
B4: ANÁLISIS DE PRECIOS UNITARIOS
B6: PROYECTO U OBRA:
B7: I.E. ESCUELA NORMAL SUPERIOR
B8: Í T E M No. | C8: =+#REF! -> #REF! | D8: UNIDAD DE MEDIDA: | F8: =+#REF! -> #REF! | G8: FECHA:
B10: =+#REF! -> #REF!
B13: I. MATERIAL PUESTO EN OBRA
B14: DESCRIPCIÓN | D14: UNIDAD | E14: CANT. | F14: DESPER | G14: VR. UNIDAD | H14: VR. PARCIAL
H15: =G15*(F15+1)*E15 -> 0
H16: =G16*(F16+1)*E16 -> 0
H17: =G17*(F17+1)*E17 -> 0
B18: Sub-total | H18: =ROUND(SUM(H15:H17),2) -> 0
B19: II. HERRAMIENTA Y EQUIPO
B20: DESCRIPCIÓN | D20: UNIDAD | E20: CANT. | F20: RENDIMIENTO | G20: VR. UNIDAD | H20: VR. PARCIAL
H21: =E21*F21*G21 -> 0
B22: Herramienta menor | D22: (% m.o) | E22: 0.05 | F22: 1 | G22: =H31 -> 21054 | H22: =E22*F22*G22 -> 1052.7
H23: =E23*F23*G23 -> 0
B24: Sub-total | H24: =ROUND(SUM(H21:H23),2) -> 1052.7
B25: III. MANO DE OBRA
B26: DESCRIPCIÓN | D26: UNIDAD | E26: CANT. | F26: RENDIMIENTO | G26: VR. UNIDAD | H26: VR. PARCIAL
H27: =E27*F27*G27 -> 0
B28: Oficial | D28: día | G28: 102080 | H28: =E28*F28*G28 -> 0
B29: Ayudante | D29: día | E29: 1 | F29: 0.33 | G29: 63800 | H29: =E29*F29*G29 -> 21054
H30: =E30*F30*G30 -> 0
B31: Sub-total | H31: =ROUND(SUM(H27:H30),2) -> 21054
B32: IV. TRANSPORTE
B33: DESCRIPCIÓN | E33: UNIDAD | F33: CANT. | G33: VR. UNIDAD | H33: VR. PARCIAL
H34: =G34*F34 -> 0
H35: =G35*F35 -> 0
B36: Sub-total | H36: =ROUND(SUM(H34:H35),2) -> 0
E38: TOTAL COSTO DIRECTO | H38: =ROUND(H36+H31+H24+H18,0) -> 22107
B41: ANÁLISIS DE PRECIOS UNITARIOS
B43: PROYECTO U OBRA:
B44: I.E. ESCUELA NORMAL SUPERIOR
B45: Í T E M No. | C45: =+#REF! -> #REF! | D45: UNIDAD DE MEDIDA: | F45: =+#REF! -> #REF! | G45: FECHA:
B47: =+#REF! -> #REF!
B50: I. MATERIAL PUESTO EN OBRA
B51: DESCRIPCIÓN | D51: UNIDAD | E51: CANT. | F51: DESPER | G51: VR. UNIDAD | H51: VR. PARCIAL
H52: =G52*(F52+1)*E52 -> 0
H53: =G53*(F53+1)*E53 -> 0
H54: =G54*(F54+1)*E54 -> 0
B55: Sub-total | H55: =ROUND(SUM(H52:H54),2) -> 0
B56: II. HERRAMIENTA Y EQUIPO
B57: DESCRIPCIÓN | D57: UNIDAD | E57: CANT. | F57: RENDIMIENTO | G57: VR. UNIDAD | H57: VR. PARCIAL
H58: =E58*F58*G58 -> 0
B59: Herramienta menor | D59: (% m.o) | E59: 0.05 | F59: 1 | G59: =H69 -> 1658.8 | H59: =E59*F59*G59 -> 82.94
B60: Cuerpo de andamio | D60: día | E60: 6 | F60: 0.1 | G60: 740 | H60: =E60*F60*G60 -> 444
H61: =E61*F61*G61 -> 0
B62: Sub-total | H62: =ROUND(SUM(H58:H61),2) -> 526.94
B63: III. MANO DE OBRA
B64: DESCRIPCIÓN | D64: UNIDAD | E64: CANT. | F64: RENDIMIENTO | G64: VR. UNIDAD | H64: VR. PARCIAL
H65: =E65*F65*G65 -> 0
B66: Oficial | D66: día | E66: 1 | F66: 0.01 | G66: 102080 | H66: =E66*F66*G66 -> 1020.8
B67: Ayudante | D67: día | E67: 1 | F67: 0.01 | G67: 63800 | H67: =E67*F67*G67 -> 638
H68: =E68*F68*G68 -> 0
B69: Sub-total | H69: =ROUND(SUM(H65:H68),2) -> 1658.8
B70: IV. TRANSPORTE
B71: DESCRIPCIÓN | E71: UNIDAD | F71: CANT. | G71: VR. UNIDAD | H71: VR. PARCIAL
B72: Trasporte para recuperación de los materiales | E72: m2 | F72: 1 | G72: 350 | H72: =G72*F72 -> 350
B73: Botada de escombros | E73: m3 | F73: 0.05 | G73: 35000 | H73: =G73*F73 -> 1750
H74: =G74*F74 -> 0
B75: Sub-total | H75: =ROUND(SUM(H72:H74),2) -> 2100
E77: TOTAL COSTO DIRECTO | H77: =ROUND(H75+H69+H62+H55,0) -> 4286
B80: ANÁLISIS DE PRECIOS UNITARIOS
B82: PROYECTO U OBRA:
B83: I.E. ESCUELA NORMAL SUPERIOR
B84: Í T E M No. | C84: =+#REF! -> #REF! | D84: UNIDAD DE MEDIDA: | F84: =+#REF! -> #REF! | G84: FECHA:
B86: =+#REF! -> #REF!
B89: I. MATERIAL PUESTO EN OBRA
B90: DESCRIPCIÓN | D90: UNIDAD | E90: CANT. | F90: DESPER | G90: VR. UNIDAD | H90: VR. PARCIAL
H91: =G91*(F91+1)*E91 -> 0
H92: =G92*(F92+1)*E92 -> 0
H93: =G93*(F93+1)*E93 -> 0
B94: Sub-total | H94: =ROUND(SUM(H91:H93),2) -> 0
B95: II. HERRAMIENTA Y EQUIPO
B96: DESCRIPCIÓN | D96: UNIDAD | E96: CANT. | F96: RENDIMIENTO | G96: VR. UNIDAD | H96: VR. PARCIAL
H97: =E97*F97*G97 -> 0
B98: Herramienta menor | D98: (% m.o) | E98: 0.05 | F98: 1 | G98: =+H108 -> 3190 | H98: =E98*F98*G98 -> 159.5
B99: Martillo demoledor | D99: día | E99: 1 | F99: 0.05 | G99: 50000 | H99: =E99*F99*G99 -> 2500
H100: =E100*F100*G100 -> 0
B101: Sub-total | H101: =ROUND(SUM(H97:H100),2) -> 2659.5
B102: III. MANO DE OBRA
B103: DESCRIPCIÓN | D103: UNIDAD | E103: CANT. | F103: RENDIMIENTO | G103: VR. UNIDAD | H103: VR. PARCIAL
H104: =E104*F104*G104 -> 0
B105: Oficial | D105: día | E105: 0 | F105: 0 | G105: 102080 | H105: =E105*F105*G105 -> 0
B106: Ayudante | D106: día | E106: 1 | F106: 0.05 | G106: 63800 | H106: =+E106*F106*G106 -> 3190
H107: =E107*F107*G107 -> 0
B108: Sub-total | H108: =ROUND(SUM(H104:H107),2) -> 3190
B109: IV. TRANSPORTE
B110: DESCRIPCIÓN | E110: UNIDAD | F110: CANT. | G110: VR. UNIDAD | H110: VR. PARCIAL
B111: Botada de escombros | E111: m3 | F111: 0.15 | G111: 35000 | H111: =G111*F111 -> 5250
H112: =G112*F112 -> 0
B113: Sub-total | H113: =ROUND(SUM(H111:H112),2) -> 5250
E115: TOTAL COSTO DIRECTO | H115: =ROUND(H113+H108+H101+H94,0) -> 11100
B118: ANÁLISIS DE PRECIOS UNITARIOS
B120: PROYECTO U OBRA:
B121: I.E. ESCUELA NORMAL SUPERIOR
B122: Í T E M No. | C122: =+#REF! -> #REF! | D122: UNIDAD DE MEDIDA: | F122: =+#REF! -> #REF! | G122: FECHA:
B124: =+#REF! -> #REF!
B127: I. MATERIAL PUESTO EN OBRA
...
